Workbook

Sheet Classif Prog-Admin-Eco
AL2: =AH7+AH40+AH44+AQ1347 -> 8920555 | AN2: =AM44-AD44 -> 0 | AP2: =AM123-AD123 -> -21296421 | AS2: =AE44-AN44 -> 0
AZ3: (en milliers de francs CFA)
C4: 2022 | K4: 2023 | T4: 2024 | AC4: 2025 | AL4: 2026 | AU4: 2027 | BD4: 2028
K5: DEPENSES ORDINAIRES | O5: DEPENSES EN CAPITAL | T5: DEPENSES ORDINAIRES | X5: DEPENSES EN CAPITAL | AC5: DEPENSES ORDINAIRES | AG5: DEPENSES EN CAPITAL | AL5: DEPENSES ORDINAIRES | AP5: DEPENSES EN CAPITAL | AU5: DEPENSES ORDINAIRES | AY5: DEPENSES EN CAPITAL | BD5: DEPENSES ORDINAIRES | BH5: DEPENSES EN CAPITAL
A6: Code Prog. | B6: Ministère /Programme/Dotation | C6: Dépenses de personnel | D6: Dépenses d'acquisitions de biens et services | E6: Dépenses de transfert | F6: Total dépenses ordinaires (a) | G6: Ressources Intérieures | H6: Ressources extérieures | I6: Total dépenses en capital (b) | J6: Total des Prévisions | K6: Dépenses de personnel | L6: Dépenses d'acquisitions de biens et services | M6: Dépenses de transfert | N6: Total dépenses ordinaires (a) | O6: Ressources Intérieures | P6: Ressources extérieures (dons) | Q6: Ressources extérieures (prêts) | R6: Total dépenses en capital (b) | S6: Total des Prévisions | T6: Dépenses de personnel | U6: Dépenses d'acquisitions de biens et services | V6: Dépenses de transfert | W6: Total dépenses ordinaires (a) | X6: Ressources Intérieures | Y6: Ressources extérieures (dons) | Z6: Ressources extérieures (prêts) | AA6: Total dépenses en capital (b) | AB6: Total des Prévisions | AC6: Dépenses de personnel | AD6: Dépenses d'acquisitions de biens et services | AE6: Dépenses de transfert | AF6: Total dépenses ordinaires (a) | AG6: Ressources Intérieures | AH6: Ressources extérieures (dons) | AI6: Ressources extérieures (prêts) | AJ6: Total dépenses en capital (b) | AK6: Total des Prévisions | AL6: Dépenses de personnel | AM6: Dépenses d'acquisitions de biens et services | AN6: Dépenses de transfert | AO6: Total dépenses ordinaires (a) | AP6: Ressources Intérieures | AQ6: Ressources extérieures (dons) | AR6: Ressources extérieures (prêts) | AS6: Total dépenses en capital (b) | AT6: Total des Prévisions | AU6: Dépenses de personnel | AV6: Dépenses d'acquisitions de biens et services | AW6: Dépenses de transfert | AX6: Total dépenses ordinaires (a) | AY6: Ressources Intérieures | AZ6: Ressources extérieures (dons) | BA6: Ressources extérieures (prêts) | BB6: Total dépenses en capital (b) | BC6: Total des Prévisions | BD6: Dépenses de personnel | BE6: Dépenses d'acquisitions de biens et services | BF6: Dépenses de transfert | BG6: Total dépenses ordinaires (a) | BH6: Ressources Intérieures | BI6: Ressources extérieures (dons) | BJ6: Ressources extérieures (prêts) | BK6: Total dépenses en capital (b) | BL6: Total des Prévisions
A7: MINISTERE DU DEVELOPPEMENT ET DE LA COORDINATION DE L'ACTION GOUVERNEMENTALE | C7: =C8+C9 -> 1117950.4 | D7: =D8+D9 -> 2480961.2 | E7: =E8+E9 -> 331003.83 | F7: =F8+F9 -> 3929915.4 | G7: =G8+G9 -> 450000 | H7: =H8+H9 -> 283480.07 | I7: =G7+H7 -> 733480.07 | J7: =F7+I7 -> 4663395.5 | K7: =K8+K9 -> 1819885.7 | L7: =L8+L9 -> 2311320.6 | M7: =M8+M9 -> 361951.4 | N7: =K7+L7+M7 -> 4493157.7 | O7: =O8+O9 -> 895454.5 | P7: =P8+P9 -> 0 | Q7: =Q8+Q9 -> 0 | R7: =O7+P7+Q7 -> 895454.5 | S7: =S8+S9 -> 5388612.2 | T7: =T8+T9 -> 1743056.2 | U7: =U8+U9 -> 2357445.4 | V7: =V8+V9 -> 675068.36 | W7: =T7+U7+V7 -> 4775569.9 | X7: =X8+X9 -> 2172727 | Y7: =Y8+Y9 -> 0 | Z7: =Z8+Z9 -> 0 | AA7: =X7+Y7+Z7 -> 2172727 | AB7: =W7+AA7 -> 6948296.9 | AC7: =AC8+AC9 -> 1955707 | AD7: =AD8+AD9 -> 2814355 | AE7: =AE8+AE9 -> 931257 | AF7: =AC7+AD7+AE7 -> 5701319 | AG7: =AG8+AG9 -> 2309091 | AH7: =AH8+AH9 -> 0 | AI7: =AI8+AI9 -> 0 | AJ7: =AG7+AH7+AI7 -> 2309091 | AK7: =AF7+AG7 -> 8010410 | AL7: =AL8+AL9 -> 1809949 | AM7: =AM8+AM9 -> 2748795 | AN7: =AN8+AN9 -> 996817 | AO7: =AL7+AM7+AN7 -> 5555561 | AP7: =AP8+AP9 -> 3099520 | AQ7: =AQ8+AQ9 -> 0 | AR7: =AR8+AR9 -> 0 | AS7: =AP7+AQ7+AR7 -> 3099520 | AT7: =AO7+AS7 -> 8655081 | AU7: =AU8+AU9 -> 1872545 | AV7: =AV8+AV9 -> 2748795 | AW7: =AW8+AW9 -> 996817 | AX7: =AU7+AV7+AW7 -> 5618157 | AY7: =AY8+AY9 -> 2500000 | AZ7: =AZ8+AZ9 -> 0 | BA7: =BA8+BA9 -> 0 | BB7: =AY7+AZ7+BA7 -> 2500000 | BC7: =AX7+BB7 -> 8118157 | BD7: =BD8+BD9 -> 1940909 | BE7: =BE8+BE9 -> 2748795 | BF7: =BF8+BF9 -> 996817 | BG7: =BD7+BE7+BF7 -> 5686521 | BH7: =BH8+BH9 -> 3209091 | BI7: =BI8+BI9 -> 0 | BJ7: =BJ8+BJ9 -> 0 | BK7: =BH7+BI7+BJ7 -> 3209091 | BL7: =BG7+BK7 -> 8895612
A8: 015 | B8: Pilotage et soutien aux services du MDC | C8: ='[1]Classification prog-économique'!$D$5*1000 -> 994504.31 | D8: ='[2]Classification prog-économique'!$G$5*1000 -> 2325265.2 | E8: ='[2]Classification prog-économique'!$J$5*1000 -> 128066.83 | F8: =C8+D8+E8 -> 3447836.3 | G8: ='[2]Classification prog-économique'!$P$5*1000 -> 0 | H8: ='[2]Classification prog-économique'!$S$5*1000 -> 0 | I8: 0 | J8: =F8+I8 -> 3447836.3 | K8: ='[3]Classification programmatique'!$D$5*1000 -> 1148065.3 | L8: ='[3]Classification programmatique'!$G$5*1000 -> 2066311.5 | M8: ='[3]Classification programmatique'!$J$5*1000 -> 116481.4 | N8: =K8+L8+M8 -> 3330858.3 | O8: 0 | P8: 0 | Q8: 0 | R8: =O8+P8+Q8 -> 0 | S8: =N8+R8 -> 3330858.3 | T8: ='[4]Classification programmatique'!$D$5*1000 -> 1240625.5 | U8: ='[4]Classification programmatique'!$G$5*1000 -> 1926697.2 | V8: ='[4]Classification programmatique'!$J$5*1000 -> 329598.36 | W8: =SUM(T8:V8) -> 3496921.1 | X8: 0 | Y8: 0 | Z8: 0 | AA8: =X8+Y8+Z8 -> 0 | AB8: =W8+AA8 -> 3496921.1 | AC8: 1339732 | AD8: 2258327 | AE8: 485787 | AF8: =SUM(AC8:AE8) -> 4083846 | AG8: 0 | AH8: 0 | AI8: 0 | AJ8: =AG8+AH8+AI8 -> 0 | AK8: =AF8+AJ8 -> 4083846 | AL8: 1237728 | AM8: 2170767 | AN8: 551347 | AO8: =SUM(AL8:AN8) -> 3959842 | AP8: 0 | AQ8: 0 | AR8: 0 | AS8: =AP8+AQ8+AR8 -> 0 | AT8: =AO8+AS8 -> 3959842 | AU8: 1279815 | AV8: 2170767 | AW8: 551347 | AX8: =AU8+AV8+AW8 -> 4001929 | AY8: 0 | AZ8: 0 | BA8: 0 | BB8: =AY8+AZ8+BA8 -> 0 | BC8: =AX8+BB8 -> 4001929 | BD8: 1325780 | BE8: 2170767 | BF8: 551347 | BG8: =BD8+BE8+BF8 -> 4047894 | BH8: 0 | BI8: 0 | BJ8: 0 | BK8: =BH8+BI8+BJ8 -> 0 | BL8: =BG8+BK8 -> 4047894
A9: 016 | B9: Orientation et évaluation des politiques de développement | C9: ='[2]Classification prog-économique'!$D$6*1000 -> 123446.09 | D9: ='[2]Classification prog-économique'!$G$6*1000 -> 155695.95 | E9: ='[2]Classification prog-économique'!$J$6*1000 -> 202937 | F9: =C9+D9+E9 -> 482079.04 | G9: ='[2]Classification prog-économique'!$P$6*1000 -> 450000 | H9: ='[2]Classification prog-économique'!$S$6*1000 -> 283480.07 | I9: =G9+H9 -> 733480.07 | J9: =F9+I9 -> 1215559.1 | K9: ='[3]Classification programmatique'!$D$6*1000 -> 671820.35 | L9: ='[3]Classification programmatique'!$G$6*1000 -> 245009.09 | M9: ='[3]Classification programmatique'!$J$6*1000 -> 245470 | N9: =K9+L9+M9 -> 1162299.4 | O9: ='[3]Classification programmatique'!$P$6*1000 -> 895454.5 | P9: 0 | Q9: 0 | R9: =O9+P9+Q9 -> 895454.5 | S9: =N9+R9 -> 2057753.9 | T9: ='[4]Classification programmatique'!$D$6*1000 -> 502430.63 | U9: ='[4]Classification programmatique'!$G$6*1000 -> 430748.13 | V9: ='[4]Classification programmatique'!$J$6*1000 -> 345470 | W9: =SUM(T9:V9) -> 1278648.8 | X9: ='[4]Classification programmatique'!$P$6*1000 -> 2172727 | Y9: ='[4]Classification programmatique'!$S$6*1000 -> 0 | Z9: 0 | AA9: =X9+Y9+Z9 -> 2172727 | AB9: =W9+AA9 -> 3451375.8 | AC9: 615975 | AD9: 556028 | AE9: 445470 | AF9: =SUM(AC9:AE9) -> 1617473 | AG9: 2309091 | AH9: 0 | AI9: 0 | AJ9: =AG9+AH9+AI9 -> 2309091 | AK9: =AF9+AJ9 -> 3926564 | AL9: 572221 | AM9: ='[5]TMC Prog-Eco'!$D$7 -> 578028 | AN9: 445470 | AO9: =SUM(AL9:AN9) -> 1595719 | AP9: ='[5]TMC Prog-Eco'!$H$7 -> 3099520 | AQ9: 0 | AR9: 0 | AS9: =AP9+AQ9+AR9 -> 3099520 | AT9: =AO9+AS9 -> 4695239 | AU9: 592730 | AV9: 578028 | AW9: 445470 | AX9: =AU9+AV9+AW9 -> 1616228 | AY9: 2500000 | AZ9: 0 | BA9: 0 | BB9: =AY9+AZ9+BA9 -> 2500000 | BC9: =AX9+BB9 -> 4116228 | BD9: 615129 | BE9: 578028 | BF9: 445470 | BG9: =BD9+BE9+BF9 -> 1638627 | BH9: 3209091 | BI9: 0 | BJ9: 0 | BK9: =BH9+BI9+BJ9 -> 3209091 | BL9: =BG9+BK9 -> 4847718
A10: MINISTERE DE LA JUSTICE ET DE LA LEGISLATION | C10: =C11+C12+C13+C14+C15 -> 7284190.8 | D10: =D11+D12+D13+D14+D15 -> 2465525.5 | E10: =E11+E12+E13+E14+E15 -> 10910858 | F10: =F11+F12+F13+F14+F15 -> 20660574 | G10: =G11+G12+G13+G14+G15 -> 5276186.2 | H10: =H11+H12+H13+H14+H15 -> 0 | I10: =G10+H10 -> 5276186.2 | J10: =F10+I10 -> 25936760 | K10: =K11+K12+K13+K14+K15 -> 8935643.8 | L10: =L11+L12+L13+L14+L15 -> 2542597.4 | M10: =M11+M12+M13+M14+M15 -> 11228790 | N10: =K10+L10+M10 -> 22707031 | O10: =O11+O12+O13+O14+O15 -> 4400000 | P10: =P11+P12+P13+P14+P15 -> 0 | Q10: =Q11+Q12+Q13+Q14+Q15 -> 0 | R10: =O10+P10+Q10 -> 4400000 | S10: =S11+S12+S13+S14+S15 -> 27107031 | T10: =T11+T12+T13+T14+T15 -> 10341344 | U10: =U11+U12+U13+U14+U15 -> 2461479.2 | V10: =V11+V12+V13+V14+V15 -> 10378981 | W10: =W11+W12+W13+W14+W15 -> 23181804 | X10: =X11+X12+X13+X14+X15 -> 11655000 | Y10: =Y11+Y12+Y13+Y14+Y15 -> 0 | Z10: =Z11+Z12+Z13+Z14+Z15 -> 0 | ... AN10: =AN11+AN12+AN13+AN14+AN15 -> 12419362 | AO10: =AL10+AM10+AN10 -> 30406598 | AP10: =AP11+AP12+AP13+AP14+AP15 -> 12827098 | AQ10: =AQ11+AQ12+AQ13+AQ14+AQ15 -> 0 | AR10: =AR11+AR12+AR13+AR14+AR15 -> 0 | AS10: =AS11+AS12+AS13+AS14+AS15 -> 12827098 | AT10: =AO10+AS10 -> 43233696 | AU10: =AU11+AU12+AU13+AU14+AU15 -> 13893018 | AV10: =AV11+AV12+AV13+AV14+AV15 -> 4676303 | AW10: =AW11+AW12+AW13+AW14+AW15 -> 12419362 | AX10: =AU10+AV10+AW10 -> 30988683 | AY10: =AY11+AY12+AY13+AY14+AY15 -> 12240647 | AZ10: =AZ11+AZ12+AZ13+AZ14+AZ15 -> 0 | BA10: =BA11+BA12+BA13+BA14+BA15 -> 0 | BB10: =AY10+AZ10+BA10 -> 12240647 | BC10: =AX10+BB10 -> 43229330 | BD10: =BD11+BD12+BD13+BD14+BD15 -> 14507870 | BE10: =BE11+BE12+BE13+BE14+BE15 -> 4676302 | BF10: =BF11+BF12+BF13+BF14+BF15 -> 12419362 | BG10: =BD10+BE10+BF10 -> 31603534 | BH10: =BH11+BH12+BH13+BH14+BH15 -> 14600000 | BI10: =BI11+BI12+BI13+BI14+BI15 -> 0 | BJ10: =BJ11+BJ12+BJ13+BJ14+BJ15 -> 0 | BK10: =BH10+BI10+BJ10 -> 14600000 | BL10: =BG10+BK10 -> 46203534
A11: 018 | B11: Pilotage et soutien aux services du MJL | C11: ='[2]Classification prog-économique'!$D$8*1000 -> 2999419.3 | D11: ='[2]Classification prog-économique'!$G$8*1000 -> 2184306.8 | E11: ='[2]Classification prog-économique'!$J$8*1000 -> 75000 | F11: =C11+D11+E11 -> 5258726.1 | G11: ='[2]Classification prog-économique'!$P$8*1000 -> 308619.22 | I11: =G11+H11 -> 308619.22 | J11: =F11+I11 -> 5567345.3 | K11: ='[3]Classification programmatique'!$D$8*1000 -> 1493544.6 | L11: ='[3]Classification programmatique'!$G$8*1000 -> 2271248.6 | M11: ='[3]Classification programmatique'!$J$8*1000 -> 139400 | N11: =K11+L11+M11 -> 3904193.1 | O11: 0 | P11: 0 | Q11: 0 | R11: =O11+P11+Q11 -> 0 | S11: =N11+R11 -> 3904193.1 | T11: ='[4]Classification programmatique'!$D$8*1000 -> 2060274.9 | U11: ='[4]Classification programmatique'!$G$8*1000 -> 2188135.3 | V11: 0 | W11: =SUM(T11:V11) -> 4248410.2 | X11: 0 | Y11: 0 | Z11: 0 | AA11: =X11+Y11+Z11 -> 0 | AB11: =W11+AA11 -> 4248410.2 | AC11: 1436019 | AD11: 3188930 | AE11: 0 | AF11: =SUM(AC11:AE11) -> 4624949 | AG11: 0 | AH11: 0 | AI11: 0 | AJ11: =AG11+AH11+AI11 -> 0 | AK11: =AF11+AJ11 -> 4624949 | AL11: ='[5]TMC Prog-Eco'!$C$9 -> 1633841.7 | AM11: ='[5]TMC Prog-Eco'!$D$9 -> 3921322.1 | AN11: 0 | AO11: =AL11+AM11+AN11 -> 5555163.8 | AP11: 0 | AQ11: 0 | AR11: 0 | AS11: =AP11+AQ11+AR11 -> 0 | AT11: =AO11+AS11 -> 5555163.8 | AU11: 1722152 | AV11: 3921322 | AW11: 0 | AX11: =AU11+AV11+AW11 -> 5643474 | AY11: 0 | AZ11: 0 | BA11: 0 | BB11: =AY11+AZ11+BA11 -> 0 | BC11: =AX11+BB11 -> 5643474 | BD11: 1815434 | BE11: 3921321 | BF11: 0 | BG11: =BD11+BE11+BF11 -> 5736755 | BH11: 0 | BI11: 0 | BJ11: 0 | BK11: =BH11+BI11+BJ11 -> 0 | BL11: =BG11+BK11 -> 5736755
A12: 019 | B12: Cadre législatif normatif et institutionnel | C12: ='[2]Classification prog-économique'!$D$9*1000 -> 416252.47 | D12: ='[2]Classification prog-économique'!$G$9*1000 -> 165575.98 | E12: ='[2]Classification prog-économique'!$J$9*1000 -> 85848.33 | F12: =C12+D12+E12 -> 667676.78 | G12: ='[2]Classification prog-économique'!$P$9 -> 0 | I12: =G12+H12 -> 0 | J12: =F12+I12 -> 667676.78 | K12: ='[3]Classification programmatique'!$D$9*1000 -> 635275.58 | L12: ='[3]Classification programmatique'!$G$9*1000 -> 165358.8 | M12: 0 | N12: =K12+L12+M12 -> 800634.38 | O12: 0 | P12: 0 | Q12: 0 | R12: =O12+P12+Q12 -> 0 | S12: =N12+R12 -> 800634.38 | T12: ='[4]Classification programmatique'!$D$9*1000 -> 526821.12 | U12: ='[4]Classification programmatique'!$G$9*1000 -> 173663.92 | V12: 0 | W12: =SUM(T12:V12) -> 700485.04 | X12: 0 | Y12: 0 | Z12: 0 | AA12: =X12+Y12+Z12 -> 0 | AB12: =W12+AA12 -> 700485.04 | AC12: 985306 | AD12: 225525 | AE12: 0 | AF12: =SUM(AC12:AE12) -> 1210831 | AG12: 0 | AH12: 0 | AI12: 0 | AJ12: =AG12+AH12+AI12 -> 0 | AK12: =AF12+AJ12 -> 1210831 | AL12: ='[5]TMC Prog-Eco'!$C$10 -> 1263724.3 | AM12: ='[5]TMC Prog-Eco'!$D$10 -> 225525 | AN12: 0 | AO12: =SUM(AL12:AN12) -> 1489249.3 | AP12: 0 | AQ12: 0 | AR12: 0 | AS12: =AP12+AQ12+AR12 -> 0 | AT12: =AO12+AS12 -> 1489249.3 | AU12: 1328528 | AV12: 225525 | AW12: 0 | AX12: =AU12+AV12+AW12 -> 1554053 | AY12: 0 | AZ12: 0 | BA12: 0 | BB12: =AY12+AZ12+BA12 -> 0 | BC12: =AX12+BB12 -> 1554053 | BD12: 1396980 | BE12: 225525 | BF12: 0 | BG12: =BD12+BE12+BF12 -> 1622505 | BH12: 0 | BI12: 0 | BJ12: 0 | BK12: =BH12+BI12+BJ12 -> 0 | BL12: =BG12+BK12 -> 1622505
A13: 020 | B13: Services judiciaires | C13: ='[2]Classification prog-économique'!$D$10*1000 -> 3754471.8 | D13: ='[2]Classification prog-économique'!$G$10*1000 -> 77725.826 | E13: ='[2]Classification prog-économique'!$J$10*1000 -> 2236295.5 | F13: =C13+D13+E13 -> 6068493.2 | G13: ='[2]Classification prog-économique'!$P$10*1000 -> 4128615 | H13: ='[2]Classification prog-économique'!$S$10*1000 -> 0 | I13: =G13+H13 -> 4128615 | J13: =F13+I13 -> 10197108 | K13: ='[3]Classification programmatique'!$D$10*1000 -> 6463230.3 | L13: ='[3]Classification programmatique'!$G$10*1000 -> 73490 | M13: ='[3]Classification programmatique'!$J$10*1000 -> 2251333 | N13: =K13+L13+M13 -> 8788053.3 | O13: ='[3]Classification programmatique'!$P$10*1000 -> 3400000 | P13: 0 | Q13: 0 | R13: =O13+P13+Q13 -> 3400000 | S13: =N13+R13 -> 12188053 | T13: ='[4]Classification programmatique'!$D$10*1000 -> 7451939.4 | U13: ='[4]Classification programmatique'!$G$10*1000 -> 55731.88 | V13: ='[4]Classification programmatique'!$J$10*1000 -> 3167841 | W13: =SUM(T13:V13) -> 10675512 | X13: ='[4]Classification programmatique'!$P$10*1000 -> 10655000 | Y13: 0 | Z13: 0 | AA13: =X13+Y13+Z13 -> 10655000 | AB13: =W13+AA13 -> 21330512 | AC13: 8512436 | AD13: 718505 | AE13: 4471565 | AF13: =SUM(AC13:AE13) -> 13702506 | AG13: 9520000 | AH13: 0 | AI13: 0 | AJ13: =AG13+AH13+AI13 -> 9520000 | AK13: =AF13+AJ13 -> 23222506 | AL13: ='[5]TMC Prog-Eco'!$C$11 -> 10211915 | AM13: ='[5]TMC Prog-Eco'!$D$11 -> 399455.86 | AN13: ='[5]TMC Prog-Eco'!$E$11 -> 5178222 | AO13: =SUM(AL13:AN13) -> 15789593 | AP13: ='[5]TMC Prog-Eco'!$H$11 -> 11827098 | AQ13: 0 | AR13: 0 | AS13: =AP13+AQ13+AR13 -> 11827098 | AT13: =AO13+AS13 -> 27616691 | AU13: 10630989 | AV13: 399456 | AW13: 5178222 | AX13: =AU13+AV13+AW13 -> 16208667 | AY13: 11240647 | AZ13: 0 | BA13: 0 | BB13: =AY13+AZ13+BA13 -> 11240647 | BC13: =AX13+BB13 -> 27449314 | BD13: 11073653 | BE13: 399456 | BF13: 5178222 | BG13: =BD13+BE13+BF13 -> 16651331 | BH13: 14600000 | BI13: 0 | BJ13: 0 | BK13: =BH13+BI13+BJ13 -> 14600000 | BL13: =BG13+BK13 -> 31251331
A14: 095 | B14: Système pénitentiaire | C14: ='[2]Classification prog-économique'!$D$12*1000 -> 47427.051 | D14: ='[2]Classification prog-économique'!$G$12*1000 -> 0 | E14: ='[2]Classification prog-économique'!$J$12*1000 -> 8352573.7 | F14: =C14+D14+E14 -> 8400000.8 | G14: ='[2]Classification prog-économique'!$P$12*1000 -> 753952 | I14: =G14+H14 -> 753952 | J14: =F14+I14 -> 9153952.8 | K14: 0 | L14: 0 | M14: ='[3]Classification programmatique'!$J$12*1000 -> 8626917.1 | N14: =K14+L14+M14 -> 8626917.1 | O14: ='[3]Classification programmatique'!$P$12*1000 -> 1000000 | P14: 0 | Q14: 0 | R14: =O14+P14+Q14 -> 1000000 | S14: =N14+R14 -> 9626917.1 | T14: 0 | U14: 0 | V14: ='[4]Classification programmatique'!$J$12*1000 -> 7000000 | W14: =SUM(T14:V14) -> 7000000 | X14: ='[4]Classification programmatique'!$P$12*1000 -> 1000000 | Y14: 0 | Z14: 0 | AA14: =X14+Y14+Z14 -> 1000000 | AB14: =W14+AA14 -> 8000000 | AC14: 0 | AD14: 0 | AE14: 7000000 | AF14: =SUM(AC14:AE14) -> 7000000 | AG14: 1000000 | AH14: 0 | AI14: 0 | AJ14: =AG14+AH14+AI14 -> 1000000 | AK14: =AF14+AJ14 -> 8000000 | AL14: ='[5]TMC Prog-Eco'!$C$13 -> 0 | AM14: 0 | AN14: ='[5]TMC Prog-Eco'!$E$13 -> 7000000 | AO14: =SUM(AL14:AN14) -> 7000000 | AP14: ='[5]TMC Prog-Eco'!$H$13 -> 1000000 | AQ14: 0 | AR14: 0 | AS14: =AP14+AQ14+AR14 -> 1000000 | AT14: =AO14+AS14 -> 8000000 | AU14: 0 | AV14: 0 | AW14: 7000000 | AX14: =AU14+AV14+AW14 -> 7000000 | AY14: 1000000 | AZ14: 0 | BA14: 0 | BB14: =AY14+AZ14+BA14 -> 1000000 | BC14: =AX14+BB14 -> 8000000 | BD14: 0 | BE14: 0 | BF14: 7000000 | BG14: =BD14+BE14+BF14 -> 7000000 | BH14: 0 | BI14: 0 | BJ14: 0 | BK14: =BH14+BI14+BJ14 -> 0 | BL14: =BG14+BK14 -> 7000000
A15: 021 | B15: Droits Humains | C15: ='[2]Classification prog-économique'!$D$11*1000 -> 66620.153 | D15: ='[2]Classification prog-économique'!$G$11*1000 -> 37916.915 | E15: ='[2]Classification prog-économique'!$J$11*1000 -> 161140 | F15: =C15+D15+E15 -> 265677.07 | G15: ='[2]Classification prog-économique'!$P$11*1000 -> 85000 | I15: =G15+H15 -> 85000 | J15: =F15+I15 -> 350677.07 | K15: ='[3]Classification programmatique'!$D$11*1000 -> 343593.4 | L15: ='[3]Classification programmatique'!$G$11*1000 -> 32500 | M15: ='[3]Classification programmatique'!$J$11*1000 -> 211140 | N15: =K15+L15+M15 -> 587233.4 | O15: 0 | P15: 0 | Q15: 0 | R15: =O15+P15+Q15 -> 0 | S15: =N15+R15 -> 587233.4 | T15: ='[4]Classification programmatique'!$D$11*1000 -> 302308.64 | U15: ='[4]Classification programmatique'!$G$11*1000 -> 43948.177 | V15: ='[4]Classification programmatique'!$J$11*1000 -> 211140 | W15: =SUM(T15:V15) -> 557396.82 | X15: 0 | Y15: 0 | Z15: 0 | AA15: =X15+Y15+Z15 -> 0 | AB15: =W15+AA15 -> 557396.82 | AC15: 226041 | AD15: 130000 | AE15: 241140 | AF15: =SUM(AC15:AE15) -> 597181 | AG15: 0 | AH15: 0 | AI15: 0 | AJ15: =AG15+AH15+AI15 -> 0 | AK15: =AF15+AJ15 -> 597181 | AL15: ='[5]TMC Prog-Eco'!$C$12 -> 201451.92 | AM15: ='[5]TMC Prog-Eco'!$D$12 -> 130000 | AN15: ='[5]TMC Prog-Eco'!$E$12 -> 241140 | AO15: =SUM(AL15:AN15) -> 572591.92 | AP15: 0 | AQ15: 0 | AR15: 0 | AS15: =AP15+AQ15+AR15 -> 0 | AT15: =AO15+AS15 -> 572591.92 | AU15: 211349 | AV15: 130000 | AW15: 241140 | AX15: =AU15+AV15+AW15 -> 582489 | AY15: 0 | AZ15: 0 | BA15: 0 | BB15: =AY15+AZ15+BA15 -> 0 | BC15: =AX15+BB15 -> 582489 | BD15: 221803 | BE15: 130000 | BF15: 241140 | BG15: =BD15+BE15+BF15 -> 592943 | BH15: 0 | BI15: 0 | BJ15: 0 | BK15: =BH15+BI15+BJ15 -> 0 | BL15: =BG15+BK15 -> 592943
A16: MINISTERE DES AFFAIRES ETRANGERES | C16: =C17+C18+C19 -> 5874319.2 | D16: =D17+D18+D19 -> 4803526.4 | E16: =E17+E18+E19 -> 50000 | F16: =C16+D16+E16 -> 10727846 | G16: =G17+G18+G19 -> 671345.42 | H16: =H17+H18+H19 -> 0 | I16: =G16+H16 -> 671345.42 | J16: =F16+I16 -> 11399191 | K16: =K17+K18+K19 -> 6431834.9 | L16: =L17+L18+L19 -> 4793264.4 | M16: =M17+M18+M19 -> 429750 | N16: =K16+L16+M16 -> 11654849 | O16: =O17+O18+O19 -> 296885 | P16: =P17+P18+P19 -> 0 | Q16: =Q17+Q18+Q19 -> 0 | R16: =O16+P16+Q16 -> 296885 | S16: =S17+S18+S19 -> 11951734 | T16: =T17+T18+T19 -> 7036802.4 | U16: =U17+U18+U19 -> 4983875 | V16: =V17+V18+V19 -> 186468.67 | W16: =T16+U16+V16 -> 12207146 | X16: =X17+X18+X19 -> 803207.52 | Y16: =Y17+Y18+Y19 -> 0 | Z16: =Z17+Z18+Z19 -> 0 | AA16: =X16+Y16+Z16 -> 803207.52 | AB16: =W16+AA16 -> 13010354 | AC16: =AC17+AC18+AC19 -> 11104021 | AD16: =AD17+AD18+AD19 -> 6073701 | AE16: =AE17+AE18+AE19 -> 100000 | AF16: =AC16+AD16+AE16 -> 17277722 | AG16: =AG17+AG18+AG19 -> 1900000 | AH16: =AH17+AH18+AH19 -> 0 | AI16: =AI17+AI18+AI19 -> 0 | AJ16: =AG16+AH16+AI16 -> 1900000 | AK16: =AF16+AJ16 -> 19177722 | AL16: =AL17+AL18+AL19 -> 9436034.9 | AM16: =AM17+AM18+AM19 -> 6573701 | AN16: =AN17+AN18+AN19 -> 100000 | AO16: =AL16+AM16+AN16 -> 16109736 | AP16: =AP17+AP18+AP19 -> 2150000 | AQ16: =AQ17+AQ18+AQ19 -> 0 | AR16: =AR17+AR18+AR19 -> 0 | AS16: =AP16+AQ16+AR16 -> 2150000 | AT16: =AO16+AS16 -> 18259736 | AU16: =AU17+AU18+AU19 -> 9860951 | AV16: =AV17+AV18+AV19 -> 6573700 | AW16: =AW17+AW18+AW19 -> 100000 | AX16: =AU16+AV16+AW16 -> 16534651 | AY16: =AY17+AY18+AY19 -> 2500000 | AZ16: =AZ17+AZ18+AZ19 -> 0 | BA16: =BA17+BA18+BA19 -> 0 | BB16: =AY16+AZ16+BA16 -> 2500000 | BC16: =AX16+BB16 -> 19034651 | BD16: =BD17+BD18+BD19 -> 10301980 | BE16: =BE17+BE18+BE19 -> 6573701 | BF16: =BF17+BF18+BF19 -> 100000 | BG16: =BD16+BE16+BF16 -> 16975681 | BH16: =BH17+BH18+BH19 -> 2500000 | BI16: =BI17+BI18+BI19 -> 0 | BJ16: =BJ17+BJ18+BJ19 -> 0 | BK16: =BH16+BI16+BJ16 -> 2500000 | BL16: =BG16+BK16 -> 19475681
A17: 022 | B17: Pilotage et soutiens aux services du MAE | C17: ='[2]Classification prog-économique'!$D$14*1000 -> 866834.37 | D17: ='[2]Classification prog-économique'!$G$14*1000 -> 1789514.7 | E17: ='[2]Classification prog-économique'!$J$14*1000 -> 0 | F17: =C17+D17+E17 -> 2656349.1 | G17: ='[2]Classification prog-économique'!$P$14*1000 -> 375975.83 | H17: ='[2]Classification prog-économique'!$S$14*1000 -> 0 | I17: =G17+H17 -> 375975.83 | J17: =F17+I17 -> 3032324.9 | K17: ='[3]Classification programmatique'!$D$14*1000 -> 1187308.6 | L17: ='[3]Classification programmatique'!$G$14*1000 -> 1812352.7 | M17: ='[3]Classification programmatique'!$J$14*1000 -> 276000 | N17: =K17+L17+M17 -> 3275661.3 | O17: ='[3]Classification programmatique'!$P$14*1000 -> 85392.502 | P17: 0 | Q17: 0 | R17: =O17+P17+Q17 -> 85392.502 | S17: =N17+R17 -> 3361053.8 | T17: ='[4]Classification programmatique'!$D$14*1000 -> 1668565.9 | U17: ='[4]Classification programmatique'!$G$14*1000 -> 2077518.2 | V17: 0 | W17: =SUM(T17:V17) -> 3746084.1 | X17: ='[4]Classification programmatique'!$P$14*1000 -> 603207.52 | Y17: 0 | Z17: 0 | AA17: =SUM(X17:Z17) -> 603207.52 | AB17: =W17+AA17 -> 4349291.6 | AC17: 1314463 | AD17: 2477486 | AE17: 0 | AF17: =SUM(AC17:AE17) -> 3791949 | AG17: 1300000 | AH17: 0 | AI17: 0 | AJ17: =SUM(AG17:AI17) -> 1300000 | AK17: =AF17+AJ17 -> 5091949 | AL17: ='[5]TMC Prog-Eco'!$C$15 -> 844221.37 | AM17: ='[5]TMC Prog-Eco'!$D$15 -> 2400986 | AN17: 0 | AO17: =SUM(AL17:AN17) -> 3245207.4 | AP17: ='[5]TMC Prog-Eco'!$H$15 -> 1550000 | AQ17: 0 | AR17: 0 | AS17: =SUM(AP17:AR17) -> 1550000 | AT17: =AO17+AS17 -> 4795207.4 | AU17: 844221 | AV17: 2400985 | AW17: 0 | AX17: =AU17+AV17+AW17 -> 3245206 | AY17: 1800000 | AZ17: 0 | BA17: 0 | BB17: =AY17+AZ17+BA17 -> 1800000 | BC17: =AX17+BB17 -> 5045206 | BD17: 844220 | BE17: 2400986 | BF17: 0 | BG17: =BD17+BE17+BF17 -> 3245206 | BH17: 1800000 | BI17: 0 | BJ17: 0 | BK17: =BH17+BI17+BJ17 -> 1800000 | BL17: =BG17+BK17 -> 5045206
A18: 023 | B18: Diplomatie et relations extérieures | C18: ='[2]Classification prog-économique'!$D$15*1000 -> 212229.58 | D18: ='[2]Classification prog-économique'!$G$15*1000 -> 312510.77 | E18: ='[2]Classification prog-économique'!$J$15*1000 -> 50000 | F18: =C18+D18+E18 -> 574740.35 | G18: ='[2]Classification prog-économique'!$P$15*1000 -> 0 | H18: ='[2]Classification prog-économique'!$S$14*1000 -> 0 | I18: =G18+H18 -> 0 | J18: =F18+I18 -> 574740.35 | K18: ='[3]Classification programmatique'!$D$15*1000 -> 1043208.2 | L18: ='[3]Classification programmatique'!$G$15*1000 -> 287631.73 | M18: ='[3]Classification programmatique'!$J$15*1000 -> 132500 | N18: =K18+L18+M18 -> 1463339.9 | O18: 0 | P18: 0 | Q18: 0 | R18: =O18+P18+Q18 -> 0 | S18: =N18+R18 -> 1463339.9 | T18: ='[4]Classification programmatique'!$D$15*1000 -> 946673.04 | U18: ='[4]Classification programmatique'!$G$15*1000 -> 404393.44 | V18: ='[4]Classification programmatique'!$I$15*1000 -> 100000 | W18: =SUM(T18:V18) -> 1451066.5 | X18: 0 | Y18: 0 | Z18: 0 | AA18: =SUM(X18:Z18) -> 0 | AB18: =W18+AA18 -> 1451066.5 | AC18: 1098265 | AD18: 606800 | AE18: 100000 | AF18: =SUM(AC18:AE18) -> 1805065 | AH18: 0 | AI18: 0 | AJ18: =SUM(AG18:AI18) -> 0 | AK18: =AF18+AJ18 -> 1805065 | AL18: ='[5]TMC Prog-Eco'!$C$16 -> 1098264.9 | AM18: ='[5]TMC Prog-Eco'!$D$16 -> 606800 | AN18: 100000 | AO18: =SUM(AL18:AN18) -> 1805064.9 | AP18: 0 | AQ18: 0 | AR18: 0 | AS18: =SUM(AP18:AR18) -> 0 | AT18: =AO18+AS18 -> 1805064.9 | AU18: 1098265 | AV18: 606800 | AW18: 100000 | AX18: =AU18+AV18+AW18 -> 1805065 | AY18: 0 | AZ18: 0 | BA18: 0 | BB18: =AY18+AZ18+BA18 -> 0 | BC18: =AX18+BB18 -> 1805065 | BD18: 1098265 | BE18: 606800 | BF18: 100000 | BG18: =BD18+BE18+BF18 -> 1805065 | BH18: 0 | BI18: 0 | BJ18: 0 | BK18: =BH18+BI18+BJ18 -> 0 | BL18: =BG18+BK18 -> 1805065
A19: 103 | B19: Attractivité et rayonnement du Bénin à l'extérieur | C19: ='[2]Classification prog-économique'!$D$16*1000 -> 4795255.2 | D19: ='[2]Classification prog-économique'!$G$16*1000 -> 2701500.9 | E19: ='[2]Classification prog-économique'!$J$16*1000 -> 0 | F19: =C19+D19+E19 -> 7496756.1 | G19: ='[2]Classification prog-économique'!$P$16*1000 -> 295369.59 | H19: ='[2]Classification prog-économique'!$S$16*1000 -> 0 | I19: =G19+H19 -> 295369.59 | J19: =F19+I19 -> 7792125.7 | K19: ='[3]Classification programmatique'!$D$16*1000 -> 4201318.1 | L19: ='[3]Classification programmatique'!$G$16*1000 -> 2693279.9 | M19: ='[3]Classification programmatique'!$J$16*1000 -> 21250 | N19: =K19+L19+M19 -> 6915848 | O19: ='[3]Classification programmatique'!$P$16*1000 -> 211492.5 | P19: 0 | Q19: 0 | R19: =O19+P19+Q19 -> 211492.5 | S19: =N19+R19 -> 7127340.5 | T19: ='[4]Classification programmatique'!$D$16*1000 -> 4421563.5 | U19: ='[4]Classification programmatique'!$G$16*1000 -> 2501963.4 | V19: ='[6]Classification programmatique'!$J$16*1000 -> 86468.672 | W19: =SUM(T19:V19) -> 7009995.6 | X19: ='[4]Classification programmatique'!$P$16*1000 -> 200000 | Y19: 0 | Z19: 0 | AA19: =SUM(X19:Z19) -> 200000 | AB19: =W19+AA19 -> 7209995.6 | AC19: 8691293 | AD19: 2989415 | AE19: 0 | AF19: =SUM(AC19:AE19) -> 11680708 | AG19: 600000 | AH19: 0 | AI19: 0 | AJ19: =SUM(AG19:AI19) -> 600000 | AK19: =AF19+AJ19 -> 12280708 | AL19: ='[5]TMC Prog-Eco'!$C$17 -> 7493548.6 | AM19: ='[5]TMC Prog-Eco'!$D$17 -> 3565915 | AN19: 0 | AO19: =SUM(AL19:AN19) -> 11059464 | AP19: ='[5]TMC Prog-Eco'!$H$17 -> 600000 | AQ19: 0 | AR19: 0 | AS19: =SUM(AP19:AR19) -> 600000 | AT19: =AO19+AS19 -> 11659464 | AU19: 7918465 | AV19: 3565915 | AW19: 0 | AX19: =AU19+AV19+AW19 -> 11484380 | AY19: 700000 | AZ19: 0 | BA19: 0 | BB19: =AY19+AZ19+BA19 -> 700000 | BC19: =AX19+BB19 -> 12184380 | BD19: 8359495 | BE19: 3565915 | BF19: 0 | BG19: =BD19+BE19+BF19 -> 11925410 | BH19: 700000 | BI19: 0 | BJ19: 0 | BK19: =BH19+BI19+BJ19 -> 700000 | BL19: =BG19+BK19 -> 12625410
A20: MINISTERE DE L'ECONOMIE ET DES FINANCES | C20: =C21+C22+C23+C24+C25+C26+C27+C28 -> 12620788 | D20: =D21+D22+D23+D24+D25+D26+D27+D28 -> 5483018.3 | E20: =E21+E22+E23+E24+E25+E26+E27+E28 -> 94625742 | F20: =C20+D20+E20 -> 1.1272955e+08 | G20: =G21+G22+G23+G24 -> 1145464.2 | H20: =H21+H22+H23+H24+H25+H26+H27+H28+H29 -> 0 | I20: =G20+H20 -> 1145464.2 | J20: =F20+I20 -> 1.1387501e+08 | K20: =K21+K22+K23+K24+K25+K26+K27+K28 -> 21406072 | L20: =L21+L22+L23+L24+L25+L26+L27+L28 -> 5249382.6 | M20: =M21+M22+M23+M24+M25+M26+M27+M28 -> 1.027657e+08 | N20: =K20+L20+M20 -> 1.2942116e+08 | O20: =O21+O22+O23+O24+O25+O26+O27+O28 -> 2408049.5 | P20: =P21+P22+P23+P24+P25+P26+P27+P28 -> 0 | Q20: =Q21+Q22+Q23+Q24+Q25+Q26+Q27+Q28 -> 0 | R20: =O20+P20+Q20 -> 2408049.5 | S20: =S21+S22+S23+S24+S25+S26+S27+S28 -> 1.3182921e+08 | T20: =T21+T22+T23+T24+T25+T26+T27+T28 -> 19737787 | U20: =U21+U22+U23+U24+U25+U26+U27+U28 -> 7374756 | V20: =V21+V22+V23+V24+V25+V26+V28+V27 -> 104266374 | W20: =W21+W22+W23+W24+W25+W26+W27+W28 -> 1.3137892e+08 | X20: =X21+X22+X23+X24+X25+X26+X27+X28 -> 2667399.1 | Y20: =Y21+Y22+Y23+Y24+Y25+Y26+Y27+Y28 -> 90979.258 | Z20: =Z21+Z22+Z23+Z24+Z25+Z26+Z27+Z28 -> 23028120 | AA20: =AA21+AA22+AA23+AA24+AA25+AA26+AA27+AA28 -> 25786498 | AB20: =AB21+AB22+AB23+AB24+AB25+AB26+AB27+AB28 -> 1.5716542e+08 | AC20: =AC21+AC22+AC23+AC24+AC25+AC26+AC27+AC28 -> 23094613 | AD20: =AD21+AD22+AD23+AD24+AD25+AD26+AD27+AD28 -> 15625673 | ... AK20: =AK21+AK22+AK23+AK24+AK25+AK26+AK27+AK28 -> 1.6798729e+08 | AL20: =AL21+AL22+AL23+AL24+AL25+AL26 -> 23049601 | AM20: =AM21+AM22+AM23+AM24+AM25+AM26+AM27+AM28 -> 10779673 | AN20: =AN21+AN22+AN23+AN24+AN25+AN26+AN27+AN28 -> 135989974 | AO20: =AO21+AO22+AO23+AO24+AO25+AO26+AO27+AO28 -> 1.6981925e+08 | AP20: =AP21+AP22+AP23+AP24+AP25+AP26+AP27+AP28 -> 15488014 | AQ20: =AQ21+AQ22+AQ23+AQ24+AQ25+AQ26+AQ27+AQ28 -> 0 | AR20: =AR21+AR22+AR23+AR24+AR25+AR26+AR27+AR28 -> 0 | AS20: =AS21+AS22+AS23+AS24+AS25+AS26+AS27+AS28 -> 15488014 | AT20: =AO20+AS20 -> 1.8530726e+08 | AU20: =AU21+AU22+AU23+AU24+AU25+AU26+AU27+AU28 -> 23932246 | AV20: =AV21+AV22+AV23+AV24+AV25+AV26+AV27+AV28 -> 10779673 | AW20: =AW21+AW22+AW23+AW24+AW25+AW26+AW27+AW28 -> 136189974 | AX20: =AU20+AV20+AW20 -> 170901893 | AY20: =AY21+AY22+AY23+AY24+AY25+AY26+AY27+AY28 -> 10690193 | AZ20: =AZ21+AZ22+AZ23+AZ24+AZ25+AZ26+AZ27+AZ28 -> 0 | BA20: =BA21+BA22+BA23+BA24+BA25+BA26+BA27+BA28 -> 0 | BB20: =AY20+AZ20+BA20 -> 10690193 | BC20: =AX20+BB20 -> 181592086 | BD20: =BD21+BD22+BD23+BD24+BD25+BD26+BD27+BD28 -> 24927231 | BE20: =BE21+BE22+BE23+BE24+BE25+BE26+BE27+BE28 -> 10779673 | BF20: =BF21+BF22+BF23+BF24+BF25+BF26+BF27+BF28 -> 137489974 | BG20: =BD20+BE20+BF20 -> 173196878 | BH20: =BH21+BH22+BH23+BH24+BH25+BH26+BH27+BH28 -> 10636892 | BI20: =BI21+BI22+BI23+BI24+BI25+BI26+BI27+BI28 -> 0 | BJ20: =BJ21+BJ22+BJ23+BJ24+BJ25+BJ26+BJ27+BJ28 -> 0 | BK20: =BH20+BI20+BJ20 -> 10636892 | BL20: =BG20+BK20 -> 183833770
A21: 026 | B21: Pilotage et soutien aux services du MEF | C21: ='[2]Classification prog-économique'!$D$18*1000 -> 1005419 | D21: ='[2]Classification prog-économique'!$G$18*1000 -> 2825709.9 | E21: ='[2]Classification prog-économique'!$J$18*1000 -> 0 | F21: =C21+D21+E21 -> 3831129 | G21: ='[2]Classification prog-économique'!$P$18*1000 -> 946583.99 | H21: ='[2]Classification prog-économique'!$S$18*1000 -> 0 | I21: =G21+H21 -> 946583.99 | J21: =F21+I21 -> 4777713 | K21: ='[3]Classification programmatique'!$D$18*1000 -> 1537729.2 | L21: ='[3]Classification programmatique'!$G$18*1000 -> 2674701.4 | M21: ='[7]Classification programmatique'!$J$18*1000 -> 0 | N21: =K21+L21+M21 -> 4212430.6 | O21: 703334.21 | R21: =O21+P21+Q21 -> 703334.21 | S21: =N21+R21 -> 4915764.8 | T21: ='[4]Classification programmatique'!$D$18*1000 -> 2625942.1 | U21: ='[4]Classification programmatique'!$G$18*1000 -> 3570829.7 | V21: 0 | W21: =SUM(T21:V21) -> 6196771.8 | X21: ='[4]Classification programmatique'!$P$18*1000 -> 2154300 | AA21: =X21+Y21+Z21 -> 2154300 | AB21: =W21+AA21 -> 8351071.8 | AC21: 1933311 | AD21: 4196101 | AE21: 0 | AF21: =SUM(AC21:AE21) -> 6129412 | AG21: 1500000 | AI21: 3000000 | AJ21: =AG21+AH21+AI21 -> 4500000 | AK21: =AF21+AJ21 -> 10629412 | AL21: 1768024 | AM21: ='[5]TMC Prog-Eco'!$D$19 -> 4196101 | AN21: 0 | AO21: =SUM(AL21:AN21) -> 5964125 | AP21: ='[5]TMC Prog-Eco'!$H$19 -> 1500000 | AQ21: 0 | AR21: 0 | AS21: =AP21+AQ21+AR21 -> 1500000 | AT21: =AO21+AS21 -> 7464125 | AU21: 1824676 | AV21: 4196101 | AW21: 0 | AX21: =AU21+AV21+AW21 -> 6020777 | AY21: 1500000 | AZ21: 0 | BA21: 0 | BB21: =AY21+AZ21+BA21 -> 1500000 | BC21: =AX21+BB21 -> 7520777 | BD21: 1888539 | BE21: 4196101 | BF21: 0 | BG21: =BD21+BE21+BF21 -> 6084640 | BH21: 2354810 | BI21: 0 | BJ21: 0 | BK21: =BH21+BI21+BJ21 -> 2354810 | BL21: =BG21+BK21 -> 8439450
A22: 027 | B22: Gestion du cadre macroéconomique et du secteur financier | C22: ='[2]Classification prog-économique'!$D$19*1000 -> 282779.64 | D22: ='[2]Classification prog-économique'!$G$19*1000 -> 316909.52 | E22: ='[2]Classification prog-économique'!$J$19*1000 -> 2865000 | F22: =C22+D22+E22 -> 3464689.2 | G22: ='[2]Classification prog-économique'!$P$19*1000 -> 54436.055 | H22: ='[2]Classification prog-économique'!$S$18*1000 -> 0 | I22: =G22+H22 -> 54436.055 | J22: =F22+I22 -> 3519125.2 | K22: ='[3]Classification programmatique'!$D$19*1000 -> 509560.14 | L22: ='[3]Classification programmatique'!$G$19*1000 -> 379907.27 | M22: ='[3]Classification programmatique'!$J$19*1000 -> 3550000 | N22: =K22+L22+M22 -> 4439467.4 | O22: ='[3]Classification programmatique'!$P$19*1000 -> 1004715.3 | P22: 0 | R22: =O22+P22+Q22 -> 1004715.3 | S22: =N22+R22 -> 5444182.7 | T22: ='[4]Classification programmatique'!$D$19*1000 -> 1188397.8 | U22: ='[4]Classification programmatique'!$G$19*1000 -> 414838.06 | V22: ='[4]Classification programmatique'!$J$19*1000 -> 3550000 | W22: =SUM(T22:V22) -> 5153235.9 | X22: ='[4]Classification programmatique'!$P$19*1000 -> 513099.07 | Y22: ='[6]Classification programmatique'!$S$19*1000 -> 90979.258 | Z22: ='[6]Classification programmatique'!$V$19*1000 -> 23028120 | AA22: =X22+Y22+Z22 -> 23632198 | AB22: =W22+AA22 -> 28785434 | AC22: 948850 | AD22: 773570.99 | AE22: 11074974 | AF22: =SUM(AC22:AE22) -> 12797395 | AG22: 4100000 | AH22: 0 | AJ22: =AG22+AH22+AI22 -> 4100000 | AK22: =AF22+AJ22 -> 16897395 | AL22: 958713 | AM22: ='[5]TMC Prog-Eco'!$D$20 -> 773570.99 | AN22: ='[5]TMC Prog-Eco'!$E$20 -> 11074974 | AO22: =SUM(AL22:AN22) -> 12807258 | AP22: ='[5]TMC Prog-Eco'!$H$20 -> 12988014 | AQ22: 0 | AS22: =AP22+AQ22+AR22 -> 12988014 | AT22: =AO22+AS22 -> 25795272 | AU22: 998966 | AV22: 773571 | AW22: 11074974 | AX22: =AU22+AV22+AW22 -> 12847511 | AY22: 8190193 | AZ22: 0 | BA22: 0 | BB22: =AY22+AZ22+BA22 -> 8190193 | BC22: =AX22+BB22 -> 21037704 | BD22: 1044343 | BE22: 773571 | BF22: 11074974 | BG22: =BD22+BE22+BF22 -> 12892888 | BH22: 4600000 | BI22: 0 | BJ22: 0 | BK22: =BH22+BI22+BJ22 -> 4600000 | BL22: =BG22+BK22 -> 17492888
A23: 028 | B23: Mobilisation des ressources financières et gestion de la trésorerie de l'Etat | C23: ='[2]Classification prog-économique'!$D$20*1000 -> 9536380.1 | D23: ='[2]Classification prog-économique'!$G$20*1000 -> 1286227.8 | E23: ='[2]Classification prog-économique'!$J$20*1000 -> 415000 | F23: =C23+D23+E23 -> 11237608 | G23: ='[2]Classification prog-économique'!$P$20*1000 -> 63853.376 | H23: ='[2]Classification prog-économique'!$S$18*1000 -> 0 | I23: =G23+H23 -> 63853.376 | J23: =F23+I23 -> 11301461 | K23: ='[3]Classification programmatique'!$D$20*1000 -> 15971592 | L23: ='[3]Classification programmatique'!$G$20*1000 -> 1189550 | M23: ='[3]Classification programmatique'!$J$20*1000 -> 411250 | N23: =K23+L23+M23 -> 17572392 | O23: 0 | P23: 0 | Q23: 0 | R23: =O23+P23+Q23 -> 0 | S23: =N23+R23 -> 17572392 | T23: ='[4]Classification programmatique'!$D$20*1000 -> 12026858 | U23: ='[4]Classification programmatique'!$G$20*1000 -> 1645906 | V23: ='[4]Classification programmatique'!$J$20 -> 0 | W23: =SUM(T23:V23) -> 13672764 | X23: 0 | Y23: 0 | Z23: 0 | AA23: =X23+Y23+Z23 -> 0 | AB23: =W23+AA23 -> 13672764 | AC23: 15105434 | AD23: 2986000 | AE23: 1315000 | AF23: =SUM(AC23:AE23) -> 19406434 | AG23: 100000 | AH23: 577027 | AI23: 0 | AJ23: =AG23+AH23+AI23 -> 677027 | AK23: =AF23+AJ23 -> 20083461 | AL23: 15633938 | AM23: ='[5]TMC Prog-Eco'!$D$21 -> 2986000 | AN23: ='[5]TMC Prog-Eco'!$E$21 -> 1315000 | AO23: =SUM(AL23:AN23) -> 19934938 | AP23: ='[5]TMC Prog-Eco'!$H$21 -> 0 | AQ23: 0 | AR23: 0 | AS23: =AP23+AQ23+AR23 -> 0 | AT23: =AO23+AS23 -> 19934938 | AU23: 16252678 | AV23: 2986000 | AW23: 1315000 | AX23: =AU23+AV23+AW23 -> 20553678 | AY23: 0 | AZ23: 0 | BA23: 0 | BB23: =AY23+AZ23+BA23 -> 0 | BC23: =AX23+BB23 -> 20553678 | BD23: 16950169 | BE23: 2986000 | BF23: 1315000 | BG23: =BD23+BE23+BF23 -> 21251169 | BH23: 0 | BI23: 0 | BJ23: 0 | BK23: =BH23+BI23+BJ23 -> 0 | BL23: =BG23+BK23 -> 21251169
A24: 029 | B24: Gestion des dépenses publiques | C24: ='[2]Classification prog-économique'!$D$21*1000 -> 1476712.5 | D24: ='[2]Classification prog-économique'!$G$21*1000 -> 419251.32 | E24: ='[2]Classification prog-économique'!$J$21*1000 -> 0 | F24: =C24+D24+E24 -> 1895963.8 | G24: ='[2]Classification prog-économique'!$P$21*1000 -> 80590.758 | H24: ='[2]Classification prog-économique'!$S$18*1000 -> 0 | I24: =G24+H24 -> 80590.758 | J24: =F24+I24 -> 1976554.6 | K24: ='[3]Classification programmatique'!$D$21*1000 -> 2973623.9 | L24: ='[3]Classification programmatique'!$G$21*1000 -> 438858.24 | M24: ='[3]Classification programmatique'!$J$21*1000 -> 0 | N24: =K24+L24+M24 -> 3412482.2 | O24: ='[3]Classification programmatique'!$J$21*1000 -> 0 | P24: 0 | Q24: 0 | R24: =O24+P24+Q24 -> 0 | S24: =N24+R24 -> 3412482.2 | T24: ='[4]Classification programmatique'!$D$21*1000 -> 3183091 | U24: ='[4]Classification programmatique'!$G$21*1000 -> 576018.68 | V24: 0 | W24: =SUM(T24:V24) -> 3759109.6 | X24: 0 | Y24: 0 | Z24: 0 | AA24: =X24+Y24+Z24 -> 0 | AB24: =W24+AA24 -> 3759109.6 | AC24: 4957018 | AD24: 1820001 | AE24: 0 | AF24: =SUM(AC24:AE24) -> 6777019 | AG24: 2000000 | AH24: 0 | AI24: 0 | AJ24: =AG24+AH24+AI24 -> 2000000 | AK24: =AF24+AJ24 -> 8777019 | AL24: 4538926 | AM24: ='[5]TMC Prog-Eco'!$D$22 -> 1974001 | AN24: 0 | AO24: =SUM(AL24:AN24) -> 6512927 | AP24: ='[5]TMC Prog-Eco'!$H$22 -> 1000000 | AQ24: 0 | AR24: 0 | AS24: =AP24+AQ24+AR24 -> 1000000 | AT24: =AO24+AS24 -> 7512927 | AU24: 4705926 | AV24: 1974001 | AW24: 0 | AX24: =AU24+AV24+AW24 -> 6679927 | AY24: 1000000 | AZ24: 0 | BA24: 0 | BB24: =AY24+AZ24+BA24 -> 1000000 | BC24: =AX24+BB24 -> 7679927 | BD24: 4894180 | BE24: 1974001 | BF24: 0 | BG24: =BD24+BE24+BF24 -> 6868181 | BH24: 3682082 | BI24: 0 | BJ24: 0 | BK24: =BH24+BI24+BJ24 -> 3682082 | BL24: =BG24+BK24 -> 10550263
A25: 030 | B25: Gestion des biens de l'Etat et du foncier | C25: ='[2]Classification prog-économique'!$D$22*1000 -> 214312.15 | D25: ='[2]Classification prog-économique'!$G$22*1000 -> 26567.364 | E25: ='[2]Classification prog-économique'!$J$22*1000 -> 3559686.8 | F25: =C25+D25+E25 -> 3800566.3 | G25: ='[2]Classification prog-économique'!$P$22*1000 -> 0 | H25: ='[2]Classification prog-économique'!$S$18*1000 -> 0 | I25: =G25+H25 -> 0 | J25: =F25+I25 -> 3800566.3 | K25: ='[3]Classification programmatique'!$D$22*1000 -> 305514.8 | L25: ='[3]Classification programmatique'!$G$22*1000 -> 458320.32 | M25: ='[3]Classification programmatique'!$J$22*1000 -> 7634428.3 | N25: =K25+L25+M25 -> 8398263.4 | O25: ='[3]Classification programmatique'!$P$22*1000 -> 700000 | P25: 0 | Q25: 0 | R25: =O25+P25+Q25 -> 700000 | S25: =N25+R25 -> 9098263.4 | T25: ='[4]Classification programmatique'!$D$22*1000 -> 607057.98 | U25: ='[4]Classification programmatique'!$G$22*1000 -> 815406.42 | V25: ='[4]Classification programmatique'!$J$22*1000 -> 7524974 | W25: =SUM(T25:V25) -> 8947438.4 | X25: 0 | Y25: 0 | Z25: 0 | AA25: =X25+Y25+Z25 -> 0 | AB25: =W25+AA25 -> 8947438.4 | AC25: 0 | AD25: 0 | AE25: 0 | AF25: =SUM(AC25:AE25) -> 0 | AG25: 0 | AH25: 0 | AI25: 0 | AJ25: =AG25+AH25+AI25 -> 0 | AK25: =AF25+AJ25 -> 0 | AL25: 0 | AM25: 0 | AN25: 0 | AO25: =SUM(AL25:AN25) -> 0 | AP25: 0 | AQ25: 0 | AR25: 0 | AS25: =AP25+AQ25+AR25 -> 0 | AT25: =AO25+AS25 -> 0 | AU25: 0 | AV25: 0 | AW25: 0 | AX25: =AU25+AV25+AW25 -> 0 | AY25: 0 | AZ25: 0 | BA25: 0 | BB25: =AY25+AZ25+BA25 -> 0 | BC25: =AX25+BB25 -> 0 | BD25: 0 | BE25: 0 | BF25: 0 | BG25: =BD25+BE25+BF25 -> 0 | BH25: 0 | BI25: 0 | BJ25: 0 | BK25: =BH25+BI25+BJ25 -> 0 | BL25: =BG25+BK25 -> 0
A26: 31 | B26: Assurance retraite des Agents de l'Etat | C26: ='[8]Classification prog-économique'!$D$110*1000 -> 105185 | D26: ='[8]Classification prog-économique'!$G$110*1000 -> 171342.31 | E26: ='[8]Classification prog-économique'!$J$110*1000 -> 87215955 | F26: =C26+D26+E26 -> 87492482 | I26: =G26+H26 -> 0 | J26: =F26+I26 -> 87492482 | K26: 108052 | L26: ='[7]Classification programmatique'!$G$108*1000 -> 86045.352 | M26: ='[7]Classification programmatique'!$J$108*1000 -> 87256048 | N26: =K26+L26+M26 -> 87450145 | O26: 0 | P26: 0 | Q26: 0 | R26: =O26+P26+Q26 -> 0 | S26: =N26+R26 -> 87450145 | T26: ='[6]Classification programmatique'!$D$100*1000 -> 106440 | U26: ='[6]Classification programmatique'!$G$100*1000 -> 207757.16 | V26: ='[6]Classification programmatique'!$J$100*1000 -> 89262000 | W26: =SUM(T26:V26) -> 89576197 | X26: 0 | Y26: 0 | Z26: 0 | AA26: =X26+Y26+Z26 -> 0 | AB26: =W26+AA26 -> 89576197 | AC26: ='[9]RECAP 2025'!$O$51 -> 150000 | AD26: ='[9]RECAP 2025'!$P$51 -> 850000 | AE26: ='[9]RECAP 2025'!$Q$52 -> 99600000 | AF26: =SUM(AC26:AE26) -> 100600000 | AG26: 0 | AH26: 0 | AI26: 0 | AJ26: =AG26+AH26+AI26 -> 0 | AK26: =AF26+AJ26 -> 100600000 | AL26: ='[10]TMC Prog-Eco'!$C$101 -> 150000 | AM26: ='[10]TMC Prog-Eco'!$D$101 -> 850000 | AN26: ='[10]TMC Prog-Eco'!$E$101 -> 89600000 | AO26: =SUM(AL26:AN26) -> 90600000 | AP26: 0 | AQ26: 0 | AR26: 0 | AS26: =AP26+AQ26+AR26 -> 0 | AT26: =AO26+AS26 -> 90600000 | AU26: 150000 | AV26: 850000 | AW26: 89800000 | AX26: =AU26+AV26+AW26 -> 90800000 | AY26: 0 | AZ26: 0 | BA26: 0 | BB26: =AY26+AZ26+BA26 -> 0 | BC26: =AX26+BB26 -> 90800000 | BD26: 150000 | BE26: 850000 | BF26: 91100000 | BG26: =BD26+BE26+BF26 -> 92100000 | BH26: 0 | BI26: 0 | BJ26: 0 | BK26: =BH26+BI26+BJ26 -> 0 | BL26: =BG26+BK26 -> 92100000
A27: 107 | B27: Prévention et gestion des catastrophes | D27: ='[8]Classification prog-économique'!$Y$111*1000 -> 437010 | F27: =C27+D27+E27 -> 437010 | I27: =G27+H27 -> 0 | J27: =F27+I27 -> 437010 | K27: 0 | L27: ='[7]Classification programmatique'!$G$109*1000 -> 22000 | M27: 0 | N27: =K27+L27+M27 -> 22000 | O27: 0 | P27: 0 | Q27: 0 | R27: =O27+P27+Q27 -> 0 | S27: 22000 | U27: ='[6]Classification programmatique'!$G$101*1000 -> 144000 | V27: 0 | W27: =SUM(T27:V27) -> 144000 | X27: 0 | Y27: 0 | Z27: 0 | AA27: =X27+Y27+Z27 -> 0 | AB27: =W27+AA27 -> 144000 | AD27: ='[9]RECAP 2025'!$P$58 -> 5000000 | AE27: 0 | AF27: =SUM(AC27:AE27) -> 5000000 | AG27: 0 | AH27: 0 | AI27: 0 | AJ27: =AG27+AH27+AI27 -> 0 | AK27: =AF27+AJ27 -> 5000000 | AL27: 0 | AM27: 0 | AN27: 28000000 | AO27: =SUM(AL27:AN27) -> 28000000 | AP27: 0 | AQ27: 0 | AR27: 0 | AS27: =AP27+AQ27+AR27 -> 0 | AT27: =AO27+AS27 -> 28000000 | AU27: 0 | AV27: 0 | AW27: 28000000 | AX27: =AU27+AV27+AW27 -> 28000000 | AY27: 0 | AZ27: 0 | BA27: 0 | BB27: =AY27+AZ27+BA27 -> 0 | BC27: =AX27+BB27 -> 28000000 | BD27: 0 | BE27: 0 | BF27: 28000000 | BG27: =BD27+BE27+BF27 -> 28000000 | BH27: 0 | BI27: 0 | BJ27: 0 | BK27: =BH27+BI27+BJ27 -> 0 | BL27: =BG27+BK27 -> 28000000
A28: 108 | B28: Modernisation des regies financières | E28: ='[8]Classification prog-économique'!$Y$112*1000 -> 570100 | F28: =C28+D28+E28 -> 570100 | I28: =G28+H28 -> 0 | J28: =F28+I28 -> 570100 | K28: 0 | L28: 0 | M28: ='[7]Classification programmatique'!$J$110*1000 -> 3913978.7 | N28: =K28+L28+M28 -> 3913978.7 | O28: 0 | P28: 0 | Q28: 0 | R28: =O28+P28+Q28 -> 0 | S28: 3913978.7 | U28: 0 | V28: ='[6]Classification programmatique'!$J$102*1000 -> 3929400 | W28: =SUM(T28:V28) -> 3929400 | X28: 0 | Y28: 0 | Z28: 0 | AA28: =X28+Y28+Z28 -> 0 | AB28: =W28+AA28 -> 3929400 | AD28: 0 | AE28: 6000000 | AF28: =SUM(AC28:AE28) -> 6000000 | AG28: 0 | AH28: 0 | AI28: 0 | AJ28: =AG28+AH28+AI28 -> 0 | AK28: =AF28+AJ28 -> 6000000 | AL28: 0 | AM28: 0 | AN28: ='[10]TMC Prog-Eco'!$E$103 -> 6000000 | AO28: =SUM(AL28:AN28) -> 6000000 | AP28: 0 | AQ28: 0 | AR28: 0 | AS28: =AP28+AQ28+AR28 -> 0 | AT28: =AO28+AS28 -> 6000000 | AU28: 0 | AV28: 0 | AW28: 6000000 | AX28: =AU28+AV28+AW28 -> 6000000 | AY28: 0 | AZ28: 0 | BA28: 0 | BB28: =AY28+AZ28+BA28 -> 0 | BC28: =AX28+BB28 -> 6000000 | BD28: 0 | BE28: 0 | BF28: 6000000 | BG28: =BD28+BE28+BF28 -> 6000000 | BH28: 0 | BI28: 0 | BJ28: 0 | BK28: =BH28+BI28+BJ28 -> 0 | BL28: =BG28+BK28 -> 6000000
A29: MINISTERE DE L'INTERIEUR ET DE LA SECURITE PUBLIQUE | C29: =C30+C31+C32+C33+C34 -> 36441900 | D29: =D30+D31+D32+D33+D34 -> 8871300 | E29: =E30+E31+E32+E33+E34 -> 623000 | F29: =C29+D29+E29 -> 45936200 | G29: =G30+G31+G32+G33+G34 -> 1869100 | H29: =H30+H31+H32+H33+H34 -> 0 | I29: =G29+H29 -> 1869100 | J29: =F29+I29 -> 47805300 | K29: =K30+K31+K33+K32+K34 -> 46552727 | L29: =L30+L31+L33+L32+L34 -> 6960962.4 | M29: =M30+M31+M33+M32+M34 -> 484000 | N29: =K29+L29+M29 -> 53997690 | O29: =O30+O31+O33+O32+O34 -> 6776115.7 | P29: =P30+P31+P33+P32+P34 -> 0 | Q29: =Q30+Q31+Q33+Q32+Q34 -> 0 | R29: =O29+P29+Q29 -> 6776115.7 | S29: =S30+S31+S32+S33+S34 -> 60773805 | T29: =T30+T31+T33+T32+T34 -> 53055283 | U29: =U30+U31+U33+U32+U34 -> 6957099.7 | V29: =V30+V31+V33+V32+V34 -> 509000 | W29: =W30+W31+W33+W32+W34 -> 60521383 | X29: =X30+X31+X33+X32+X34 -> 5414674.9 | Y29: =Y30+Y31+Y33+Y32+Y34 -> 0 | Z29: =Z30+Z31+Z33+Z32+Z34 -> 0 | AA29: =AA30+AA31+AA33+AA32+AA34 -> 5414674.9 | ... AS29: =AS30+AS31+AS33+AS32+AS34 -> 20789415 | AT29: =AO29+AS29 -> 90658880 | AU29: =AU30+AU31+AU32+AU33+AU34 -> 63980709 | AV29: =AV30+AV31+AV32+AV33+AV34 -> 8720135 | AW29: =AW30+AW31+AW32+AW33+AW34 -> 1739385 | AX29: =AU29+AV29+AW29 -> 74440229 | AY29: =AY30+AY31+AY32+AY33+AY34 -> 12550000 | AZ29: =AZ30+AZ31+AZ32+AZ33+AZ34 -> 0 | BA29: =BA30+BA31+BA32+BA33+BA34 -> 14319220 | BB29: =AY29+AZ29+BA29 -> 26869220 | BC29: =AX29+BB29 -> 101309449 | BD29: =BD30+BD31+BD32+BD33+BD34 -> 66796808 | BE29: =BE30+BE31+BE32+BE33+BE34 -> 8720135 | BF29: =BF30+BF31+BF32+BF33+BF34 -> 1739385 | BG29: =BD29+BE29+BF29 -> 77256328 | BH29: =BH30+BH31+BH32+BH33+BH34 -> 13750000 | BI29: =BI30+BI31+BI32+BI33+BI34 -> 0 | BJ29: =BJ30+BJ31+BJ32+BJ33+BJ34 -> 10739415 | BK29: =BH29+BI29+BJ29 -> 24489415 | BL29: =BG29+BK29 -> 101745743
A30: 080 | B30: Pilotage et soutien aux services du MISP | C30: ='[2]Classification prog-économique'!$D$24*1000 -> 448700 | D30: ='[2]Classification prog-économique'!$G$24*1000 -> 1840600 | E30: ='[2]Classification prog-économique'!$J$24*1000 -> 0 | F30: =C30+D30+E30 -> 2289300 | G30: ='[2]Classification prog-économique'!$P$24*1000 -> 92800 | H30: ='[2]Classification prog-économique'!$S$24*1000 -> 0 | I30: =G30+H30 -> 92800 | J30: =F30+I30 -> 2382100 | K30: ='[3]Classification programmatique'!$D$24*1000 -> 1014416.4 | L30: ='[3]Classification programmatique'!$G$24*1000 -> 1975686.2 | M30: ='[3]Classification programmatique'!$J$24*1000 -> 0 | N30: =K30+L30+M30 -> 2990102.6 | O30: ='[3]Classification programmatique'!$P$24*1000 -> 365531.24 | P30: 0 | Q30: 0 | R30: =O30+P30+Q30 -> 365531.24 | S30: =N30+R30 -> 3355633.8 | T30: ='[4]Classification programmatique'!$D$24*1000 -> 966816.82 | U30: ='[4]Classification programmatique'!$G$24*1000 -> 2245919.1 | V30: 0 | W30: =SUM(T30:V30) -> 3212735.9 | X30: ='[4]Classification programmatique'!$P$24*1000 -> 391579.62 | Y30: 0 | Z30: 0 | AA30: =SUM(X30:Z30) -> 391579.62 | AB30: =W30+AA30 -> 3604315.5 | AC30: 763465 | AD30: 2756181 | AE30: 0 | AF30: =SUM(AC30:AE30) -> 3519646 | AG30: 1000000 | AH30: 0 | AI30: 0 | AJ30: =SUM(AG30:AI30) -> 1000000 | AK30: =AF30+AJ30 -> 4519646 | AL30: 801120 | AM30: ='[10]TMC Prog-Eco'!$D$25 -> 2746181 | AN30: 0 | AO30: =SUM(AL30:AN30) -> 3547301 | AP30: 2650000 | AQ30: 0 | AR30: 10739415 | AS30: =SUM(AP30:AR30) -> 13389415 | AT30: =AO30+AS30 -> 16936716 | AU30: 860788 | AV30: 2746181 | AX30: =AU30+AV30+AW30 -> 3606969 | AY30: =17169220-BA30 -> 2850000 | AZ30: 0 | BA30: 14319220 | BB30: =AY30+AZ30+BA30 -> 17169220 | BC30: =AX30+BB30 -> 20776189 | BD30: 897549 | BE30: 2746181 | BG30: =BD30+BE30+BF30 -> 3643730 | BH30: 1550000 | BI30: 0 | BJ30: 10739415 | BK30: =BH30+BI30+BJ30 -> 12289415 | BL30: =BG30+BK30 -> 15933145
A31: 081 | B31: Sécurité publique | C31: ='[2]Classification prog-économique'!$D$25*1000 -> 31942700 | D31: ='[2]Classification prog-économique'!$G$25*1000 -> 6605700 | E31: ='[2]Classification prog-économique'!$J$25*1000 -> 363000 | F31: =C31+D31+E31 -> 38911400 | G31: ='[2]Classification prog-économique'!$P$25*1000 -> 276300 | H31: ='[2]Classification prog-économique'!$S$25*1000 -> 0 | I31: =G31+H31 -> 276300 | J31: =F31+I31 -> 39187700 | K31: ='[3]Classification programmatique'!$D$25*1000 -> 41856735 | L31: ='[3]Classification programmatique'!$G$25*1000 -> 4625994.1 | M31: ='[3]Classification programmatique'!$J$25*1000 -> 184000 | N31: =K31+L31+M31 -> 46666729 | O31: ='[3]Classification programmatique'!$P$25*1000 -> 2289676.8 | R31: =O31+P31+Q31 -> 2289676.8 | S31: =N31+R31 -> 48956406 | T31: ='[4]Classification programmatique'!$D$25*1000 -> 46963194 | U31: ='[4]Classification programmatique'!$G$25*1000 -> 4280735.1 | V31: ='[4]Classification programmatique'!$J$25*1000 -> 209000 | W31: =SUM(T31:V31) -> 51452929 | X31: ='[4]Classification programmatique'!$P$25*1000 -> 2006799.7 | AA31: =SUM(X31:Z31) -> 2006799.7 | AB31: =W31+AA31 -> 53459728 | AC31: 50515371 | AD31: 5234954 | AE31: 209000 | AF31: =SUM(AC31:AE31) -> 55959325 | AG31: 4100000 | AJ31: =SUM(AG31:AI31) -> 4100000 | AK31: =AF31+AJ31 -> 60059325 | AL31: 52377621 | AM31: ='[10]TMC Prog-Eco'!$D$26 -> 5734954 | AN31: ='[10]TMC Prog-Eco'!$E$26 -> 209000 | AO31: =SUM(AL31:AN31) -> 58321575 | AP31: ='[10]TMC Prog-Eco'!$G$26 -> 4100000 | AQ31: 0 | AR31: 0 | AS31: =SUM(AP31:AR31) -> 4100000 | AT31: =AO31+AS31 -> 62421575 | AU31: 56444740 | AV31: 5734954 | AW31: 209000 | AX31: =AU31+AV31+AW31 -> 62388694 | AY31: 5000000 | AZ31: 0 | BA31: 0 | BB31: =AY31+AZ31+BA31 -> 5000000 | BC31: =AX31+BB31 -> 67388694 | BD31: 58950540 | BE31: 5734954 | BF31: 209000 | BG31: =BD31+BE31+BF31 -> 64894494 | BH31: 9000000 | BI31: 0 | BJ31: 0 | BK31: =BH31+BI31+BJ31 -> 9000000 | BL31: =BG31+BK31 -> 73894494
A32: 082 | B32: Protection civile | C32: ='[2]Classification prog-économique'!$D$26*1000 -> 3852500 | D32: ='[2]Classification prog-économique'!$G$26*1000 -> 311300 | E32: ='[2]Classification prog-économique'!$J$26*1000 -> 240000 | F32: =C32+D32+E32 -> 4403800 | G32: ='[2]Classification prog-économique'!$P$26*1000 -> 0 | H32: ='[2]Classification prog-économique'!$S$26*1000 -> 0 | I32: =G32+H32 -> 0 | J32: =F32+I32 -> 4403800 | K32: ='[3]Classification programmatique'!$D$26*1000 -> 3521633.6 | L32: ='[3]Classification programmatique'!$G$26*1000 -> 237819.12 | M32: ='[3]Classification programmatique'!$J$26*1000 -> 280000 | N32: =K32+L32+M32 -> 4039452.8 | O32: ='[3]Classification programmatique'!$P$26*1000 -> 347407.64 | R32: =O32+P32+Q32 -> 347407.64 | S32: =N32+R32 -> 4386860.4 | T32: ='[4]Classification programmatique'!$D$26*1000 -> 5040483.8 | U32: ='[4]Classification programmatique'!$G$26*1000 -> 235754.71 | V32: ='[4]Classification programmatique'!$I$26*1000 -> 280000 | W32: =SUM(T32:V32) -> 5556238.5 | X32: ='[4]Classification programmatique'!$P$26*1000 -> 1016295.5 | AA32: =SUM(X32:Z32) -> 1016295.5 | AB32: =W32+AA32 -> 6572534 | AC32: 5963774 | AD32: 0 | AE32: 710385 | AF32: =SUM(AC32:AE32) -> 6674159 | AG32: 2200000 | AJ32: =SUM(AG32:AI32) -> 2200000 | AK32: =AF32+AJ32 -> 8874159 | AL32: 6092873 | AM32: 0 | AN32: ='[10]TMC Prog-Eco'!$E$27 -> 710385 | AO32: =SUM(AL32:AN32) -> 6803258 | AP32: 2100000 | AQ32: 0 | AR32: 0 | AS32: =SUM(AP32:AR32) -> 2100000 | AT32: =AO32+AS32 -> 8903258 | AU32: 6525402 | AV32: 0 | AW32: 710385 | AX32: =AU32+AV32+AW32 -> 7235787 | AY32: 2000000 | AZ32: 0 | BA32: 0 | BB32: =AY32+AZ32+BA32 -> 2000000 | BC32: =AX32+BB32 -> 9235787 | BD32: 6791888 | BE32: 0 | BF32: 710385 | BG32: =BD32+BE32+BF32 -> 7502273 | BH32: 2000000 | BI32: 0 | BJ32: 0 | BK32: =BH32+BI32+BJ32 -> 2000000 | BL32: =BG32+BK32 -> 9502273
A33: 084 | B33: Gestion intégrée des espaces frontaliers | C33: ='[2]Classification prog-économique'!$D$28*1000 -> 58500 | D33: ='[2]Classification prog-économique'!$G$28*1000 -> 0 | E33: ='[2]Classification prog-économique'!$J$28*1000 -> 20000 | F33: =C33+D33+E33 -> 78500 | G33: ='[2]Classification prog-économique'!$P$28*1000 -> 1500000 | H33: ='[2]Classification prog-économique'!$S$28*1000 -> 0 | I33: =G33+H33 -> 1500000 | J33: =F33+I33 -> 1578500 | K33: 0 | L33: 0 | M33: ='[3]Classification programmatique'!$J$28*1000 -> 20000 | N33: =K33+L33+M33 -> 20000 | O33: ='[3]Classification programmatique'!$P$28*1000 -> 3773500 | R33: =O33+P33+Q33 -> 3773500 | S33: =N33+R33 -> 3793500 | T33: ='[4]Classification programmatique'!$D$28*1000 -> 11138.046 | U33: 0 | V33: ='[4]Classification programmatique'!$J$28*1000 -> 20000 | W33: =T33+U33+V33 -> 31138.046 | X33: ='[4]Classification programmatique'!$P$28*1000 -> 2000000 | AA33: =SUM(X33:Z33) -> 2000000 | AB33: =W33+AA33 -> 2031138 | AC33: 0 | AD33: 0 | AE33: 20000 | AF33: =AC33+AD33+AE33 -> 20000 | AG33: 2000000 | AJ33: =SUM(AG33:AI33) -> 2000000 | AK33: =AF33+AJ33 -> 2020000 | AL33: 0 | AM33: 0 | AN33: ='[10]TMC Prog-Eco'!$E$29 -> 820000 | AO33: =AL33+AM33+AN33 -> 820000 | AP33: ='[10]TMC Prog-Eco'!$H$29 -> 1200000 | AQ33: 0 | AR33: 0 | AS33: =SUM(AP33:AR33) -> 1200000 | AT33: =AO33+AS33 -> 2020000 | AU33: 0 | AV33: 0 | AW33: 820000 | AX33: =AU33+AV33+AW33 -> 820000 | AY33: 2700000 | AZ33: 0 | BA33: 0 | BB33: =AY33+AZ33+BA33 -> 2700000 | BC33: =AX33+BB33 -> 3520000 | BD33: 0 | BE33: 0 | BF33: 820000 | BG33: =BD33+BE33+BF33 -> 820000 | BH33: 1200000 | BI33: 0 | BJ33: 0 | BK33: =BH33+BI33+BJ33 -> 1200000 | BL33: =BG33+BK33 -> 2020000
A34: 083 | B34: Gestion des affaires interieures | C34: ='[2]Classification prog-économique'!$D$27*1000 -> 139500 | D34: ='[2]Classification prog-économique'!$G$27*1000 -> 113700 | E34: ='[2]Classification prog-économique'!$J$27*1000 -> 0 | F34: =C34+D34+E34 -> 253200 | G34: ='[2]Classification prog-économique'!$P$27*1000 -> 0 | H34: ='[2]Classification prog-économique'!$S$27*1000 -> 0 | I34: =G34+H34 -> 0 | J34: =F34+I34 -> 253200 | K34: ='[3]Classification programmatique'!$D$27*1000 -> 159942.41 | L34: ='[3]Classification programmatique'!$G$27*1000 -> 121462.99 | M34: ='[3]Classification programmatique'!$J$27*1000 -> 0 | N34: =K34+L34+M34 -> 281405.4 | O34: 0 | Q34: 0 | R34: =O34+P34+Q34 -> 0 | S34: =N34+R34 -> 281405.4 | T34: ='[4]Classification programmatique'!$D$27*1000 -> 73651.015 | U34: ='[4]Classification programmatique'!$G$27*1000 -> 194690.83 | V34: 0 | W34: =SUM(T34:V34) -> 268341.84 | X34: 0 | Z34: 0 | AA34: =SUM(X34:Z34) -> 0 | AB34: =W34+AA34 -> 268341.84 | AC34: 139993 | AD34: 229000 | AE34: 0 | AF34: =SUM(AC34:AE34) -> 368993 | AG34: 0 | AI34: 0 | AJ34: =SUM(AG34:AI34) -> 0 | AK34: =AF34+AJ34 -> 368993 | AL34: 138331 | AM34: ='[10]TMC Prog-Eco'!$D$28 -> 239000 | AN34: 0 | AO34: =SUM(AL34:AN34) -> 377331 | AP34: 0 | AQ34: 0 | AR34: 0 | AS34: =SUM(AP34:AR34) -> 0 | AT34: =AO34+AS34 -> 377331 | AU34: 149779 | AV34: 239000 | AW34: 0 | AX34: =AU34+AV34+AW34 -> 388779 | AY34: 0 | AZ34: 0 | BA34: 0 | BB34: =AY34+AZ34+BA34 -> 0 | BC34: =AX34+BB34 -> 388779 | BD34: 156831 | BE34: 239000 | BF34: 0 | BG34: =BD34+BE34+BF34 -> 395831 | BH34: 0 | BI34: 0 | BJ34: 0 | BK34: =BH34+BI34+BJ34 -> 0 | BL34: =BG34+BK34 -> 395831
A35: MINISTERE DE L'AGRICULTURE, DE L'ELEVAGE ET DE LA PECHE | C35: =C36+C37+C38+C39 -> 7233307.7 | D35: =D36+D37+D38+D39 -> 4157363.9 | E35: =E36+E37+E38+E39 -> 14939565 | F35: =C35+D35+E35 -> 26330236 | G35: =G36+G37+G38+G39 -> 22486200 | H35: =H36+H37+H38+H39 -> 35622043 | I35: =G35+H35 -> 58108243 | J35: =F35+I35 -> 84438480 | K35: =K36+K38+K37+K39 -> 8303698.4 | L35: =L36+L38+L37+L39 -> 7351864.3 | M35: =M36+M38+M37+M39 -> 11696641 | N35: =K35+L35+M35 -> 27352204 | O35: =O36+O38+O37+O39 -> 10357924 | P35: =P36+P38+P37+P39 -> 14238315 | Q35: =Q36+Q38+Q37+Q39 -> 42362377 | R35: =O35+P35+Q35 -> 66958616 | S35: =S36+S37+S38+S39 -> 94310820 | T35: =T36+T38+T37+T39 -> 9467256.9 | U35: =U36+U38+U37+U39 -> 7151710.1 | V35: =V36+V38+V37+V39 -> 17472818 | W35: =W36+W38+W37+W39 -> 34091785 | X35: =X36+X38+X37+X39 -> 19091215 | Y35: =Y36+Y38+Y37+Y39 -> 3465146.6 | Z35: =Z36+Z38+Z37+Z39 -> 27690719 | AA35: =AA36+AA38+AA37+AA39 -> 50247081 | ... AS35: =AS36+AS38+AS37+AS39 -> 88200572 | AT35: =AO35+AS35 -> 1.4745773e+08 | AU35: =AU36+AU37+AU38+AU39 -> 7416478 | AV35: =AV36+AV37+AV38+AV39 -> 12556016 | AW35: =AW36+AW37+AW38+AW39 -> 39523588 | AX35: =AU35+AV35+AW35 -> 59496082 | AY35: =AY36+AY37+AY38+AY39 -> 43890972 | AZ35: =AZ36+AZ37+AZ38+AZ39 -> 5519999 | BA35: =BA36+BA37+BA38+BA39 -> 47500001 | BB35: =AY35+AZ35+BA35 -> 96910972 | BC35: =AX35+BB35 -> 156407054 | BD35: =BD36+BD37+BD38+BD39 -> 7656903 | BE35: =BE36+BE37+BE38+BE39 -> 12556011 | BF35: =BF36+BF37+BF38+BF39 -> 39523583 | BG35: =BD35+BE35+BF35 -> 59736497 | BH35: =BH36+BH37+BH38+BH39 -> 52173974 | BI35: =BI36+BI37+BI38+BI39 -> 2150000 | BJ35: =BJ36+BJ37+BJ38+BJ39 -> 42999999 | BK35: =BH35+BI35+BJ35 -> 97323973 | BL35: =BG35+BK35 -> 157060470
A36: 035 | B36: Pilotage et soutiens aux services du MAEP | C36: ='[11]Classification prog-économique'!$D$30*1000 -> 1261809 | D36: ='[2]Classification prog-économique'!$G$30*1000 -> 2515397.8 | E36: ='[2]Classification prog-économique'!$J$30*1000 -> 339000 | F36: =C36+D36+E36 -> 4116206.9 | G36: ='[2]Classification prog-économique'!$P$30*1000 -> 2363690.2 | H36: ='[2]Classification prog-économique'!$S$30*1000 -> 0 | I36: =G36+H36 -> 2363690.2 | J36: =F36+I36 -> 6479897 | K36: ='[3]Classification programmatique'!$D$30*1000 -> 1206928.9 | L36: ='[3]Classification programmatique'!$G$30*1000 -> 3182077.7 | M36: ='[3]Classification programmatique'!$J$30*1000 -> 292730.38 | N36: =K36+L36+M36 -> 4681737 | O36: ='[3]Classification programmatique'!$P$30*1000 -> 181629.58 | P36: 0 | Q36: 0 | R36: =O36+P36+Q36 -> 181629.58 | S36: =N36+R36 -> 4863366.5 | T36: ='[6]Classification programmatique'!$D$30*1000 -> 1536484.1 | U36: ='[6]Classification programmatique'!$G$30*1000 -> 3038969.2 | V36: ='[6]Classification programmatique'!$J$30*1000 -> 476031.55 | W36: =SUM(T36:V36) -> 5051484.8 | X36: ='[6]Classification programmatique'!$P$30*1000 -> 535541.06 | Y36: 0 | Z36: 0 | AA36: =SUM(X36:Z36) -> 535541.06 | AB36: =W36+AA36 -> 5587025.9 | AC36: 2771100 | AD36: 7007660 | AE36: 586837 | AF36: =SUM(AC36:AE36) -> 10365597 | AG36: 863920 | AJ36: =SUM(AG36:AI36) -> 863920 | AK36: =AF36+AJ36 -> 11229517 | AL36: ='[10]TMC Prog-Eco'!$C$31 -> 2077266.6 | AM36: ='[10]TMC Prog-Eco'!$D$31 -> 7045657 | AN36: ='[10]TMC Prog-Eco'!$E$31 -> 595037 | AO36: =SUM(AL36:AN36) -> 9717960.6 | AP36: ='[10]TMC Prog-Eco'!$H$31 -> 1295688.6 | AQ36: 0 | AR36: 0 | AS36: =SUM(AP36:AR36) -> 1295688.6 | AT36: =AO36+AS36 -> 11013649 | AU36: 2138057 | AV36: 7045657 | AW36: 595037 | AX36: =AU36+AV36+AW36 -> 9778751 | AY36: 1603057 | BB36: =AY36+AZ36+BA36 -> 1603057 | BC36: =AX36+BB36 -> 11381808 | BD36: 2199221 | BE36: 7045657 | BF36: 595032 | BG36: =BD36+BE36+BF36 -> 9839910 | BH36: 1849372 | BK36: =BH36+BI36+BJ36 -> 1849372 | BL36: =BG36+BK36 -> 11689282
A37: 036 | B37: Agriculture | C37: ='[2]Classification prog-économique'!$D$31*1000 -> 4985554.3 | D37: ='[2]Classification prog-économique'!$G$31*1000 -> 1371593.1 | E37: ='[2]Classification prog-économique'!$J$31*1000 -> 14600565 | F37: =C37+D37+E37 -> 20957712 | G37: ='[2]Classification prog-économique'!$P$31*1000 -> 14795920 | H37: ='[2]Classification prog-économique'!$S$31*1000 -> 35622043 | I37: =G37+H37 -> 50417963 | J37: =F37+I37 -> 71375676 | K37: ='[3]Classification programmatique'!$D$31*1000 -> 6687457.4 | L37: ='[3]Classification programmatique'!$G$31*1000 -> 3820180.2 | M37: ='[3]Classification programmatique'!$J$31*1000 -> 11403911 | N37: =K37+L37+M37 -> 21911549 | O37: ='[3]Classification programmatique'!$P$31*1000 -> 6959115.3 | P37: ='[3]Classification programmatique'!$S$31*1000 -> 14109482 | Q37: ='[3]Classification programmatique'!$V$31*1000 -> 42310669 | R37: =O37+P37+Q37 -> 63379267 | S37: =N37+R37 -> 85290815 | T37: ='[6]Classification programmatique'!$D$31*1000 -> 6367288.2 | U37: ='[6]Classification programmatique'!$G$31*1000 -> 3736881.9 | V37: ='[6]Classification programmatique'!$J$31*1000 -> 16996786 | W37: =SUM(T37:V37) -> 27100956 | X37: ='[6]Classification programmatique'!$P$31*1000 -> 13027795 | Y37: ='[6]Classification programmatique'!$S$31*1000 -> 2849735.6 | Z37: ='[6]Classification programmatique'!$V$31*1000 -> 27650474 | AA37: =SUM(X37:Z37) -> 43528004 | AB37: =W37+AA37 -> 70628960 | AC37: 6592120 | AD37: 4592842 | AE37: 37836751 | AF37: =SUM(AC37:AE37) -> 49021713 | AG37: 20552562 | AH37: 9866831 | AI37: 34078389 | AJ37: =SUM(AG37:AI37) -> 64497782 | AK37: =AF37+AJ37 -> 1.135195e+08 | AL37: ='[10]TMC Prog-Eco'!$C$32 -> 4424232.7 | AM37: ='[10]TMC Prog-Eco'!$D$32 -> 4529844.5 | AN37: ='[10]TMC Prog-Eco'!$E$32 -> 37828551 | AO37: =SUM(AL37:AN37) -> 46782628 | AP37: ='[10]TMC Prog-Eco'!$H$32 -> 23482215 | AQ37: ='[10]TMC Prog-Eco'!$J$32 -> 4933028.3 | AR37: ='[10]TMC Prog-Eco'!$L$32 -> 35205130 | AS37: =SUM(AP37:AR37) -> 63620373 | AT37: =AO37+AS37 -> 1.10403e+08 | AU37: 4579225 | AV37: 4529845 | AW37: 37828551 | AX37: =AU37+AV37+AW37 -> 46937621 | AY37: 30029959 | AZ37: 4823311 | BA37: 38376320 | BB37: =AY37+AZ37+BA37 -> 73229590 | BC37: =AX37+BB37 -> 120167211 | BD37: 4735194 | BE37: 4529840 | BF37: 37828551 | BG37: =BD37+BE37+BF37 -> 47093585 | BH37: 34582677 | BI37: 1950000 | BJ37: 36489772 | BK37: =BH37+BI37+BJ37 -> 73022449 | BL37: =BG37+BK37 -> 120116034
A38: 037 | B38: Elevage | C38: ='[2]Classification prog-économique'!$D$32*1000 -> 388083.01 | D38: ='[2]Classification prog-économique'!$G$32*1000 -> 133759.08 | E38: ='[2]Classification prog-économique'!$J$32*1000 -> 0 | F38: =C38+D38+E38 -> 521842.1 | G38: ='[2]Classification prog-économique'!$P$32*1000 -> 2942404.7 | H38: ='[2]Classification prog-économique'!$S$32*1000 -> 0 | I38: =G38+H38 -> 2942404.7 | J38: =F38+I38 -> 3464246.8 | K38: ='[3]Classification programmatique'!$D$32*1000 -> 409312.11 | L38: ='[3]Classification programmatique'!$G$32*1000 -> 204569.68 | M38: ='[3]Classification programmatique'!$J$32*1000 -> 0 | N38: =K38+L38+M38 -> 613881.79 | O38: ='[3]Classification programmatique'!$P$32*1000 -> 1497586.1 | P38: ='[3]Classification programmatique'!$S$32*1000 -> 128833 | Q38: ='[3]Classification programmatique'!$V$32*1000 -> 51707.236 | R38: =O38+P38+Q38 -> 1678126.3 | S38: =N38+R38 -> 2292008.1 | T38: ='[6]Classification programmatique'!$D$32*1000 -> 1330779.8 | U38: ='[6]Classification programmatique'!$G$32*1000 -> 208805.87 | V38: 0 | W38: =SUM(T38:V38) -> 1539585.6 | X38: ='[6]Classification programmatique'!$P$32*1000 -> 3705825 | Y38: ='[6]Classification programmatique'!$S$32*1000 -> 615411 | Z38: ='[6]Classification programmatique'!$V$32*1000 -> 40245.161 | AA38: =SUM(X38:Z38) -> 4361481.2 | AB38: =W38+AA38 -> 5901066.8 | AC38: 507992 | AD38: 442370 | AE38: 150000 | AF38: =SUM(AC38:AE38) -> 1100362 | AG38: 6434777 | AH38: 1116972 | AI38: 6340798.2 | AJ38: =SUM(AG38:AI38) -> 13892547 | AK38: =AF38+AJ38 -> 14992909 | AL38: ='[10]TMC Prog-Eco'!$C$33 -> 381789.69 | AM38: ='[10]TMC Prog-Eco'!$D$33 -> 457370 | AN38: ='[10]TMC Prog-Eco'!$E$33 -> 1050000 | AO38: =SUM(AL38:AN38) -> 1889159.7 | AP38: ='[10]TMC Prog-Eco'!$H$33 -> 7048974.1 | AQ38: ='[10]TMC Prog-Eco'!$J$33 -> 1116971.7 | AR38: ='[10]TMC Prog-Eco'!$L$33 -> 8197315.7 | AS38: =SUM(AP38:AR38) -> 16363262 | AT38: =AO38+AS38 -> 18252421 | AU38: 394461 | AV38: 457370 | AW38: 1050000 | AX38: =AU38+AV38+AW38 -> 1901831 | AY38: 5671351 | AZ38: 696688 | BA38: 8197316 | BB38: =AY38+AZ38+BA38 -> 14565355 | BC38: =AX38+BB38 -> 16467186 | BD38: 407213 | BE38: 457370 | BF38: 1050000 | BG38: =BD38+BE38+BF38 -> 1914583 | BH38: 8143272 | BI38: 200000 | BJ38: 5849217 | BK38: =BH38+BI38+BJ38 -> 14192489 | BL38: =BG38+BK38 -> 16107072
A39: 038 | B39: Pêche et aquaculture | C39: ='[2]Classification prog-économique'!$D$33*1000 -> 597861.28 | D39: ='[2]Classification prog-économique'!$G$33*1000 -> 136613.86 | E39: ='[2]Classification prog-économique'!$J$33*1000 -> 0 | F39: =C39+D39+E39 -> 734475.14 | G39: ='[2]Classification prog-économique'!$P$33*1000 -> 2384185.2 | H39: ='[2]Classification prog-économique'!$S$33*1000 -> 0 | I39: =G39+H39 -> 2384185.2 | J39: =F39+I39 -> 3118660.3 | K39: 0 | L39: ='[3]Classification programmatique'!$G$33*1000 -> 145036.77 | M39: 0 | N39: =K39+L39+M39 -> 145036.77 | O39: ='[3]Classification programmatique'!$P$33*1000 -> 1719593.4 | P39: 0 | Q39: 0 | R39: =O39+P39+Q39 -> 1719593.4 | S39: =N39+R39 -> 1864630.1 | T39: ='[6]Classification programmatique'!$D$33*1000 -> 232704.91 | U39: ='[6]Classification programmatique'!$G$33*1000 -> 167053.19 | V39: 0 | W39: =SUM(T39:V39) -> 399758.1 | X39: ='[6]Classification programmatique'!$P$33*1000 -> 1822054.3 | Y39: ='[6]Classification programmatique'!$S$33*1000 -> 0 | Z39: 0 | AA39: =SUM(X39:Z39) -> 1822054.3 | AB39: =W39+AA39 -> 2221812.4 | AC39: 494078 | AD39: 513144 | AE39: 50000 | AF39: =SUM(AC39:AE39) -> 1057222 | AG39: 5199314 | AH39: 0 | AI39: 1597554.7 | AJ39: =SUM(AG39:AI39) -> 6796868.7 | AK39: =AF39+AJ39 -> 7854090.7 | AL39: ='[10]TMC Prog-Eco'!$C$34 -> 294262.18 | AM39: ='[10]TMC Prog-Eco'!$D$34 -> 523144 | AN39: ='[10]TMC Prog-Eco'!$E$34 -> 50000 | AO39: =SUM(AL39:AN39) -> 867406.18 | AP39: ='[10]TMC Prog-Eco'!$H$34 -> 5323694.6 | AQ39: 0 | AR39: ='[10]TMC Prog-Eco'!$L$34 -> 1597554.7 | AS39: =SUM(AP39:AR39) -> 6921249.3 | AT39: =AO39+AS39 -> 7788655.5 | AU39: 304735 | AV39: 523144 | AW39: 50000 | AX39: =AU39+AV39+AW39 -> 877879 | AY39: 6586605 | AZ39: 0 | BA39: 926365 | BB39: =AY39+AZ39+BA39 -> 7512970 | BC39: =AX39+BB39 -> 8390849 | BD39: 315275 | BE39: 523144 | BF39: 50000 | BG39: =BD39+BE39+BF39 -> 888419 | BH39: 7598653 | BI39: 0 | BJ39: 661010 | BK39: =BH39+BI39+BJ39 -> 8259663 | BL39: =BG39+BK39 -> 9148082
A40: MINISTERE DE LA DECENTRALISATION ET DE LA GOUVERNANCE LOCALE | C40: =C41+C42+C43 -> 1838331.1 | D40: =D41+D42+D43 -> 2778119.5 | E40: =E41+E42+E43 -> 15086461 | F40: =C40+D40+E40 -> 19702912 | G40: =G41+G42+G43 -> 20530400 | H40: =H41+H42+H43 -> 13257765 | I40: =G40+H40 -> 33788165 | J40: =F40+I40 -> 53491077 | K40: =K41+K42+K43 -> 2510130.6 | L40: =L41+L42+L43 -> 2584426 | M40: =M41+M42+M43 -> 21769997 | N40: =K40+L40+M40 -> 26864554 | O40: =O41+O42+O43 -> 24117093 | P40: =P41+P42+P43 -> 0 | Q40: =Q41+Q42+Q43 -> 0 | R40: =O40+P40+Q40 -> 24117093 | S40: =S41+S42+S43 -> 50981647 | T40: =T41+T42+T43 -> 2299640.7 | U40: =U41+U42+U43 -> 3034807.6 | V40: =V41+V42+V43 -> 24516050 | W40: =T40+U40+V40 -> 29850499 | X40: =X41+X42+X43 -> 16455478 | Y40: =Y41+Y42+Y43 -> 0 | Z40: =Z41+Z42+Z43 -> 0 | AA40: =X40+Y40+Z40 -> 16455478 | AB40: =W40+AA40 -> 46305977 | AC40: =AC41+AC42+AC43 -> 2675810 | AD40: =AD41+AD42+AD43 -> 3870075 | AE40: =AE41+AE42+AE43 -> 24368850 | AF40: =AC40+AD40+AE40 -> 30914735 | AG40: =AG41+AG42+AG43 -> 13617693 | AH40: =AH41+AH42+AH43 -> 8920555 | AI40: =AI41+AI42+AI43 -> 0 | AJ40: =AG40+AH40+AI40 -> 22538248 | AK40: =AF40+AJ40 -> 53452983 | AL40: =AL41+AL42+AL43 -> 2430494.9 | AM40: =AM41+AM42+AM43 -> 3870075 | AN40: =AN41+AN42+AN43 -> 24368850 | AO40: =AL40+AM40+AN40 -> 30669420 | AP40: =AP41+AP42+AP43 -> 24624785 | AQ40: =AQ41+AQ42+AQ43 -> 0 | AR40: =AR41+AR42+AR43 -> 0 | AS40: =AP40+AQ40+AR40 -> 24624785 | AT40: =AO40+AS40 -> 55294205 | AU40: =AU41+AU42+AU43 -> 2489649 | AV40: =AV41+AV42+AV43 -> 3870075 | AW40: =AW41+AW42+AW43 -> 24368850 | AX40: =AU40+AV40+AW40 -> 30728574 | AY40: =AY41+AY42+AY43 -> 26244898 | AZ40: =AZ41+AZ42+AZ43 -> 0 | BA40: =BA41+BA42+BA43 -> 0 | BB40: =AY40+AZ40+BA40 -> 26244898 | BC40: =AX40+BB40 -> 56973472 | BD40: =BD41+BD42+BD43 -> 2584174 | BE40: =BE41+BE42+BE43 -> 3870075 | BF40: =BF41+BF42+BF43 -> 24368850 | BG40: =BD40+BE40+BF40 -> 30823099 | BH40: =BH41+BH42+BH43 -> 45616932 | BI40: =BI41+BI42+BI43 -> 0 | BJ40: =BJ41+BJ42+BJ43 -> 0 | BK40: =BH40+BI40+BJ40 -> 45616932 | BL40: =BG40+BK40 -> 76440031
A41: 039 | B41: Pilotage et soutien aux services du MDGL | C41: ='[2]Classification prog-économique'!$D$35*1000 -> 1023152.6 | D41: ='[2]Classification prog-économique'!$G$35*1000 -> 1800291.8 | E41: ='[2]Classification prog-économique'!$J$35*1000 -> 53150 | F41: =C41+D41+E41 -> 2876594.4 | G41: ='[2]Classification prog-économique'!$P$35*1000 -> 484400 | H41: ='[2]Classification prog-économique'!$S$35*1000 -> 0 | I41: =G41+H41 -> 484400 | J41: =F41+I41 -> 3360994.4 | K41: ='[3]Classification programmatique'!$D$35*1000 -> 1925686.8 | L41: ='[3]Classification programmatique'!$G$35*1000 -> 1712191.7 | M41: ='[3]Classification programmatique'!$J$35*1000 -> 30000 | N41: =K41+L41+M41 -> 3667878.5 | O41: ='[3]Classification programmatique'!$P$35*1000 -> 607092.84 | P41: 0 | Q41: 0 | R41: =O41+P41+Q41 -> 607092.84 | S41: =N41+R41 -> 4274971.3 | T41: ='[6]Classification programmatique'!$D$35*1000 -> 831814.34 | U41: ='[6]Classification programmatique'!$G$35*1000 -> 1114122.1 | W41: =SUM(T41:V41) -> 1945936.5 | X41: ='[6]Classification programmatique'!$P$35*1000 -> 912078.21 | Y41: 0 | Z41: 0 | AA41: =X41+Y41+Z41 -> 912078.21 | AB41: =W41+AA41 -> 2858014.7 | AC41: 1182243 | AD41: 1549004 | AE41: 0 | AF41: =SUM(AC41:AE41) -> 2731247 | AG41: 114200 | AH41: 0 | AI41: 0 | AJ41: =AG41+AH41+AI41 -> 114200 | AK41: =AF41+AJ41 -> 2845447 | AL41: ='[10]TMC Prog-Eco'!$C$36 -> 1135323.9 | AM41: ='[10]TMC Prog-Eco'!$D$36 -> 1518123.8 | AN41: 0 | AO41: =SUM(AL41:AN41) -> 2653447.7 | AP41: ='[10]TMC Prog-Eco'!$H$36 -> 30030 | AQ41: 0 | AR41: 0 | AS41: =AP41+AQ41+AR41 -> 30030 | AT41: =AO41+AS41 -> 2683477.7 | AU41: 1162956 | AV41: 1518124 | AW41: 0 | AX41: =AU41+AV41+AW41 -> 2681080 | AY41: 0 | AZ41: 0 | BA41: 0 | BB41: =AY41+AZ41+BA41 -> 0 | BC41: =AX41+BB41 -> 2681080 | BD41: 1207110 | BE41: 1518124 | BF41: 0 | BG41: =BD41+BE41+BF41 -> 2725234 | BH41: 0 | BI41: 0 | BJ41: 0 | BK41: =BH41+BI41+BJ41 -> 0 | BL41: =BG41+BK41 -> 2725234
A42: 040 | B42: Gouvernance et développement à la base | C42: ='[2]Classification prog-économique'!$D$36*1000 -> 259429.68 | D42: ='[2]Classification prog-économique'!$G$36*1000 -> 105865.07 | E42: ='[2]Classification prog-économique'!$J$36*1000 -> 14490000 | F42: =C42+D42+E42 -> 14855295 | G42: ='[2]Classification prog-économique'!$P$36*1000 -> 20046000 | H42: ='[2]Classification prog-économique'!$S$36*1000 -> 13257765 | I42: =G42+H42 -> 33303765 | J42: =F42+I42 -> 48159060 | K42: ='[3]Classification programmatique'!$D$36*1000 -> 257592.52 | L42: ='[3]Classification programmatique'!$G$36*1000 -> 53085.33 | M42: ='[3]Classification programmatique'!$J$36*1000 -> 20867601 | N42: =K42+L42+M42 -> 21178279 | O42: ='[3]Classification programmatique'!$P$36*1000 -> 23510000 | P42: 0 | Q42: 0 | R42: =O42+P42+Q42 -> 23510000 | S42: =N42+R42 -> 44688279 | T42: ='[6]Classification programmatique'!$D$36*1000 -> 173294.01 | U42: ='[6]Classification programmatique'!$G$36*1000 -> 205658 | V42: ='[6]Classification programmatique'!$J$36*1000 -> 24516050 | W42: =SUM(T42:V42) -> 24895002 | X42: ='[6]Classification programmatique'!$P$36*1000 -> 15543400 | Y42: ='[6]Classification programmatique'!$S$36*1000 -> 0 | Z42: 0 | AA42: =X42+Y42+Z42 -> 15543400 | AB42: =W42+AA42 -> 40438402 | AC42: 145690 | AD42: 216420 | AE42: 24368850 | AF42: =SUM(AC42:AE42) -> 24730960 | AG42: =8000+13495493 -> 13503493 | AH42: 8920555 | AI42: 0 | AJ42: =AG42+AH42+AI42 -> 22424048 | AK42: =AF42+AJ42 -> 47155008 | AL42: ='[10]TMC Prog-Eco'!$C$37 -> 127580.9 | AM42: ='[10]TMC Prog-Eco'!$D$37 -> 226504 | AN42: ='[10]TMC Prog-Eco'!$E$37 -> 24368850 | AO42: =SUM(AL42:AN42) -> 24722935 | AP42: ='[10]TMC Prog-Eco'!$H$37 -> 24594755 | AQ42: 0 | AR42: 0 | AS42: =AP42+AQ42+AR42 -> 24594755 | AT42: =AO42+AS42 -> 49317690 | AU42: 130686 | AV42: 226504 | AW42: 24368850 | AX42: =AU42+AV42+AW42 -> 24726040 | AY42: 26244898 | AZ42: 0 | BA42: 0 | BB42: =AY42+AZ42+BA42 -> 26244898 | BC42: =AX42+BB42 -> 50970938 | BD42: 135648 | BE42: 226504 | BF42: 24368850 | BG42: =BD42+BE42+BF42 -> 24731002 | BH42: 45616932 | BI42: 0 | BJ42: 0 | BK42: =BH42+BI42+BJ42 -> 45616932 | BL42: =BG42+BK42 -> 70347934
A43: 041 | B43: Appui à la déconcentration | C43: ='[2]Classification prog-économique'!$D$37*1000 -> 555748.8 | D43: ='[2]Classification prog-économique'!$G$37*1000 -> 871962.66 | E43: ='[2]Classification prog-économique'!$J$37*1000 -> 543311.24 | F43: =C43+D43+E43 -> 1971022.7 | G43: ='[2]Classification prog-économique'!$P$37*1000 -> 0 | H43: ='[2]Classification prog-économique'!$S$37*1000 -> 0 | I43: =G43+H43 -> 0 | J43: =F43+I43 -> 1971022.7 | K43: ='[3]Classification programmatique'!$D$37*1000 -> 326851.27 | L43: ='[3]Classification programmatique'!$G$37*1000 -> 819148.92 | M43: ='[3]Classification programmatique'!$J$37*1000 -> 872396.48 | N43: =K43+L43+M43 -> 2018396.7 | O43: 0 | R43: =O43+P43+Q43 -> 0 | S43: =N43+R43 -> 2018396.7 | T43: ='[6]Classification programmatique'!$D$37*1000 -> 1294532.4 | U43: ='[6]Classification programmatique'!$G$37*1000 -> 1715027.5 | V43: 0 | W43: =SUM(T43:V43) -> 3009559.9 | X43: 0 | AA43: =X43+Y43+Z43 -> 0 | AB43: =W43+AA43 -> 3009559.9 | AC43: 1347877 | AD43: 2104651 | AF43: =SUM(AC43:AE43) -> 3452528 | AG43: 0 | AJ43: =AG43+AH43+AI43 -> 0 | AK43: =AF43+AJ43 -> 3452528 | AL43: ='[10]TMC Prog-Eco'!$C$38 -> 1167590.1 | AM43: ='[10]TMC Prog-Eco'!$D$38 -> 2125447.2 | AN43: 0 | AO43: =SUM(AL43:AN43) -> 3293037.3 | AP43: 0 | AS43: =AP43+AQ43+AR43 -> 0 | AT43: =AO43+AS43 -> 3293037.3 | AU43: 1196007 | AV43: 2125447 | AX43: =AU43+AV43+AW43 -> 3321454 | AY43: 0 | AZ43: 0 | BA43: 0 | BB43: =AY43+AZ43+BA43 -> 0 | BC43: =AX43+BB43 -> 3321454 | BD43: 1241416 | BE43: 2125447 | BG43: =BD43+BE43+BF43 -> 3366863 | BH43: 0 | BI43: 0 | BJ43: 0 | BK43: =BH43+BI43+BJ43 -> 0 | BL43: =BG43+BK43 -> 3366863
A44: MINISTERE DU TRAVAIL ET DE LA FONCTION PUBLIQUE | C44: =C45+C46+C47 -> 2020559.8 | D44: =D45+D46+D47 -> 2811537.5 | E44: =E45+E46+E47 -> 127754.68 | F44: =C44+D44+E44 -> 4959851.9 | G44: =G45+G46+G47 -> 117321.72 | H44: =H45+H46+H47 -> 1000000 | I44: =G44+H44 -> 1117321.7 | J44: =F44+I44 -> 6077173.7 | K44: =K45+K46+K47+0 -> 2842122.4 | L44: =L45+L46+L47+0 -> 1787573.8 | M44: =M45+M46+M47+0 -> 102820.91 | N44: =K44+L44+M44 -> 4732517.1 | O44: =O45+O46+O47+0 -> 219057.82 | P44: =P45+P46+P47+0 -> 0 | Q44: =Q45+Q46+Q47+0 -> 0 | R44: =O44+P44+Q44 -> 219057.82 | S44: =S45+S46+S47 -> 4951574.9 | T44: =T45+T46+T47+0 -> 2976227.8 | U44: =U45+U46+U47+0 -> 2303430.6 | V44: =V45+V46+V47+0 -> 42968.898 | W44: =W45+W46+W47+0 -> 5322627.2 | X44: =X45+X46+X47+0 -> 374031.41 | Y44: =Y45+Y46+Y47+0 -> 0 | Z44: =Z45+Z46+Z47+0 -> 0 | AA44: =AA45+AA46+AA47+0 -> 374031.41 | ... AS44: =AS45+AS46+AS47+0 -> 300000 | AT44: =AO44+AS44 -> 7960796 | AU44: =AU45+AU46+AU47 -> 3331378 | AV44: =AV45+AV46+AV47 -> 4384795 | AW44: =AW45+AW46+AW47 -> 46000 | AX44: =AU44+AV44+AW44 -> 7762173 | AY44: =AY45+AY46+AY47 -> 300000 | AZ44: =AZ45+AZ46+AZ47 -> 0 | BA44: =BA45+BA46+BA47 -> 0 | BB44: =AY44+AZ44+BA44 -> 300000 | BC44: =AX44+BB44 -> 8062173 | BD44: =BD45+BD46+BD47 -> 3437596 | BE44: =BE45+BE46+BE47 -> 4384793 | BF44: =BF45+BF46+BF47 -> 46000 | BG44: =BD44+BE44+BF44 -> 7868389 | BH44: =BH45+BH46+BH47 -> 300000 | BI44: =BI45+BI46+BI47 -> 0 | BJ44: =BJ45+BJ46+BJ47 -> 0 | BK44: =BH44+BI44+BJ44 -> 300000 | BL44: =BG44+BK44 -> 8168389
A45: 042 | B45: Pilotage et soutien aux services du MTFP | C45: ='[2]Classification prog-économique'!$D$39*1000 -> 1791310.6 | D45: ='[2]Classification prog-économique'!$G$39*1000 -> 2191783.6 | E45: ='[2]Classification prog-économique'!$J$39*1000 -> 27754.68 | F45: =C45+D45+E45 -> 4010849 | G45: ='[2]Classification prog-économique'!$P$39*1000 -> 117321.72 | H45: ='[2]Classification prog-économique'!$S$39*1000 -> 0 | I45: =G45+H45 -> 117321.72 | J45: =F45+I45 -> 4128170.7 | K45: ='[3]Classification programmatique'!$D$39*1000 -> 1726491.4 | L45: ='[3]Classification programmatique'!$G$39*1000 -> 1443104.8 | M45: ='[3]Classification programmatique'!$J$39*1000 -> 27820.912 | N45: =K45+L45+M45 -> 3197417.1 | O45: ='[3]Classification programmatique'!$P$39*1000 -> 9789.7 | P45: 0 | Q45: 0 | R45: =O45+P45+Q45 -> 9789.7 | S45: =N45+R45 -> 3207206.8 | T45: ='[6]Classification programmatique'!$D$39*1000 -> 2016644.3 | U45: ='[6]Classification programmatique'!$G$39*1000 -> 1701834.1 | V45: ='[6]Classification programmatique'!$J$39*1000 -> 42968.898 | W45: =SUM(T45:V45) -> 3761447.3 | X45: ='[6]Classification programmatique'!$P$39*1000 -> 35917.874 | Y45: 0 | Z45: 0 | AA45: =X45+Y45+Z45 -> 35917.874 | AB45: =W45+AA45 -> 3797365.2 | AC45: 2028804 | AD45: 3222096 | AE45: 46000 | AF45: =SUM(AC45:AE45) -> 5296900 | AG45: 100000 | AH45: 0 | AI45: 0 | AJ45: =AG45+AH45+AI45 -> 100000 | AK45: =AF45+AJ45 -> 5396900 | AL45: ='[10]TMC Prog-Eco'!$C$40 -> 2015450.4 | AM45: ='[10]TMC Prog-Eco'!$D$40 -> 3272096 | AN45: ='[10]TMC Prog-Eco'!$E$40 -> 46000 | AO45: =SUM(AL45:AN45) -> 5333546.4 | AP45: ='[10]TMC Prog-Eco'!$H$40 -> 100000 | AQ45: 0 | AR45: 0 | AS45: =AP45+AQ45+AR45 -> 100000 | AT45: =AO45+AS45 -> 5433546.4 | AU45: 2078639 | AV45: 3272096 | AW45: 46000 | AX45: =AU45+AV45+AW45 -> 5396735 | AY45: 100000 | AZ45: 0 | BA45: 0 | BB45: =AY45+AZ45+BA45 -> 100000 | BC45: =AX45+BB45 -> 5496735 | BD45: 2144845 | BE45: 3272094 | BF45: 46000 | BG45: =BD45+BE45+BF45 -> 5462939 | BH45: 100000 | BI45: 0 | BJ45: 0 | BK45: =BH45+BI45+BJ45 -> 100000 | BL45: =BG45+BK45 -> 5562939
A46: 043 | B46: Travail et Sécurité Sociale | C46: ='[2]Classification prog-économique'!$D$40*1000 -> 6718.196 | D46: ='[2]Classification prog-économique'!$G$40*1000 -> 337974.88 | E46: ='[2]Classification prog-économique'!$J$40*1000 -> 100000 | F46: =C46+D46+E46 -> 444693.07 | G46: ='[2]Classification prog-économique'!$P$40*1000 -> 0 | H46: ='[11]Classification prog-économique'!$S$40*1000 -> 1000000 | I46: =G46+H46 -> 1000000 | J46: =F46+I46 -> 1444693.1 | K46: ='[3]Classification programmatique'!$D$40*1000 -> 288626.99 | L46: ='[3]Classification programmatique'!$G$40*1000 -> 103087.97 | M46: ='[3]Classification programmatique'!$J$40*1000 -> 75000 | N46: =K46+L46+M46 -> 466714.95 | O46: 0 | P46: 0 | Q46: 0 | R46: =O46+P46+Q46 -> 0 | S46: =N46+R46 -> 466714.95 | T46: ='[6]Classification programmatique'!$D$40*1000 -> 224512.87 | U46: ='[6]Classification programmatique'!$G$40*1000 -> 256040.2 | V46: 0 | W46: =SUM(T46:V46) -> 480553.07 | X46: 0 | Y46: 0 | Z46: 0 | AA46: =X46+Y46+Z46 -> 0 | AB46: =W46+AA46 -> 480553.07 | AC46: 300435 | AD46: 485669 | AE46: 0 | AF46: =SUM(AC46:AE46) -> 786104 | AG46: 0 | AH46: 0 | AI46: 0 | AJ46: =AG46+AH46+AI46 -> 0 | AK46: =AF46+AJ46 -> 786104 | AL46: ='[10]TMC Prog-Eco'!$C$41 -> 291826.49 | AM46: ='[10]TMC Prog-Eco'!$D$41 -> 455669 | AN46: 0 | AO46: =SUM(AL46:AN46) -> 747495.49 | AP46: 0 | AQ46: 0 | AR46: 0 | AS46: =AP46+AQ46+AR46 -> 0 | AT46: =AO46+AS46 -> 747495.49 | AU46: 299679 | AV46: 455669 | AW46: 0 | AX46: =AU46+AV46+AW46 -> 755348 | AY46: 0 | AZ46: 0 | BA46: 0 | BB46: =AY46+AZ46+BA46 -> 0 | BC46: =AX46+BB46 -> 755348 | BD46: 307907 | BE46: 455669 | BF46: 0 | BG46: =BD46+BE46+BF46 -> 763576 | BH46: 0 | BI46: 0 | BJ46: 0 | BK46: =BH46+BI46+BJ46 -> 0 | BL46: =BG46+BK46 -> 763576
A47: 044 | B47: Modernisation de l'administration publique | C47: ='[2]Classification prog-économique'!$D$41*1000 -> 222530.97 | D47: ='[2]Classification prog-économique'!$G$41*1000 -> 281778.93 | E47: ='[2]Classification prog-économique'!$J$41*1000 -> 0 | F47: =C47+D47+E47 -> 504309.9 | G47: ='[2]Classification prog-économique'!$P$41*1000 -> 0 | H47: ='[2]Classification prog-économique'!$S$41*1000 -> 0 | I47: =G47+H47 -> 0 | J47: =F47+I47 -> 504309.9 | K47: ='[3]Classification programmatique'!$D$41*1000 -> 827004.01 | L47: ='[3]Classification programmatique'!$G$41*1000 -> 241381.03 | M47: 0 | N47: =K47+L47+M47 -> 1068385 | O47: ='[3]Classification programmatique'!$P$41*1000 -> 209268.12 | P47: 0 | Q47: 0 | R47: =O47+P47+Q47 -> 209268.12 | S47: =N47+R47 -> 1277653.2 | T47: ='[6]Classification programmatique'!$D$41*1000 -> 735070.62 | U47: ='[6]Classification programmatique'!$G$41*1000 -> 345556.21 | V47: 0 | W47: =SUM(T47:V47) -> 1080626.8 | X47: ='[6]Classification programmatique'!$P$41*1000 -> 338113.54 | Y47: ='[6]Classification programmatique'!$S$41*1000 -> 0 | Z47: 0 | AA47: =X47+Y47+Z47 -> 338113.54 | AB47: =W47+AA47 -> 1418740.4 | AC47: 935408 | AD47: 677030 | AE47: 0 | AF47: =SUM(AC47:AE47) -> 1612438 | AG47: 200000 | AH47: 0 | AI47: 0 | AJ47: =AG47+AH47+AI47 -> 200000 | AK47: =AF47+AJ47 -> 1812438 | AL47: ='[10]TMC Prog-Eco'!$C$42 -> 922724.02 | AM47: ='[10]TMC Prog-Eco'!$D$42 -> 657030 | AN47: 0 | AO47: =SUM(AL47:AN47) -> 1579754 | AP47: ='[10]TMC Prog-Eco'!$H$42 -> 200000 | AQ47: 0 | AR47: 0 | AS47: =AP47+AQ47+AR47 -> 200000 | AT47: =AO47+AS47 -> 1779754 | AU47: 953060 | AV47: 657030 | AW47: 0 | AX47: =AU47+AV47+AW47 -> 1610090 | AY47: 200000 | AZ47: 0 | BA47: 0 | BB47: =AY47+AZ47+BA47 -> 200000 | BC47: =AX47+BB47 -> 1810090 | BD47: 984844 | BE47: 657030 | BF47: 0 | BG47: =BD47+BE47+BF47 -> 1641874 | BH47: 200000 | BI47: 0 | BJ47: 0 | BK47: =BH47+BI47+BJ47 -> 200000 | BL47: =BG47+BK47 -> 1841874
A48: MINISTERE DE LA SANTE | C48: =C49+C50+C51 -> 32255331 | D48: =D49+D50+D51 -> 8390681.2 | E48: =E49+E50+E51 -> 23046625 | F48: =C48+D48+E48 -> 63692637 | G48: =G49+G50+G51 -> 9607310.9 | H48: =H49+H50+H51 -> 64732633 | I48: =G48+H48 -> 74339944 | J48: =F48+I48 -> 1.3803258e+08 | K48: =K49+K50+K51 -> 43085256 | L48: =L49+L50+L51 -> 5736964 | M48: =M49+M50+M51 -> 27125027 | N48: =K48+L48+M48 -> 75947247 | O48: =O49+O50+O51 -> 10325657 | P48: =P49+P50+P51 -> 2322516 | Q48: =Q49+Q50+Q51 -> 27013752 | R48: =O48+P48+Q48 -> 39661925 | S48: =N48+R48 -> 1.1560917e+08 | T48: =T49+T50+T51 -> 41459147 | U48: =U49+U50+U51 -> 6853278.4 | V48: =V49+V50+V51 -> 35680470 | W48: =W49+W50+W51 -> 83992895 | X48: =X49+X50+X51 -> 10005938 | Y48: =Y49+Y50+Y51 -> 0 | Z48: =Z49+Z50+Z51 -> 27211160 | AA48: =AA49+AA50+AA51 -> 37217099 | ... AS48: =AS49+AS50+AS51 -> 93084673 | AT48: =AO48+AS48 -> 1.9805451e+08 | AU48: =AU49+AU50+AU51 -> 48183318 | AV48: =AV49+AV50+AV51 -> 10686566 | AW48: =AW49+AW50+AW51 -> 47730243 | AX48: =AU48+AV48+AW48 -> 106600127 | AY48: =AY49+AY50+AY51 -> 52553338 | AZ48: =AZ49+AZ50+AZ51 -> 0 | BA48: =BA49+BA50+BA51 -> 72550500 | BB48: =AY48+AZ48+BA48 -> 125103838 | BC48: =AX48+BB48 -> 231703965 | BD48: =BD49+BD50+BD51 -> 49823942 | BE48: =BE49+BE50+BE51 -> 10686547 | BF48: =BF49+BF50+BF51 -> 47730248 | BG48: =BD48+BE48+BF48 -> 108240737 | BH48: =BH49+BH50+BH51 -> 63885369 | BI48: =BI49+BI50+BI51 -> 0 | BJ48: =BJ49+BJ50+BJ51 -> 76334000 | BK48: =BH48+BI48+BJ48 -> 140219369 | BL48: =BG48+BK48 -> 248460106
A49: 046 | B49: Prévention et Sécurité sanitaire | C49: ='[2]Classification prog-économique'!$D$44*1000 -> 2498755.6 | D49: ='[2]Classification prog-économique'!$G$44*1000 -> 368718.61 | E49: ='[2]Classification prog-économique'!$J$44*1000 -> 7056162.8 | F49: =C49+D49+E49 -> 9923637.1 | G49: ='[2]Classification prog-économique'!$P$44*1000 -> 519548.33 | H49: ='[2]Classification prog-économique'!$S$44*1000 -> 15026514 | I49: =G49+H49 -> 15546062 | J49: =F49+I49 -> 25469699 | K49: ='[3]Classification programmatique'!$D$44*1000 -> 10248752 | L49: ='[3]Classification programmatique'!$G$44*1000 -> 58472.737 | M49: ='[3]Classification programmatique'!$J$44*1000 -> 6426076.5 | N49: =K49+L49+M49 -> 16733302 | O49: ='[3]Classification programmatique'!$P$44*1000 -> 1238650.8 | P49: ='[3]Classification programmatique'!$S$44*1000 -> 195623.09 | Q49: ='[3]Classification programmatique'!$V$44*1000 -> 13045764 | R49: =O49+P49+Q49 -> 14480038 | S49: =N49+R49 -> 31213340 | T49: ='[6]Classification programmatique'!$D$44*1000 -> 5481801.1 | U49: ='[6]Classification programmatique'!$G$44*1000 -> 128815 | V49: ='[6]Classification programmatique'!$J$44*1000 -> 10930257 | W49: =SUM(T49:V49) -> 16540873 | X49: ='[6]Classification programmatique'!$P$44*1000 -> 5256556.8 | Y49: ='[6]Classification programmatique'!$S$43 -> 0 | Z49: ='[6]Classification programmatique'!$V$44*1000 -> 2288855.7 | AA49: =X49+Y49+Z49 -> 7545412.5 | AB49: =W49+AA49 -> 24086286 | AC49: 71300 | AD49: 215000 | AE49: 11624760 | AF49: =SUM(AC49:AE49) -> 11911060 | AG49: 8740000 | AH49: 0 | AJ49: =AG49+AH49+AI49 -> 8740000 | AK49: =AF49+AJ49 -> 20651060 | AL49: ='[10]TMC Prog-Eco'!$C$45 -> 83859.111 | AM49: ='[10]TMC Prog-Eco'!$D$45 -> 215000 | AN49: ='[10]TMC Prog-Eco'!$E$45 -> 14299501 | AO49: =SUM(AL49:AN49) -> 14598360 | AP49: ='[10]TMC Prog-Eco'!$H$45 -> 7120000 | AQ49: 0 | AR49: 0 | AS49: =AP49+AQ49+AR49 -> 7120000 | AT49: =AO49+AS49 -> 21718360 | AU49: 87140 | AV49: 215000 | AW49: 16624760 | AX49: =AU49+AV49+AW49 -> 16926900 | AY49: 6140000 | AZ49: 0 | BA49: 0 | BB49: =AY49+AZ49+BA49 -> 6140000 | BC49: =AX49+BB49 -> 23066900 | BD49: 90446 | BE49: 215000 | BF49: 16624760 | BG49: =BD49+BE49+BF49 -> 16930206 | BH49: 7940000 | BI49: 0 | BJ49: 0 | BK49: =BH49+BI49+BJ49 -> 7940000 | BL49: =BG49+BK49 -> 24870206
A50: 047 | B50: Offre et accès aux soins de santé | C50: ='[2]Classification prog-économique'!$D$45*1000 -> 561479.01 | D50: ='[2]Classification prog-économique'!$G$45*1000 -> 71135.22 | E50: ='[2]Classification prog-économique'!$J$45*1000 -> 9716865.4 | F50: =C50+D50+E50 -> 10349480 | G50: ='[2]Classification prog-économique'!$P$45*1000 -> 8542744.8 | H50: ='[2]Classification prog-économique'!$S$45*1000 -> 49706119 | I50: =G50+H50 -> 58248864 | J50: =F50+I50 -> 68598344 | K50: ='[3]Classification programmatique'!$D$45*1000 -> 332911.22 | L50: ='[3]Classification programmatique'!$G$45*1000 -> 181405.63 | M50: ='[3]Classification programmatique'!$J$45*1000 -> 14095120 | N50: =K50+L50+M50 -> 14609437 | O50: ='[3]Classification programmatique'!$P$45*1000 -> 8556330.6 | P50: ='[3]Classification programmatique'!$S$45*1000 -> 0 | Q50: ='[3]Classification programmatique'!$V$45*1000 -> 13967988 | R50: =O50+P50+Q50 -> 22524318 | S50: =N50+R50 -> 37133755 | T50: ='[6]Classification programmatique'!$D$45*1000 -> 496707.39 | U50: ='[6]Classification programmatique'!$G$45*1000 -> 211051.25 | V50: ='[6]Classification programmatique'!$J$45*1000 -> 16581809 | W50: =SUM(T50:V50) -> 17289568 | X50: ='[6]Classification programmatique'!$P$45*1000 -> 4262669.5 | Y50: 0 | Z50: ='[6]Classification programmatique'!$V$45*1000 -> 16995064 | AA50: =X50+Y50+Z50 -> 21257734 | AB50: =W50+AA50 -> 38547302 | AC50: 167240 | AD50: 249000 | AE50: 19343719 | AF50: =SUM(AC50:AE50) -> 19759959 | AG50: 8960000 | AH50: 0 | AI50: 15179000 | AJ50: =AG50+AH50+AI50 -> 24139000 | AK50: =AF50+AJ50 -> 43898959 | AL50: ='[10]TMC Prog-Eco'!$C$46 -> 92570.724 | AM50: ='[10]TMC Prog-Eco'!$D$46 -> 358000 | AN50: ='[10]TMC Prog-Eco'!$E$46 -> 25443719 | AO50: =SUM(AL50:AN50) -> 25894290 | AP50: ='[10]TMC Prog-Eco'!$H$46 -> 22853588 | AQ50: 0 | AR50: ='[10]TMC Prog-Eco'!$L$46 -> 54599085 | AS50: =AP50+AQ50+AR50 -> 77452673 | AT50: =AO50+AS50 -> 1.0334696e+08 | AU50: 96279 | AV50: 249000 | AW50: 23343720 | AX50: =AU50+AV50+AW50 -> 23688999 | AY50: =141352837-AX50-BA50 -> 45113338 | AZ50: 0 | BA50: 72550500 | BB50: =AY50+AZ50+BA50 -> 117663838 | BC50: =AX50+BB50 -> 141352837 | BD50: 100011 | BE50: 249000 | BF50: 23343720 | BG50: =BD50+BE50+BF50 -> 23692731 | BH50: =154672100-BG50-BJ50 -> 54645369 | BI50: 0 | BJ50: 76334000 | BK50: =BH50+BI50+BJ50 -> 130979369 | BL50: =BG50+BK50 -> 154672100
A51: 045 | B51: Pilotage et Soutien aux services du MS | C51: ='[2]Classification prog-économique'!$D$43*1000 -> 29195096 | D51: ='[2]Classification prog-économique'!$G$43*1000 -> 7950827.4 | E51: ='[2]Classification prog-économique'!$J$43*1000 -> 6273597.1 | F51: =C51+D51+E51 -> 43419520 | G51: ='[2]Classification prog-économique'!$P$43*1000 -> 545017.76 | H51: ='[2]Classification prog-économique'!$S$43*1000 -> 0 | I51: =G51+H51 -> 545017.76 | J51: =F51+I51 -> 43964538 | K51: ='[3]Classification programmatique'!$D$43*1000 -> 32503593 | L51: ='[3]Classification programmatique'!$G$43*1000 -> 5497085.6 | M51: ='[3]Classification programmatique'!$J$43*1000 -> 6603829.5 | N51: =K51+L51+M51 -> 44604508 | O51: ='[3]Classification programmatique'!$P$43*1000 -> 530675.43 | P51: ='[3]Classification programmatique'!$S$43*1000 -> 2126892.9 | Q51: ='[3]Classification programmatique'!$V$43*1000 -> 0 | R51: =O51+P51+Q51 -> 2657568.4 | S51: =N51+R51 -> 47262076 | T51: ='[6]Classification programmatique'!$D$43*1000 -> 35480638 | U51: ='[6]Classification programmatique'!$G$43*1000 -> 6513412.1 | V51: ='[6]Classification programmatique'!$J$43*1000 -> 8168404.3 | W51: =SUM(T51:V51) -> 50162455 | X51: ='[6]Classification programmatique'!$P$43*1000 -> 486712.1 | Y51: ='[6]Classification programmatique'!$S$43 -> 0 | Z51: ='[6]Classification programmatique'!$V$43*1000 -> 7927240 | AA51: =X51+Y51+Z51 -> 8413952.1 | AB51: =W51+AA51 -> 58576407 | AC51: 46830921 | AD51: 10222567 | AE51: 6761768 | AF51: =SUM(AC51:AE51) -> 63815256 | AG51: 1300000 | AH51: 1130192 | AI51: 19316000 | AJ51: =AG51+AH51+AI51 -> 21746192 | AK51: =AF51+AJ51 -> 85561448 | AL51: ='[10]TMC Prog-Eco'!$C$44 -> 46376591 | AM51: ='[10]TMC Prog-Eco'!$D$44 -> 10484360 | AN51: ='[10]TMC Prog-Eco'!$E$44 -> 7616235.3 | AO51: =SUM(AL51:AN51) -> 64477186 | AP51: ='[10]TMC Prog-Eco'!$H$44 -> 1300000 | AQ51: =0 -> 0 | AR51: ='[10]TMC Prog-Eco'!$K$44 -> 7212000 | AS51: =AP51+AQ51+AR51 -> 8512000 | AT51: =AO51+AS51 -> 72989186 | AU51: 47999899 | AV51: 10222566 | AW51: 7761763 | AX51: =AU51+AV51+AW51 -> 65984228 | AY51: 1300000 | AZ51: 0 | BA51: 0 | BB51: =AY51+AZ51+BA51 -> 1300000 | BC51: =AX51+BB51 -> 67284228 | BD51: 49633485 | BE51: 10222547 | BF51: 7761768 | BG51: =BD51+BE51+BF51 -> 67617800 | BH51: 1300000 | BI51: 0 | BJ51: 0 | BK51: =BH51+BI51+BJ51 -> 1300000 | BL51: =BG51+BK51 -> 68917800
A52: MINISTERE DE L'ENSEIGNEMENT SUPERIEUR ET DE LA RECHERCHE SCIENTIFIQUE | C52: =C53+C54+C55+C56 -> 28172855 | D52: =D53+D54+D55+D56 -> 2239043.1 | E52: =E53+E54+E55+E56 -> 18401735 | F52: =C52+D52+E52 -> 48813633 | G52: =G53+G54+G55+G56 -> 12002804 | H52: =H53+H54+H55+H56 -> 2442513.9 | I52: =G52+H52 -> 14445318 | J52: =F52+I52 -> 63258951 | K52: =K53+K54+K55+K56 -> 35007746 | L52: =L53+L54+L55+L56 -> 2699615 | M52: =M53+M54+M55+M56 -> 23823685 | N52: =K52+L52+M52 -> 61531046 | O52: =O53+O54+O55+O56 -> 12219599 | P52: =P53+P54+P55+P56 -> 117348.6 | Q52: =Q53+Q54+Q55+Q56 -> 1920038.7 | R52: =O52+P52+Q52 -> 14256987 | S52: =N52+R52 -> 75788033 | T52: =T53+T54+T55+T56 -> 33685319 | U52: =U53+U54+U55+U56 -> 3698414.9 | V52: =V53+V54+V55+V56 -> 21734192 | W52: =W53+W54+W55+W56 -> 59117926 | X52: =X53+X54+X55+X56 -> 8029628.5 | Y52: =Y53+Y54+Y55+Y56 -> 234969.73 | Z52: =Z53+Z54+Z55+Z56 -> 409865.41 | AA52: =AA53+AA54+AA55+AA56 -> 8674463.6 | ... AS52: =AS53+AS54+AS55+AS56 -> 18225571 | AT52: =AO52+AS52 -> 88461907 | AU52: =AU53+AU54+AU55+AU56 -> 47462840 | AV52: =AV53+AV54+AV55+AV56 -> 5386993 | AW52: =AW53+AW54+AW55+AW56 -> 22616800 | AX52: =AU52+AV52+AW52 -> 75466633 | AY52: =AY53+AY54+AY55+AY56 -> 18566174 | AZ52: =AZ53+AZ54+AZ55+AZ56 -> 0 | BA52: =BA53+BA54+BA55+BA56 -> 0 | BB52: =AY52+AZ52+BA52 -> 18566174 | BC52: =AX52+BB52 -> 94032807 | BD52: =BD53+BD54+BD55+BD56 -> 49113762 | BE52: =BE53+BE54+BE55+BE56 -> 5386993 | BF52: =BF53+BF54+BF55+BF56 -> 22616800 | BG52: =BD52+BE52+BF52 -> 77117555 | BH52: =BH53+BH54+BH55+BH56 -> 33992541 | BI52: =BI53+BI54+BI55+BI56 -> 0 | BJ52: =BJ53+BJ54+BJ55+BJ56 -> 0 | BK52: =BH52+BI52+BJ52 -> 33992541 | BL52: =BG52+BK52 -> 111110096
A53: 054 | B53: Pilotage et soutien aux services du MESRS | C53: ='[2]Classification prog-économique'!$D$47*1000 -> 3678360.6 | D53: ='[2]Classification prog-économique'!$G$47*1000 -> 1291204.2 | E53: ='[2]Classification prog-économique'!$J$47*1000 -> 429611.56 | F53: =C53+D53+E53 -> 5399176.3 | G53: ='[2]Classification prog-économique'!$P$47*1000 -> 159674.5 | H53: ='[2]Classification prog-économique'!$S$47*1000 -> 0 | I53: =G53+H53 -> 159674.5 | J53: =F53+I53 -> 5558850.8 | K53: ='[3]Classification programmatique'!$D$47*1000 -> 1055937.4 | L53: ='[3]Classification programmatique'!$G$47*1000 -> 1715802.1 | M53: ='[3]Classification programmatique'!$J$47*1000 -> 596282.85 | N53: =K53+L53+M53 -> 3368022.3 | O53: 0 | P53: 0 | Q53: 0 | R53: =O53+P53+Q53 -> 0 | S53: =N53+R53 -> 3368022.3 | T53: ='[6]Classification programmatique'!$D$47*1000 -> 981864.66 | U53: ='[6]Classification programmatique'!$G$47*1000 -> 2763829.3 | V53: ='[6]Classification programmatique'!$J$47*1000 -> 352400 | W53: =T53+U53+V53 -> 4098093.9 | X53: =0 -> 0 | Y53: 0 | Z53: 0 | AA53: =SUM(X53:Z53) -> 0 | AB53: =W53+AA53 -> 4098093.9 | AC53: 1562408 | AD53: 3718670 | AE53: 680566 | AF53: =AC53+AD53+AE53 -> 5961644 | AG53: 0 | AH53: 0 | AI53: 0 | AJ53: =SUM(AG53:AI53) -> 0 | AK53: =AF53+AJ53 -> 5961644 | AL53: ='[10]TMC Prog-Eco'!$C$48 -> 1503283.6 | AM53: ='[10]TMC Prog-Eco'!$D$48 -> 3751670.4 | AN53: ='[10]TMC Prog-Eco'!$E$48 -> 647565.94 | AO53: =AL53+AM53+AN53 -> 5902520 | AP53: 0 | AQ53: 0 | AR53: 0 | AS53: =SUM(AP53:AR53) -> 0 | AT53: =AO53+AS53 -> 5902520 | AU53: 1652821 | AV53: 3610208 | AW53: 724800 | AX53: =AU53+AV53+AW53 -> 5987829 | AY53: 0 | AZ53: 0 | BA53: 0 | BB53: =AY53+AZ53+BA53 -> 0 | BC53: =AX53+BB53 -> 5987829 | BD53: 1700021 | BE53: 3610208 | BF53: 724800 | BG53: =BD53+BE53+BF53 -> 6035029 | BH53: 0 | BI53: 0 | BJ53: 0 | BK53: =BH53+BI53+BJ53 -> 0 | BL53: =BG53+BK53 -> 6035029
A54: 055 | B54: Enseignement supérieur | C54: ='[2]Classification prog-économique'!$D$48*1000 -> 24326373 | D54: ='[2]Classification prog-économique'!$G$48*1000 -> 842631.9 | E54: ='[2]Classification prog-économique'!$J$48*1000 -> 4752000 | F54: =C54+D54+E54 -> 29921005 | G54: ='[2]Classification prog-économique'!$P$48*1000 -> 11630722 | H54: ='[2]Classification prog-économique'!$S$48*1000 -> 2442513.9 | I54: =G54+H54 -> 14073236 | J54: =F54+I54 -> 43994241 | K54: ='[3]Classification programmatique'!$D$48*1000 -> 33435886 | L54: ='[3]Classification programmatique'!$G$48*1000 -> 816923.86 | M54: ='[3]Classification programmatique'!$J$48*1000 -> 9428910.8 | N54: =K54+L54+M54 -> 43681721 | O54: ='[3]Classification programmatique'!$P$48*1000 -> 12018693 | P54: ='[3]Classification programmatique'!$S$48*1000 -> 117348.6 | Q54: ='[3]Classification programmatique'!$V$48*1000 -> 1884356.6 | R54: =O54+P54+Q54 -> 14020398 | S54: =N54+R54 -> 57702119 | T54: ='[6]Classification programmatique'!$D$48*1000 -> 32187709 | U54: ='[6]Classification programmatique'!$G$48*1000 -> 797103.03 | V54: ='[6]Classification programmatique'!$J$48*1000 -> 4352000 | W54: =SUM(T54:V54) -> 37336812 | X54: ='[6]Classification programmatique'!$P$48*1000 -> 8029628.5 | Y54: ='[6]Classification programmatique'!$S$48*1000 -> 234969.73 | Z54: ='[6]Classification programmatique'!$V$48*1000 -> 409865.41 | AA54: =SUM(X54:Z54) -> 8674463.6 | AB54: =W54+AA54 -> 46011275 | AC54: 37851533 | AD54: 1177157 | AE54: 4617000 | AF54: =SUM(AC54:AE54) -> 43645690 | AG54: =720000+13504371 -> 14224371 | AH54: 0 | AI54: =304000+10950000 -> 11254000 | AJ54: =SUM(AG54:AI54) -> 25478371 | AK54: =AF54+AJ54 -> 69124061 | AL54: ='[10]TMC Prog-Eco'!$C$49 -> 40202173 | AM54: 1102157 | AN54: ='[10]TMC Prog-Eco'!$E$49 -> 4617000 | AO54: =SUM(AL54:AN54) -> 45921330 | AP54: ='[10]TMC Prog-Eco'!$H$49 -> 18225571 | AQ54: 0 | AR54: 0 | AS54: =SUM(AP54:AR54) -> 18225571 | AT54: =AO54+AS54 -> 64146901 | AU54: 45205134 | AV54: 1466385 | AW54: 4317000 | AX54: =AU54+AV54+AW54 -> 50988519 | AY54: 18566174 | AZ54: 0 | BA54: 0 | BB54: =AY54+AZ54+BA54 -> 18566174 | BC54: =AX54+BB54 -> 69554693 | BD54: 46784299 | BE54: 1466385 | BF54: 4317000 | BG54: =BD54+BE54+BF54 -> 52567684 | BH54: 33992541 | BI54: 0 | BJ54: 0 | BK54: =BH54+BI54+BJ54 -> 33992541 | BL54: =BG54+BK54 -> 86560225
A55: 056 | B55: Recherche scientifique et innovation technologique | C55: ='[2]Classification prog-économique'!$D$49*1000 -> 135204.83 | D55: ='[2]Classification prog-économique'!$G$49*1000 -> 45713.513 | E55: ='[2]Classification prog-économique'!$J$49*1000 -> 675000 | F55: =C55+D55+E55 -> 855918.35 | G55: ='[2]Classification prog-économique'!$P$49*1000 -> 0 | H55: ='[2]Classification prog-économique'!$S$49*1000 -> 0 | I55: =G55+H55 -> 0 | J55: =F55+I55 -> 855918.35 | K55: ='[3]Classification programmatique'!$D$49*1000 -> 339612.54 | L55: ='[3]Classification programmatique'!$G$49*1000 -> 43936.152 | M55: ='[3]Classification programmatique'!$J$49*1000 -> 620000 | N55: =K55+L55+M55 -> 1003548.7 | O55: 0 | P55: 0 | Q55: 0 | R55: =O55+P55+Q55 -> 0 | S55: =N55+R55 -> 1003548.7 | T55: ='[6]Classification programmatique'!$D$49*1000 -> 360225.85 | U55: ='[6]Classification programmatique'!$G$49*1000 -> 36974.116 | V55: ='[6]Classification programmatique'!$J$49*1000 -> 337500 | W55: =SUM(T55:V55) -> 734699.97 | X55: 0 | Y55: 0 | Z55: 0 | AA55: =SUM(X55:Z55) -> 0 | AB55: =W55+AA55 -> 734699.97 | AC55: 414632 | AD55: 56900 | AE55: 675000 | AF55: =SUM(AC55:AE55) -> 1146532 | AH55: 0 | AI55: 0 | AJ55: =SUM(AG55:AI55) -> 0 | AK55: =AF55+AJ55 -> 1146532 | AL55: ='[10]TMC Prog-Eco'!$C$50 -> 372448.7 | AM55: ='[10]TMC Prog-Eco'!$D$50 -> 131900 | AN55: 675000 | AO55: =SUM(AL55:AN55) -> 1179348.7 | AP55: 0 | AQ55: 0 | AR55: 0 | AS55: =SUM(AP55:AR55) -> 0 | AT55: =AO55+AS55 -> 1179348.7 | AU55: 427732 | AV55: 131900 | AW55: 675000 | AX55: =AU55+AV55+AW55 -> 1234632 | AY55: 0 | AZ55: 0 | BA55: 0 | BB55: =AY55+AZ55+BA55 -> 0 | BC55: =AX55+BB55 -> 1234632 | BD55: 445182 | BE55: 131900 | BF55: 675000 | BG55: =BD55+BE55+BF55 -> 1252082 | BH55: 0 | BI55: 0 | BJ55: 0 | BK55: =BH55+BI55+BJ55 -> 0 | BL55: =BG55+BK55 -> 1252082
A56: 057 | B56: Vie de l'étudiant | C56: ='[2]Classification prog-économique'!$D$50*1000 -> 32916.166 | D56: ='[2]Classification prog-économique'!$G$50*1000 -> 59493.526 | E56: ='[2]Classification prog-économique'!$J$50*1000 -> 12545123 | F56: =C56+D56+E56 -> 12637533 | G56: ='[2]Classification prog-économique'!$P$50*1000 -> 212406.85 | H56: ='[2]Classification prog-économique'!$S$50*1000 -> 0 | I56: =G56+H56 -> 212406.85 | J56: =F56+I56 -> 12849940 | K56: ='[3]Classification programmatique'!$D$50*1000 -> 176310.24 | L56: ='[3]Classification programmatique'!$G$50*1000 -> 122952.98 | M56: ='[3]Classification programmatique'!$J$50*1000 -> 13178491 | N56: =K56+L56+M56 -> 13477754 | O56: ='[3]Classification programmatique'!$P$50*1000 -> 200906.85 | P56: 0 | Q56: ='[3]Classification programmatique'!$V$50*1000 -> 35682.093 | R56: =O56+P56+Q56 -> 236588.94 | S56: =N56+R56 -> 13714343 | T56: ='[6]Classification programmatique'!$D$50*1000 -> 155520.16 | U56: ='[6]Classification programmatique'!$G$50*1000 -> 100508.45 | V56: ='[6]Classification programmatique'!$J$50*1000 -> 16692292 | W56: =SUM(T56:V56) -> 16948320 | X56: ='[6]Classification programmatique'!$P$50*1000 -> 0 | Y56: 0 | Z56: 0 | AA56: =SUM(X56:Z56) -> 0 | AB56: =W56+AA56 -> 16948320 | AC56: 153215 | AD56: 178500 | AE56: 16900000 | AF56: =SUM(AC56:AE56) -> 17231715 | AG56: =20000+230000 -> 250000 | AH56: 0 | AI56: 0 | AJ56: =SUM(AG56:AI56) -> 250000 | AK56: =AF56+AJ56 -> 17481715 | AL56: ='[10]TMC Prog-Eco'!$C$51 -> 154637.66 | AM56: ='[10]TMC Prog-Eco'!$D$51 -> 178500 | AN56: ='[10]TMC Prog-Eco'!$E$51 -> 16900000 | AO56: =SUM(AL56:AN56) -> 17233138 | AP56: 0 | AQ56: 0 | AR56: 0 | AS56: =SUM(AP56:AR56) -> 0 | AT56: =AO56+AS56 -> 17233138 | AU56: 177153 | AV56: 178500 | AW56: 16900000 | AX56: =AU56+AV56+AW56 -> 17255653 | AY56: 0 | AZ56: 0 | BA56: 0 | BB56: =AY56+AZ56+BA56 -> 0 | BC56: =AX56+BB56 -> 17255653 | BD56: 184260 | BE56: 178500 | BF56: 16900000 | BG56: =BD56+BE56+BF56 -> 17262760 | BH56: 0 | BI56: 0 | BJ56: 0 | BK56: =BH56+BI56+BJ56 -> 0 | BL56: =BG56+BK56 -> 17262760
A57: MINISTERE DES ENSEIGNEMENTS SECONDAIRE, TECHNIQUE, ET DE LA FORMATION PROFESSIONNELLE | C57: =C58+C59+C60+C61 -> 74406131 | D57: =D58+D59+D60+D61 -> 18043487 | E57: =E58+E59+E60+E61 -> 5095081.8 | F57: =C57+D57+E57 -> 97544700 | G57: =G58+G59+G60+G61 -> 13922839 | H57: =H58+H59+H60+H61 -> 3007395.4 | I57: =G57+H57 -> 16930234 | J57: =F57+I57 -> 1.1447493e+08 | K57: =K58+K59+K60+K61 -> 83511714 | L57: =L58+L59+L60+L61 -> 27599408 | M57: =M58+M59+M60+M61 -> 5527216.6 | N57: =K57+L57+M57 -> 1.1663834e+08 | O57: =O58+O59+O60+O61 -> 22448515 | P57: =P58+P59+P60+P61 -> 0 | Q57: =Q58+Q59+Q60+Q61 -> 1048381.5 | R57: =O57+P57+Q57 -> 23496896 | S57: =N57+R57 -> 1.4013524e+08 | T57: =T58+T59+T60+T61 -> 79508627 | U57: =U58+U59+U60+U61 -> 33989918 | V57: =V58+V59+V60+V61 -> 6581684.7 | W57: =W58+W59+W60+W61 -> 1.2008023e+08 | X57: =X58+X59+X60+X61 -> 26566646 | Y57: =Y58+Y59+Y60+Y61 -> 151433.65 | Z57: =Z58+Z59+Z60+Z61 -> 2068312.1 | AA57: =AA58+AA59+AA60+AA61 -> 28786392 | ... AS57: =AS58+AS59+AS60+AS61 -> 1.8296985e+08 | AT57: =AO57+AS57 -> 3.1105225e+08 | AU57: =AU58+AU59+AU60+AU61 -> 97782636 | AV57: =AV58+AV59+AV60+AV61 -> 28098578 | AW57: =AW58+AW59+AW60+AW61 -> 9958403 | AX57: =AU57+AV57+AW57 -> 135839617 | AY57: =AY58+AY59+AY60+AY61 -> 47647274 | AZ57: =AZ58+AZ59+AZ60+AZ61 -> 18120931 | BA57: =BA58+BA59+BA60+BA61 -> 72448986 | BB57: =AY57+AZ57+BA57 -> 138217191 | BC57: =AX57+BB57 -> 274056808 | BD57: =BD58+BD59+BD60+BD61 -> 104742865 | BE57: =BE58+BE59+BE60+BE61 -> 28098570 | BF57: =BF58+BF59+BF60+BF61 -> 9958403 | BG57: =BD57+BE57+BF57 -> 142799838 | BH57: =BH58+BH59+BH60+BH61 -> 49508976 | BI57: =BI58+BI59+BI60+BI61 -> 9714119 | BJ57: =BJ58+BJ59+BJ60+BJ61 -> 14766431 | BK57: =BH57+BI57+BJ57 -> 73989526 | BL57: =BG57+BK57 -> 216789364
A58: 058 | B58: Pilotage et soutien aux services du MESTFP | C58: ='[2]Classification prog-économique'!$D$52*1000 -> 65957342 | D58: ='[2]Classification prog-économique'!$G$52*1000 -> 4198046.6 | E58: ='[2]Classification prog-économique'!$J$52*1000 -> 335000 | F58: =C58+D58+E58 -> 70490389 | G58: ='[2]Classification prog-économique'!$P$52*1000 -> 0 | H58: ='[2]Classification prog-économique'!$S$52*1000 -> 0 | I58: =G58+H58 -> 0 | J58: =F58+I58 -> 70490389 | K58: ='[3]Classification programmatique'!$D$52*1000 -> 73793198 | L58: ='[3]Classification programmatique'!$G$52*1000 -> 4249157.7 | M58: ='[3]Classification programmatique'!$J$52*1000 -> 688657.63 | N58: =K58+L58+M58 -> 78731014 | O58: 0 | P58: 0 | Q58: 0 | R58: =O58+P58+Q58 -> 0 | S58: =N58+R58 -> 78731014 | T58: ='[6]Classification programmatique'!$D$52*1000 -> 73041640 | U58: ='[6]Classification programmatique'!$G$52*1000 -> 4184113 | V58: ='[6]Classification programmatique'!$J$52*1000 -> 1313486.3 | W58: =SUM(T58:V58) -> 78539239 | X58: 0 | Y58: 0 | Z58: 0 | AA58: =X58+Y58+Z58 -> 0 | AB58: =W58+AA58 -> 78539239 | AC58: 88779127 | AD58: 5615547 | AE58: 700000 | AF58: =SUM(AC58:AE58) -> 95094674 | AJ58: =AG58+AH58+AI58 -> 0 | AK58: =AF58+AJ58 -> 95094674 | AL58: ='[10]TMC Prog-Eco'!$C$53 -> 83326109 | AM58: ='[10]TMC Prog-Eco'!$D$53 -> 5705997.9 | AN58: ='[10]TMC Prog-Eco'!$E$53 -> 350000 | AO58: =SUM(AL58:AN58) -> 89382107 | AP58: 0 | AQ58: 0 | AR58: 0 | AS58: =AP58+AQ58+AR58 -> 0 | AT58: =AO58+AS58 -> 89382107 | AU58: 91066642 | AV58: 5705996 | AW58: 350000 | AX58: =AU58+AV58+AW58 -> 97122638 | AY58: 0 | AZ58: 0 | BA58: 0 | BB58: =AY58+AZ58+BA58 -> 0 | BC58: =AX58+BB58 -> 97122638 | BD58: 98011904 | BE58: 5705997 | BF58: 350000 | BG58: =BD58+BE58+BF58 -> 104067901 | BH58: 0 | BI58: 0 | BJ58: 0 | BK58: =BH58+BI58+BJ58 -> 0 | BL58: =BG58+BK58 -> 104067901
A59: 059 | B59: Enseignement secondaire général | C59: ='[8]Classification prog-économique'!$D$53*1000 -> 6213449.9 | D59: ='[8]Classification prog-économique'!$G$53*1000 -> 12605351 | E59: ='[8]Classification prog-économique'!$J$53*1000 -> 3142617 | F59: =C59+D59+E59 -> 21961418 | G59: ='[8]Classification prog-économique'!$P$53*1000 -> 100000 | H59: ='[8]Classification prog-économique'!$S$53*1000 -> 2400638 | I59: =G59+H59 -> 2500638 | J59: =F59+I59 -> 24462056 | K59: ='[3]Classification programmatique'!$D$53*1000 -> 2716593 | L59: ='[3]Classification programmatique'!$G$53*1000 -> 22188450 | M59: ='[3]Classification programmatique'!$J$53*1000 -> 3330983 | N59: =K59+L59+M59 -> 28236026 | O59: ='[3]Classification programmatique'!$P$53*1000 -> 1485000 | P59: 0 | Q59: 0 | R59: =O59+P59+Q59 -> 1485000 | S59: =N59+R59 -> 29721026 | T59: ='[6]Classification programmatique'!$D$53*1000 -> 2608672.9 | U59: ='[6]Classification programmatique'!$G$53*1000 -> 28485712 | V59: ='[6]Classification programmatique'!$J$53*1000 -> 3555467.5 | W59: =SUM(T59:V59) -> 34649852 | X59: ='[6]Classification programmatique'!$P$53*1000 -> 2085000 | Y59: 0 | Z59: ='[6]Classification programmatique'!$V$53*1000 -> 1144339.4 | AA59: =X59+Y59+Z59 -> 3229339.4 | AB59: =W59+AA59 -> 37879191 | AC59: 2885371 | AD59: 20926290 | AE59: 7388047 | AF59: =SUM(AC59:AE59) -> 31199708 | AG59: =2085000 -> 2085000 | AI59: 5500000 | AJ59: =AG59+AH59+AI59 -> 7585000 | AK59: =AF59+AJ59 -> 38784708 | AL59: ='[10]TMC Prog-Eco'!$C$54 -> 2863626.7 | AM59: ='[10]TMC Prog-Eco'!$D$54 -> 24080929 | AN59: ='[10]TMC Prog-Eco'!$E$54 -> 4412957 | AO59: =SUM(AL59:AN59) -> 31357513 | AP59: ='[10]TMC Prog-Eco'!$H$54 -> 1085000 | AQ59: 0 | AR59: 0 | AS59: =AP59+AQ59+AR59 -> 1085000 | AT59: =AO59+AS59 -> 32442513 | AU59: 2863627 | AV59: 20905839 | AW59: 6412957 | AX59: =AU59+AV59+AW59 -> 30182423 | AY59: 2085000 | AZ59: 0 | BA59: 0 | BB59: =AY59+AZ59+BA59 -> 2085000 | BC59: =AX59+BB59 -> 32267423 | BD59: 2863627 | BE59: 20905830 | BF59: 6412957 | BG59: =BD59+BE59+BF59 -> 30182414 | BH59: 0 | BI59: 0 | BJ59: 0 | BK59: =BH59+BI59+BJ59 -> 0 | BL59: =BG59+BK59 -> 30182414
A60: 060 | B60: Enseignement technique et formation professionnelle | C60: ='[8]Classification prog-économique'!$D$54*1000 -> 2235338.9 | D60: ='[8]Classification prog-économique'!$G$54*1000 -> 1103833.7 | E60: ='[8]Classification prog-économique'!$J$54*1000 -> 1496324.8 | F60: =C60+D60+E60 -> 4835497.3 | G60: ='[8]Classification prog-économique'!$P$54*1000 -> 13822839 | H60: ='[8]Classification prog-économique'!$S$54*1000 -> 606757.4 | I60: =G60+H60 -> 14429596 | J60: =F60+I60 -> 19265094 | K60: ='[3]Classification programmatique'!$D$54*1000 -> 2569147.5 | L60: ='[3]Classification programmatique'!$G$54*1000 -> 1029619 | M60: ='[3]Classification programmatique'!$J$54*1000 -> 1382436 | N60: =K60+L60+M60 -> 4981202.5 | O60: ='[3]Classification programmatique'!$P$54*1000 -> 20963515 | P60: 0 | Q60: ='[3]Classification programmatique'!$V$54*1000 -> 1048381.5 | R60: =O60+P60+Q60 -> 22011896 | S60: =N60+R60 -> 26993099 | T60: ='[6]Classification programmatique'!$D$54*1000 -> 3671574.2 | U60: ='[6]Classification programmatique'!$G$54*1000 -> 1144512 | V60: ='[6]Classification programmatique'!$J$54*1000 -> 1568615.8 | W60: =SUM(T60:V60) -> 6384702.1 | X60: ='[6]Classification programmatique'!$P$54*1000 -> 24481646 | Y60: ='[6]Classification programmatique'!$S$54*1000 -> 151433.65 | Z60: ='[6]Classification programmatique'!$V$54*1000 -> 923972.76 | AA60: =X60+Y60+Z60 -> 25557052 | AB60: =W60+AA60 -> 31941754 | AC60: 3150805 | AD60: 1319669 | AE60: 1684816 | AF60: =SUM(AC60:AE60) -> 6155290 | AG60: 18182370 | AH60: =114974+7264099 -> 7379073 | AI60: =4189000+20500000 -> 24689000 | AJ60: =AG60+AH60+AI60 -> 50250443 | AK60: =AF60+AJ60 -> 56405733 | AL60: ='[10]TMC Prog-Eco'!$C$55 -> 3655728.7 | AM60: ='[10]TMC Prog-Eco'!$D$55 -> 1249669 | AN60: ='[10]TMC Prog-Eco'!$E$55 -> 1784816 | AO60: =SUM(AL60:AN60) -> 6690213.7 | AP60: ='[10]TMC Prog-Eco'!$H$55 -> 28986708 | AQ60: ='[10]TMC Prog-Eco'!$J$55 -> 28936009 | AR60: ='[10]TMC Prog-Eco'!$L$55 -> 1.2396213e+08 | AS60: =AP60+AQ60+AR60 -> 1.8188485e+08 | AT60: =AO60+AS60 -> 1.8857506e+08 | AU60: 3655729 | AV60: 1249669 | AW60: 2959906 | AX60: =AU60+AV60+AW60 -> 7865304 | AY60: 45562274 | AZ60: 18120931 | BA60: 72448986 | BB60: =AY60+AZ60+BA60 -> 136132191 | BC60: =AX60+BB60 -> 143997495 | BD60: 3655729 | BE60: 1249669 | BF60: 2959906 | BG60: =BD60+BE60+BF60 -> 7865304 | BH60: 49508976 | BI60: 9714119 | BJ60: 14766431 | BK60: =BH60+BI60+BJ60 -> 73989526 | BL60: =BG60+BK60 -> 81854830
A61: 061 | B61: Alphabétisation et promotion des langues nationales | C61: ='[8]Classification prog-économique'!$D$55*1000 -> 0 | D61: ='[8]Classification prog-économique'!$G$55*1000 -> 136255.31 | E61: ='[8]Classification prog-économique'!$J$55*1000 -> 121140 | F61: =C61+D61+E61 -> 257395.31 | G61: ='[8]Classification prog-économique'!$P$55*1000 -> 0 | H61: ='[8]Classification prog-économique'!$S$55*1000 -> 0 | I61: =G61+H61 -> 0 | J61: =F61+I61 -> 257395.31 | K61: ='[3]Classification programmatique'!$D$55*1000 -> 4432775.5 | L61: ='[3]Classification programmatique'!$G$55*1000 -> 132181.33 | M61: ='[3]Classification programmatique'!$J$55*1000 -> 125140 | N61: =K61+L61+M61 -> 4690096.8 | O61: 0 | P61: 0 | Q61: 0 | R61: =O61+P61+Q61 -> 0 | S61: =N61+R61 -> 4690096.8 | T61: ='[6]Classification programmatique'!$D$55*1000 -> 186740 | U61: ='[6]Classification programmatique'!$G$55*1000 -> 175581.85 | V61: ='[6]Classification programmatique'!$J$55*1000 -> 144115 | W61: =SUM(T61:V61) -> 506436.85 | X61: 0 | Y61: 0 | AA61: =X61+Y61+Z61 -> 0 | AB61: =W61+AA61 -> 506436.85 | AC61: 127766 | AD61: 237074 | AE61: 185540 | AF61: =SUM(AC61:AE61) -> 550380 | AJ61: =AG61+AH61+AI61 -> 0 | AK61: =AF61+AJ61 -> 550380 | AL61: ='[10]TMC Prog-Eco'!$C$56 -> 179958.02 | AM61: ='[10]TMC Prog-Eco'!$D$56 -> 237074 | AN61: ='[10]TMC Prog-Eco'!$E$56 -> 235540 | AO61: =SUM(AL61:AN61) -> 652572.02 | AP61: 0 | AQ61: 0 | AS61: =AP61+AQ61+AR61 -> 0 | AT61: =AO61+AS61 -> 652572.02 | AU61: 196638 | AV61: 237074 | AW61: 235540 | AX61: =AU61+AV61+AW61 -> 669252 | AY61: 0 | AZ61: 0 | BA61: 0 | BB61: =AY61+AZ61+BA61 -> 0 | BC61: =AX61+BB61 -> 669252 | BD61: 211605 | BE61: 237074 | BF61: 235540 | BG61: =BD61+BE61+BF61 -> 684219 | BH61: 0 | BI61: 0 | BJ61: 0 | BK61: =BH61+BI61+BJ61 -> 0
A62: MINISTERE DES ENSEIGNEMENTS MATERNEL ET PRIMAIRE | C62: =C63+C64+C65+C66 -> 1.0903064e+08 | D62: =D63+D64+D65+D66 -> 9329545.2 | E62: =E63+E64+E65+E66 -> 21967562 | F62: =C62+D62+E62 -> 1.4032775e+08 | G62: =G63+G64+G65+G66 -> 7430216.3 | H62: =H63+H64+H65+H66 -> 10700905 | I62: =G62+H62 -> 18131122 | J62: =F62+I62 -> 1.5845887e+08 | K62: =K63+K64+K65+K66 -> 1.2347617e+08 | L62: =L63+L64+L65+L66 -> 16265101 | M62: =M63+M64+M65+M66 -> 22391935 | N62: =K62+L62+M62 -> 1.6213321e+08 | O62: =O63+O64+O65+O66 -> 3218963.3 | P62: =P63+P64+P65+P66 -> 4142300 | Q62: =Q63+Q64+Q65+Q66 -> 48806.943 | R62: =O62+P62+Q62 -> 7410070.3 | S62: =S63+S64+S65+S66 -> 1.6954328e+08 | T62: =T63+T64+T65+T66 -> 1.3233765e+08 | U62: =U63+U64+U65+U66 -> 22978233 | V62: =V63+V64+V65+V66 -> 36241446 | W62: =W63+W64+W65+W66 -> 1.9155733e+08 | X62: =X63+X64+X65+X66 -> 2144821.8 | Y62: =Y63+Y64+Y65+Y66 -> 0 | Z62: =Z63+Z64+Z65+Z66 -> 0 | ... AS62: =AS63+AS64+AS65+AS66 -> 7473200 | AT62: =AO62+AS62 -> 210069219 | AU62: =AU63+AU64+AU65+AU66 -> 148209917 | AV62: =AV63+AV64+AV65+AV66 -> 22331466 | AW62: =AW63+AW64+AW65+AW66 -> 40105545 | AX62: =AU62+AV62+AW62 -> 210646928 | AY62: =AY63+AY64+AY65+AY66 -> 8171860 | AZ62: =AZ63+AZ64+AZ65+AZ66 -> 0 | BA62: =BA63+BA64+BA65+BA66 -> 0 | BB62: =AY62+AZ62+BA62 -> 8171860 | BC62: =AX62+BB62 -> 218818788 | BD62: =BD63+BD64+BD65+BD66 -> 156301621 | BE62: =BE63+BE64+BE65+BE66 -> 22014942 | BF62: =BF63+BF64+BF65+BF66 -> 40105545 | BG62: =BD62+BE62+BF62 -> 218422108 | BH62: =BH63+BH64+BH65+BH66 -> 8880453 | BI62: =BI63+BI64+BI65+BI66 -> 0 | BJ62: =BJ63+BJ64+BJ65+BJ66 -> 0 | BK62: =BH62+BI62+BJ62 -> 8880453 | BL62: =BG62+BK62 -> 227302561
A63: 062 | B63: Pilotage et soutiens aux services du MEMP | C63: ='[8]Classification prog-économique'!$D$57*1000 -> 1.0225722e+08 | D63: ='[8]Classification prog-économique'!$G$57*1000 -> 7326277.3 | E63: ='[8]Classification prog-économique'!$J$57*1000 -> 73851.915 | F63: =C63+D63+E63 -> 1.0965735e+08 | G63: ='[8]Classification prog-économique'!$P$57*1000 -> 7335.667 | H63: ='[8]Classification prog-économique'!$S$57*1000 -> 0 | I63: =G63+H63 -> 7335.667 | J63: =F63+I63 -> 1.0966468e+08 | K63: 1.1873261e+08 | L63: 12744927 | M63: 200000 | N63: =K63+L63+M63 -> 1.3167754e+08 | O63: 0 | P63: 0 | Q63: 0 | R63: =O63+P63+Q63 -> 0 | S63: =N63+R63 -> 1.3167754e+08 | T63: ='[6]Classification programmatique'!$D$57*1000 -> 1.2845492e+08 | U63: ='[6]Classification programmatique'!$G$57*1000 -> 18458229 | V63: ='[6]Classification programmatique'!$J$57*1000 -> 634331 | W63: =SUM(T63:V63) -> 1.4754748e+08 | X63: 0 | AA63: =SUM(X63:Z63) -> 0 | AB63: =W63+AA63 -> 1.4754748e+08 | AC63: 145574800 | AD63: 17844952 | AE63: 303500 | AF63: =SUM(AC63:AE63) -> 163723252 | AG63: 0 | AJ63: =SUM(AG63:AI63) -> 0 | AK63: =AF63+AJ63 -> 163723252 | AL63: 134783906 | AM63: 18074601 | AN63: 300000 | AO63: =SUM(AL63:AN63) -> 153158507 | AP63: 0 | AS63: =SUM(AP63:AR63) -> 0 | AT63: =AO63+AS63 -> 153158507 | AU63: 143141701 | AV63: 17981287 | AW63: 290000 | AX63: =AU63+AV63+AW63 -> 161412988 | AY63: 0 | AZ63: 0 | BA63: 0 | BB63: =AY63+AZ63+BA63 -> 0 | BC63: =AX63+BB63 -> 161412988 | BD63: 154787484 | BE63: 17981287 | BF63: 290000 | BG63: =BD63+BE63+BF63 -> 173058771 | BH63: 0 | BI63: 0 | BJ63: 0 | BK63: =BH63+BI63+BJ63 -> 0 | BL63: =BG63+BK63 -> 173058771
A64: 063 | B64: Accès, équité et rétention | C64: ='[8]Classification prog-économique'!$D$58*1000 -> 3689534.7 | D64: ='[8]Classification prog-économique'!$G$58*1000 -> 232422.29 | E64: ='[8]Classification prog-économique'!$J$58*1000 -> 21768710 | F64: =C64+D64+E64 -> 25690667 | G64: ='[8]Classification prog-économique'!$P$58*1000 -> 7422880.6 | H64: ='[8]Classification prog-économique'!$S$58*1000 -> 9146625.4 | I64: =G64+H64 -> 16569506 | J64: =F64+I64 -> 42260173 | K64: 286326.34 | L64: 245628.52 | M64: 21831935 | N64: =K64+L64+M64 -> 22363890 | O64: 3218963.3 | P64: 0 | Q64: 48806.943 | R64: =O64+P64+Q64 -> 3267770.3 | S64: =N64+R64 -> 25631660 | T64: ='[6]Classification programmatique'!$D$58*1000 -> 286326 | U64: ='[6]Classification programmatique'!$G$58*1000 -> 239516.08 | V64: ='[6]Classification programmatique'!$J$58*1000 -> 35247115 | W64: =SUM(T64:V64) -> 35772957 | X64: ='[6]Classification programmatique'!$P$58*1000 -> 2144821.8 | Y64: 0 | Z64: 0 | AA64: =SUM(X64:Z64) -> 2144821.8 | AB64: =W64+AA64 -> 37917779 | AC64: 568946 | AD64: 276389 | AE64: 35442045 | AF64: =SUM(AC64:AE64) -> 36287380 | AG64: 6973200 | AH64: 0 | AI64: 0 | AJ64: =SUM(AG64:AI64) -> 6973200 | AK64: =AF64+AJ64 -> 43260580 | AL64: 459791 | AM64: 339589 | AN64: 39445545 | AO64: =SUM(AL64:AN64) -> 40244925 | AP64: ='[10]TMC Prog-Eco'!$H$59 -> 7473200 | AQ64: 0 | AR64: 0 | AS64: =SUM(AP64:AR64) -> 7473200 | AT64: =AO64+AS64 -> 47718125 | AU64: 489110 | AV64: 335889 | AW64: 39455545 | AX64: =AU64+AV64+AW64 -> 40280544 | AY64: 8171860 | AZ64: 0 | BA64: 0 | BB64: =AY64+AZ64+BA64 -> 8171860 | BC64: =AX64+BB64 -> 48452404 | BD64: 517447 | BE64: 335889 | BF64: 39455545 | BG64: =BD64+BE64+BF64 -> 40308881 | BH64: 8880453 | BI64: 0 | BJ64: 0 | BK64: =BH64+BI64+BJ64 -> 8880453 | BL64: =BG64+BK64 -> 49189334
A65: 064 | B65: Qualité de l'enseignement | C65: ='[8]Classification prog-économique'!$D$59*1000 -> 3083887.3 | D65: ='[8]Classification prog-économique'!$G$59*1000 -> 1770845.6 | E65: ='[8]Classification prog-économique'!$J$59*1000 -> 125000 | F65: =C65+D65+E65 -> 4979732.9 | G65: ='[8]Classification prog-économique'!$P$59*1000 -> 0 | H65: ='[8]Classification prog-économique'!$S$59*1000 -> 0 | I65: =G65+H65 -> 0 | J65: =F65+I65 -> 4979732.9 | K65: 4457233.4 | L65: 3274545.3 | M65: 360000 | N65: =K65+L65+M65 -> 8091778.7 | O65: 0 | P65: 0 | Q65: 0 | R65: =O65+P65+Q65 -> 0 | S65: =N65+R65 -> 8091778.7 | T65: ='[6]Classification programmatique'!$D$59*1000 -> 3596404.2 | U65: ='[6]Classification programmatique'!$G$59*1000 -> 4280488.4 | V65: ='[6]Classification programmatique'!$J$59*1000 -> 360000 | W65: =SUM(T65:V65) -> 8236892.5 | X65: 0 | Y65: 0 | Z65: 0 | AA65: =SUM(X65:Z65) -> 0 | AB65: =W65+AA65 -> 8236892.5 | AC65: 4311584 | AD65: 4531201 | AE65: 360000 | AF65: =SUM(AC65:AE65) -> 9202785 | AG65: 0 | AH65: 0 | AI65: 0 | AJ65: =SUM(AG65:AI65) -> 0 | AK65: =AF65+AJ65 -> 9202785 | AL65: 4594235 | AM65: 4238352 | AN65: ='[10]TMC Prog-Eco'!$E$60 -> 360000 | AO65: =SUM(AL65:AN65) -> 9192587 | AP65: 0 | AQ65: 0 | AR65: 0 | AS65: =SUM(AP65:AR65) -> 0 | AT65: =AO65+AS65 -> 9192587 | AU65: 4579106 | AV65: 4014290 | AW65: 360000 | AX65: =AU65+AV65+AW65 -> 8953396 | AY65: 0 | AZ65: 0 | BA65: 0 | BB65: =AY65+AZ65+BA65 -> 0 | BC65: =AX65+BB65 -> 8953396 | BD65: 996690 | BE65: 3697766 | BF65: 360000 | BG65: =BD65+BE65+BF65 -> 5054456 | BH65: 0 | BI65: 0 | BJ65: 0 | BK65: =BH65+BI65+BJ65 -> 0 | BL65: =BG65+BK65 -> 5054456
A66: 102 | B66: Partenariat mondial pour l'Education | F66: =C66+D66+E66 -> 0 | H66: ='[8]Classification prog-économique'!$Y$113*1000 -> 1554280 | I66: =G66+H66 -> 1554280 | J66: =F66+I66 -> 1554280 | K66: 0 | L66: 0 | M66: 0 | N66: =K66+L66+M66 -> 0 | O66: 0 | P66: ='[7]Classification programmatique'!$S$111*1000 -> 4142300 | Q66: 0 | R66: =O66+P66+Q66 -> 4142300 | S66: 4142300 | Y66: 0 | AA66: =SUM(X66:Z66) -> 0 | AB66: =W66+AA66 -> 0 | AH66: 0 | AJ66: =SUM(AG66:AI66) -> 0 | AK66: =AF66+AJ66 -> 0 | AL66: 0 | AM66: 0 | AN66: 0 | AO66: =SUM(AL66:AN66) -> 0 | AQ66: 0 | AT66: =AO66+AS66 -> 0 | AU66: 0 | AV66: 0 | AW66: 0 | AX66: =AU66+AV66+AW66 -> 0 | AY66: 0 | AZ66: 0 | BA66: 0 | BB66: =AY66+AZ66+BA66 -> 0 | BC66: =AX66+BB66 -> 0 | BD66: 0 | BE66: 0 | BF66: 0 | BG66: =BD66+BE66+BF66 -> 0 | BH66: 0 | BI66: 0 | BJ66: 0 | BK66: =BH66+BI66+BJ66 -> 0 | BL66: =BG66+BK66 -> 0
A67: MINISTERE DU NUMERIQUE ET DE LA DIGITALISATION | C67: =C68+C69+C70+C71+C72 -> 923400 | D67: =D68+D69+D70+D71+D72 -> 990800 | E67: =E68+E69+E70+E71+E72 -> 4169300 | F67: =C67+D67+E67 -> 6083500 | G67: =G68+G69+G70+G71+G72+G73 -> 2283759.1 | H67: =H68+H69+H70+H71+H72+H73 -> 1872166.9 | I67: =G67+H67 -> 4155926 | J67: =F67+I67 -> 10239426 | K67: =K68+K69+K70+K71+K72+K73 -> 929761.84 | L67: =L68+L69+L70+L71+L72+L73 -> 724043.85 | M67: =M68+M69+M70+M71+M72+M73 -> 6010092.4 | N67: =K67+L67+M67 -> 7663898.1 | O67: =O68+O69+O70+O71+O72+O73 -> 14290665 | P67: =P68+P69+P70+P71+P72+P73 -> 0 | Q67: =Q68+Q69+Q70+Q71+Q72+Q73 -> 10889428 | R67: =O67+P67+Q67 -> 25180093 | S67: =S68+S71+S73 -> 32843991 | T67: =T68+T69+T70+T71+T73 -> 852137.02 | U67: =U68+U69+U70+U71+U73 -> 970668.88 | V67: =V68+V69+V70+V71+V73 -> 5350143.6 | W67: =T67+U67+V67 -> 7172949.5 | X67: =X68+X69+X70+X71+X73 -> 4863763.8 | Y67: =Y68+Y69+Y70+Y71+Y73 -> 0 | Z67: =Z68+Z69+Z70+Z71+Z73 -> 9873959.7 | AA67: =AA68+AA69+AA70+AA71+AA73 -> 14737723 | AB67: =W67+AA67 -> 21910673 | AC67: =AC68+AC69+AC70+AC71+AC73 -> 1108517 | AD67: =AD68+AD69+AD70+AD71+AD73 -> 1841616 | AE67: =AE68+AE69+AE70+AE71+AE73 -> 6189750 | AF67: =AC67+AD67+AE67 -> 9139883 | AG67: =AG68+AG69+AG70+AG71+AG73 -> 9852083 | AH67: =AH68+AH69+AH70+AH71+AH73 -> 0 | AI67: =AI68+AI69+AI70+AI71+AI73 -> 10042000 | AJ67: =AJ68+AJ69+AJ70+AJ71+AJ73 -> 19894083 | AK67: =AF67+AJ67 -> 29033966 | AL67: =AL68+AL69+AL70+AL71+AL73 -> 1043044 | AM67: =AM68+AM69+AM70+AM71+AM73 -> 1332782 | AN67: =AN68+AN69+AN70+AN71+AN73 -> 7398585 | AO67: =AO68+AO69+AO70+AO71+AO73 -> 9774411 | AP67: =AP68+AP69+AP70+AP71+AP73 -> 10963624 | AQ67: =AQ68+AQ69+AQ70+AQ71+AQ73 -> 0 | AR67: =AR68+AR69+AR70+AR71+AR73 -> 6500000 | AS67: =AS68+AS69+AS70+AS71+AS73 -> 17463624 | AT67: =AO67+AS67 -> 27238035 | AU67: =AU68+AU69+AU70+AU71+AU73 -> 1072409 | AV67: =AV68+AV69+AV70+AV71+AV73 -> 1332781 | AW67: =AW68+AW69+AW70+AW71+AW73 -> 7398584 | AX67: =AU67+AV67+AW67 -> 9803774 | AY67: =AY68+AY69+AY70+AY71+AY73 -> 14404805 | AZ67: =AZ68+AZ69+AZ70+AZ71+AZ73 -> 0 | BA67: =BA68+BA69+BA70+BA71+BA73 -> 0 | BB67: =AY67+AZ67+BA67 -> 14404805 | BC67: =AX67+BB67 -> 24208579 | BD67: =BD68+BD69+BD70+BD71+BD73 -> 1112195 | BE67: =BE68+BE69+BE70+BE71+BE73 -> 1332782 | BF67: =BF68+BF69+BF70+BF71+BF73 -> 7398584 | BG67: =BD67+BE67+BF67 -> 9843561 | BH67: =BH68+BH69+BH70+BH71+BH73 -> 13493263 | BI67: =BI68+BI69+BI70+BI71+BI73 -> 0 | BJ67: =BJ68+BJ69+BJ70+BJ71+BJ73 -> 0 | BK67: =BH67+BI67+BJ67 -> 13493263 | BL67: =BG67+BK67 -> 23336824
A68: 100 | B68: Pilotage et soutien aux services du MND | C68: ='[8]Classification prog-économique'!$D$104*1000 -> 794200 | D68: ='[8]Classification prog-économique'!$G$104*1000 -> 990800 | E68: ='[8]Classification prog-économique'!$J$104*1000 -> 0 | F68: =C68+D68+E68 -> 1785000 | G68: ='[8]Classification prog-économique'!$P$104*1000 -> 0 | H68: ='[8]Classification prog-économique'!$S$104*1000 -> 0 | I68: =G68+H68 -> 0 | J68: =F68+I68 -> 1785000 | K68: 761260.91 | L68: 724043.85 | M68: 153968.78 | N68: =K68+L68+M68 -> 1639273.5 | O68: 0 | P68: 0 | Q68: 0 | R68: =O68+P68+Q68 -> 0 | S68: =N68+R68 -> 1639273.5 | T68: ='[6]Classification programmatique'!$D$96*1000 -> 797738.51 | U68: ='[6]Classification programmatique'!$G$96*1000 -> 916690.81 | V68: ='[6]Classification programmatique'!$J$96*1000 -> 121551.5 | W68: =T68+U68+V68 -> 1835980.8 | X68: 0 | Y68: 0 | Z68: 0 | AA68: =Z68+X68 -> 0 | AB68: =W68+AA68 -> 1835980.8 | AC68: 971107 | AD68: 1267393 | AE68: 163217 | AF68: =AC68+AD68+AE68 -> 2401717 | AG68: 0 | AH68: 0 | AI68: 0 | AJ68: =AI68+AG68 -> 0 | AK68: =AF68+AJ68 -> 2401717 | AL68: 917628 | AM68: 1120282 | AN68: 146325 | AO68: =AL68+AM68+AN68 -> 2184235 | AP68: 0 | AQ68: 0 | AR68: 0 | AS68: =AP68+AQ68+AR68 -> 0 | AT68: =AO68+AS68 -> 2184235 | AU68: 942864 | AV68: 1120281 | AW68: 146325 | AX68: =AU68+AV68+AW68 -> 2209470 | AY68: 0 | AZ68: 0 | BA68: 0 | BB68: =AY68+AZ68+BA68 -> 0 | BC68: =AX68+BB68 -> 2209470 | BD68: 977057 | BE68: 1120282 | BF68: 146325 | BG68: =BD68+BE68+BF68 -> 2243664 | BH68: 0 | BI68: 0 | BJ68: 0 | BK68: =BH68+BI68+BJ68 -> 0 | BL68: =BG68+BK68 -> 2243664
A69: 066 | B69: Sécurité Numérique | C69: ='[8]Classification prog-économique'!$C$106*100 -> 0 | D69: ='[8]Classification prog-économique'!$G$106*1000 -> 0 | E69: ='[8]Classification prog-économique'!$J$106*1000 -> 0 | F69: =C69+D69+E69 -> 0 | G69: 0 | H69: ='[8]Classification prog-économique'!$S$106*1000 -> 0 | I69: =G69+H69 -> 0 | J69: =F69+I69 -> 0 | K69: 0 | L69: 0 | M69: 0 | N69: =K69+L69+M69 -> 0 | O69: 0 | P69: 0 | Q69: 0 | R69: =O69+P69+Q69 -> 0 | S69: =N69+R69 -> 0 | T69: 0 | U69: 0 | V69: 0 | W69: =T69+U69+V69 -> 0 | X69: 0 | Y69: 0 | Z69: 0 | AA69: =Z69+X69 -> 0 | AB69: =W69+AA69 -> 0 | AC69: 0 | AD69: 0 | AE69: 0 | AF69: =AC69+AD69+AE69 -> 0 | AG69: 0 | AH69: 0 | AI69: 0 | AJ69: =AI69+AG69 -> 0 | AK69: =AF69+AJ69 -> 0 | AL69: 0 | AM69: 0 | AN69: 0 | AO69: =AL69+AM69+AN69 -> 0 | AP69: 0 | AQ69: 0 | AR69: 0 | AS69: =AP69+AQ69+AR69 -> 0 | AT69: =AO69+AS69 -> 0 | AU69: 0 | AV69: 0 | AW69: 0 | AX69: =AU69+AV69+AW69 -> 0 | AY69: 0 | AZ69: 0 | BA69: 0 | BB69: =AY69+AZ69+BA69 -> 0 | BC69: =AX69+BB69 -> 0 | BD69: 0 | BE69: 0 | BF69: 0 | BG69: =BD69+BE69+BF69 -> 0 | BH69: 0 | BI69: 0 | BJ69: 0 | BK69: =BH69+BI69+BJ69 -> 0 | BL69: =BG69+BK69 -> 0
A70: 104 | B70: Digitalisation de l'Administration, des entreprises et de la société | C70: ='[8]Classification prog-économique'!$D$105*1000 -> 12600 | D70: ='[8]Classification prog-économique'!$G$105*1000 -> 0 | E70: ='[8]Classification prog-économique'!$J$105*1000 -> 0 | F70: =C70+D70+E70 -> 12600 | G70: ='[8]Classification prog-économique'!$P$105*1000 -> 1154880 | H70: ='[8]Classification prog-économique'!$S$105*1000 -> 1872166.9 | I70: =G70+H70 -> 3027046.9 | J70: =F70+I70 -> 3039646.9 | K70: 0 | L70: 0 | M70: 0 | N70: =K70+L70+M70 -> 0 | O70: 0 | P70: 0 | Q70: 0 | R70: =O70+P70+Q70 -> 0 | S70: =N70+R70 -> 0 | T70: 0 | U70: 0 | V70: 0 | W70: =T70+U70+V70 -> 0 | X70: 0 | Y70: 0 | Z70: 0 | AA70: =Z70+X70 -> 0 | AB70: =W70+AA70 -> 0 | AC70: 0 | AD70: 0 | AE70: 0 | AF70: =AC70+AD70+AE70 -> 0 | AG70: 0 | AH70: 0 | AI70: 0 | AJ70: =AI70+AG70 -> 0 | AK70: =AF70+AJ70 -> 0 | AL70: 0 | AM70: 0 | AN70: 0 | AO70: =AL70+AM70+AN70 -> 0 | AP70: 0 | AQ70: 0 | AR70: 0 | AS70: =AP70+AQ70+AR70 -> 0 | AT70: =AO70+AS70 -> 0 | AU70: 0 | AV70: 0 | AW70: 0 | AX70: =AU70+AV70+AW70 -> 0 | AY70: 0 | AZ70: 0 | BA70: 0 | BB70: =AY70+AZ70+BA70 -> 0 | BC70: =AX70+BB70 -> 0 | BD70: 0 | BE70: 0 | BF70: 0 | BG70: =BD70+BE70+BF70 -> 0 | BH70: 0 | BI70: 0 | BJ70: 0 | BK70: =BH70+BI70+BJ70 -> 0 | BL70: =BG70+BK70 -> 0
A71: 109 | B71: Medias | C71: ='[8]Classification prog-économique'!$D$108*1000 -> 70700 | D71: ='[8]Classification prog-économique'!$G$108*1000 -> 0 | E71: ='[8]Classification prog-économique'!$J$108*1000 -> 4151600 | F71: =C71+D71+E71 -> 4222300 | G71: ='[8]Classification prog-économique'!$P$108*1000 -> 82600 | H71: ='[8]Classification prog-économique'!$S$108*1000 -> 0 | I71: =G71+H71 -> 82600 | J71: =F71+I71 -> 4304900 | K71: 79728.069 | L71: 0 | M71: 5856123.6 | N71: =K71+L71+M71 -> 5935851.7 | O71: 10769193 | P71: 0 | Q71: 0 | R71: =O71+P71+Q71 -> 10769193 | S71: =N71+R71 -> 16705045 | T71: ='[6]Classification programmatique'!$D$97*1000 -> 23276.542 | U71: ='[6]Classification programmatique'!$G$97*1000 -> 53978.071 | V71: ='[6]Classification programmatique'!$J$97*1000 -> 5228592.1 | W71: =T71+U71+V71 -> 5305846.7 | X71: ='[6]Classification programmatique'!$P$97*1000 -> 304781.58 | Y71: 0 | Z71: 0 | AA71: =Z71+X71 -> 304781.58 | AB71: =W71+AA71 -> 5610628.3 | AC71: 55765 | AD71: 505223 | AE71: 6026533 | AF71: =AC71+AD71+AE71 -> 6587521 | AG71: 3615870 | AH71: 0 | AI71: 0 | AJ71: =AI71+AG71 -> 3615870 | AK71: =AF71+AJ71 -> 10203391 | AL71: 45478 | AM71: 156500 | AN71: 7252260 | AO71: =AL71+AM71+AN71 -> 7454238 | AP71: ='[10]TMC Prog-Eco'!$H$87 -> 5227411.1 | AQ71: 0 | AR71: 0 | AS71: =AP71+AQ71+AR71 -> 5227411.1 | AT71: =AO71+AS71 -> 12681649 | AU71: 47141 | AV71: 156500 | AW71: 7252259 | AX71: =AU71+AV71+AW71 -> 7455900 | AY71: 7425805 | AZ71: 0 | BA71: 0 | BB71: =AY71+AZ71+BA71 -> 7425805 | BC71: =AX71+BB71 -> 14881705 | BD71: 49394 | BE71: 156500 | BF71: 7252259 | BG71: =BD71+BE71+BF71 -> 7458153 | BH71: 5514263 | BI71: 0 | BJ71: 0 | BK71: =BH71+BI71+BJ71 -> 5514263 | BL71: =BG71+BK71 -> 12972416
A72: 106 | B72: Infrastructure et Usages Numériques | C72: ='[8]Classification prog-économique'!$D$107*1000 -> 45900 | D72: ='[8]Classification prog-économique'!$G$107*1000 -> 0 | E72: ='[8]Classification prog-économique'!$J$107*1000 -> 17700 | F72: =C72+D72+E72 -> 63600 | G72: ='[8]Classification prog-économique'!$P$107*1000 -> 749279.12 | H72: ='[8]Classification prog-économique'!$S$107*1000 -> 0 | I72: =G72+H72 -> 749279.12 | J72: =F72+I72 -> 812879.12 | K72: 0 | L72: 0 | M72: 0 | N72: =K72+L72+M72 -> 0 | O72: 0 | P72: 0 | Q72: 0 | R72: =O72+P72+Q72 -> 0 | S72: =N72+R72 -> 0 | T72: 0 | U72: 0 | V72: 0 | W72: 0 | X72: 0 | Y72: 0 | Z72: 0 | AA72: 0 | AB72: 0 | AC72: 0 | AD72: 0 | AE72: 0 | AF72: 0 | AG72: 0 | AH72: 0 | AI72: 0 | AJ72: 0 | AK72: 0 | AL72: 0 | AM72: 0 | AN72: 0 | AO72: 0 | AP72: 0 | AQ72: 0 | AR72: 0 | AS72: 0 | AT72: 0 | AU72: 0 | AV72: 0 | AW72: 0 | AX72: 0 | AY72: 0 | AZ72: 0 | BA72: 0 | BB72: 0 | BC72: 0 | BD72: 0 | BE72: 0 | BF72: 0 | BG72: 0 | BH72: 0 | BI72: 0 | BJ72: 0 | BK72: 0 | BL72: 0
A73: 111 | B73: Numérique | F73: =C73+D73+E73 -> 0 | G73: ='[8]Classification prog-économique'!$P$106*1000 -> 297000 | I73: =G73+H73 -> 297000 | J73: =F73+I73 -> 297000 | K73: 88772.861 | L73: 0 | M73: 0 | N73: =K73+L73+M73 -> 88772.861 | O73: 3521471.8 | P73: 0 | Q73: 10889428 | R73: =O73+P73+Q73 -> 14410900 | S73: =N73+R73 -> 14499672 | T73: ='[6]Classification programmatique'!$D$98*1000 -> 31121.969 | U73: ='[6]Classification programmatique'!$G$98*1000 -> 0 | V73: 0 | W73: =T73+U73+V73 -> 31121.969 | X73: ='[6]Classification programmatique'!$P$98*1000 -> 4558982.2 | Y73: ='[6]Classification programmatique'!$S$98 -> 0 | Z73: ='[6]Classification programmatique'!$V$98*1000 -> 9873959.7 | AA73: =X73+Y73+Z73 -> 14432942 | AB73: =W73+AA73 -> 14464064 | AC73: 81645 | AD73: 69000 | AE73: 0 | AF73: =AC73+AD73+AE73 -> 150645 | AG73: 6236213 | AH73: 0 | AI73: 10042000 | AJ73: =AG73+AH73+AI73 -> 16278213 | AK73: =AF73+AJ73 -> 16428858 | AL73: 79938 | AM73: 56000 | AN73: 0 | AO73: =AL73+AM73+AN73 -> 135938 | AP73: 5736213 | AQ73: 0 | AR73: ='[10]TMC Prog-Eco'!$L$88 -> 6500000 | AS73: =AP73+AQ73+AR73 -> 12236213 | AT73: =AO73+AS73 -> 12372151 | AU73: 82404 | AV73: 56000 | AW73: 0 | AX73: =AU73+AV73+AW73 -> 138404 | AY73: =1479380+5499620 -> 6979000 | AZ73: 0 | BA73: 0 | BB73: =AY73+AZ73+BA73 -> 6979000 | BC73: =AX73+BB73 -> 7117404 | BD73: 85744 | BE73: 56000 | BF73: 0 | BG73: =BD73+BE73+BF73 -> 141744 | BH73: 7979000 | BI73: 0 | BJ73: 0 | BK73: =BH73+BI73+BJ73 -> 7979000 | BL73: =BG73+BK73 -> 8120744
A74: MINISTERE DES INFRASTRUCTURES ET DES TRANSPORTS | C74: =C75+C76+C77+C78+C79 -> 1071783 | D74: =D75+D76+D77+D78+D79 -> 1728441.2 | E74: =E75+E76+E77+E78+E79 -> 426798.82 | F74: =C74+D74+E74 -> 3227023 | G74: =G75+G76+G77+G78+G79 -> 1.5663483e+08 | H74: =H75+H76+H77+H78+H79 -> 38066112 | I74: =G74+H74 -> 1.9470095e+08 | J74: =F74+I74 -> 1.9792797e+08 | K74: =K75+K76+K77+K78+K79 -> 1278193 | L74: =L75+L76+L77+L78+L79 -> 1464994.9 | M74: =M75+M76+M77+M78+M79 -> 384818.28 | N74: =K74+L74+M74 -> 3128006.1 | O74: =O75+O76+O77+O78+O79 -> 1.5456561e+08 | P74: =P75+P76+P77+P78+P79 -> 88446.601 | Q74: =Q75+Q76+Q77+Q78+Q79 -> 51822483 | R74: =O74+P74+Q74 -> 2.0647654e+08 | S74: =S75+S76+S77+S78+S79 -> 2.0960455e+08 | T74: =T75+T76+T77+T78+T79 -> 0 | U74: =U75+U76+U77+U78+U79 -> 0 | V74: =V75+V76+V77+V78+V79 -> 0 | W74: =W75+W76+W77+W78+W79 -> 0 | X74: =X75+X76+X77+X78+X79 -> 0 | Y74: =Y75+Y76+Y77+Y78+Y79 -> 0 | Z74: =Z75+Z76+Z77+Z78+Z79 -> 0 | ... AW74: =AW75+AW76+AW77+AW78+AW79 -> 0 | AX74: =AU74+AV74+AW74 -> 0 | AY74: =AY75+AY76+AY77+AY78+AY79 -> 0 | AZ74: =AZ75+AZ76+AZ77+AZ78+AZ79 -> 0 | BA74: =BA75+BA76+BA77+BA78+BA79 -> 0 | BB74: =AY74+AZ74+BA74 -> 0 | BC74: =AX74+BB74 -> 0 | BD74: =BD75+BD76+BD77+BD78+BD79 -> 0 | BE74: =BE75+BE76+BE77+BE78+BE79 -> 0 | BF74: =BF75+BF76+BF77+BF78+BF79 -> 0 | BG74: =BD74+BE74+BF74 -> 0 | BH74: =BH75+BH76+BH77+BH78+BH79 -> 0 | BI74: =BI75+BI76+BI77+BI78+BI79 -> 0 | BJ74: =BJ75+BJ76+BJ77+BJ78+BJ79 -> 0 | BK74: =BH74+BI74+BJ74 -> 0 | BL74: =BG74+BK74 -> 0
A75: 068 | B75: Pilotage et soutien aux services du MIT | C75: ='[8]Classification prog-économique'!$D$61*1000 -> 494877.17 | D75: ='[8]Classification prog-économique'!$G$61*1000 -> 1269116.1 | E75: ='[8]Classification prog-économique'!$J$61*1000 -> 112329.32 | F75: =C75+D75+E75 -> 1876322.6 | G75: ='[8]Classification prog-économique'!$P$61*1000 -> 0 | H75: ='[8]Classification prog-économique'!$S$61*1000 -> 0 | I75: =G75+H75 -> 0 | J75: =F75+I75 -> 1876322.6 | K75: 575257.07 | L75: 1035382.1 | M75: 71067.041 | N75: =K75+L75+M75 -> 1681706.2 | O75: 0 | P75: 0 | Q75: 0 | R75: =O75+P75+Q75 -> 0 | S75: =N75+R75 -> 1681706.2 | T75: 0 | U75: 0 | V75: 0 | W75: =SUM(T75:V75) -> 0 | X75: 0 | AA75: =SUM(X75:Z75) -> 0 | AB75: =W75+AA75 -> 0 | AC75: 0 | AD75: 0 | AE75: 0 | AF75: =SUM(AC75:AE75) -> 0 | AG75: 0 | AJ75: =SUM(AG75:AI75) -> 0 | AK75: =AF75+AJ75 -> 0 | AL75: 0 | AM75: 0 | AN75: 0 | AO75: =SUM(AL75:AN75) -> 0 | AP75: 0 | AQ75: 0 | AR75: 0 | AS75: =SUM(AP75:AR75) -> 0 | AT75: =AO75+AS75 -> 0 | AU75: 0 | AV75: 0 | AW75: 0 | AX75: =AU75+AV75+AW75 -> 0 | AY75: 0 | AZ75: 0 | BA75: 0 | BB75: =AY75+AZ75+BA75 -> 0 | BC75: =AX75+BB75 -> 0 | BD75: 0 | BE75: 0 | BF75: 0 | BG75: =BD75+BE75+BF75 -> 0 | BH75: 0 | BI75: 0 | BJ75: 0 | BK75: =BH75+BI75+BJ75 -> 0 | BL75: =BG75+BK75 -> 0
A76: 069 | B76: Entretien et construction de routes et infrastructures de transport rural | C76: ='[8]Classification prog-économique'!$D$62*1000 -> 439453.91 | D76: ='[8]Classification prog-économique'!$G$62*1000 -> 423563.47 | E76: ='[8]Classification prog-économique'!$J$62*1000 -> 34469.5 | F76: =C76+D76+E76 -> 897486.88 | G76: ='[8]Classification prog-économique'!$P$62*1000 -> 1.4608221e+08 | H76: ='[8]Classification prog-économique'!$S$62*1000 -> 38066112 | I76: =G76+H76 -> 1.8414832e+08 | J76: =F76+I76 -> 1.8504581e+08 | K76: 563092.09 | L76: 395024.49 | M76: 29440 | N76: =K76+L76+M76 -> 987556.59 | O76: 1.4221982e+08 | P76: 88446.601 | Q76: 51822483 | R76: =O76+P76+Q76 -> 1.9413075e+08 | S76: =N76+R76 -> 1.9511831e+08 | T76: 0 | U76: 0 | V76: 0 | W76: =SUM(T76:V76) -> 0 | X76: 0 | Y76: 0 | Z76: 0 | AA76: =SUM(X76:Z76) -> 0 | AB76: =W76+AA76 -> 0 | AC76: 0 | AD76: 0 | AE76: 0 | AF76: =SUM(AC76:AE76) -> 0 | AG76: 0 | AH76: 0 | AI76: 0 | AJ76: =SUM(AG76:AI76) -> 0 | AK76: =AF76+AJ76 -> 0 | AL76: 0 | AM76: 0 | AN76: 0 | AO76: =SUM(AL76:AN76) -> 0 | AP76: 0 | AQ76: 0 | AR76: 0 | AS76: =SUM(AP76:AR76) -> 0 | AT76: =AO76+AS76 -> 0 | AU76: 0 | AV76: 0 | AW76: 0 | AX76: =AU76+AV76+AW76 -> 0 | AY76: 0 | AZ76: 0 | BA76: 0 | BB76: =AY76+AZ76+BA76 -> 0 | BC76: =AX76+BB76 -> 0 | BD76: 0 | BE76: 0 | BF76: 0 | BG76: =BD76+BE76+BF76 -> 0 | BH76: 0 | BI76: 0 | BJ76: 0 | BK76: =BH76+BI76+BJ76 -> 0 | BL76: =BG76+BK76 -> 0
A77: 070 | B77: Transport Terrestre et securité routière | C77: ='[8]Classification prog-économique'!$D$63*1000 -> 58697.661 | D77: ='[8]Classification prog-économique'!$G$63*1000 -> 17866.05 | E77: ='[8]Classification prog-économique'!$J$63*1000 -> 0 | F77: =C77+D77+E77 -> 76563.711 | G77: ='[8]Classification prog-économique'!$P$63*1000 -> 0 | H77: ='[8]Classification prog-économique'!$S$63*1000 -> 0 | I77: =G77+H77 -> 0 | J77: =F77+I77 -> 76563.711 | K77: 86333.381 | L77: 15420 | M77: 0 | N77: =K77+L77+M77 -> 101753.38 | O77: 0 | P77: 0 | Q77: 0 | R77: =O77+P77+Q77 -> 0 | S77: =N77+R77 -> 101753.38 | T77: 0 | U77: 0 | V77: 0 | W77: =SUM(T77:V77) -> 0 | X77: 0 | Y77: 0 | AA77: =SUM(X77:Z77) -> 0 | AB77: =W77+AA77 -> 0 | AC77: 0 | AD77: 0 | AE77: 0 | AF77: =SUM(AC77:AE77) -> 0 | AG77: 0 | AH77: 0 | AJ77: =SUM(AG77:AI77) -> 0 | AK77: =AF77+AJ77 -> 0 | AL77: 0 | AM77: 0 | AN77: 0 | AO77: =SUM(AL77:AN77) -> 0 | AP77: 0 | AQ77: 0 | AR77: 0 | AS77: =SUM(AP77:AR77) -> 0 | AT77: =AO77+AS77 -> 0 | AU77: 0 | AV77: 0 | AW77: 0 | AX77: =AU77+AV77+AW77 -> 0 | AY77: 0 | AZ77: 0 | BA77: 0 | BB77: =AY77+AZ77+BA77 -> 0 | BC77: =AX77+BB77 -> 0 | BD77: 0 | BE77: 0 | BF77: 0 | BG77: =BD77+BE77+BF77 -> 0 | BH77: 0 | BI77: 0 | BJ77: 0 | BK77: =BH77+BI77+BJ77 -> 0 | BL77: =BG77+BK77 -> 0
A78: 071 | B78: Transport maritime | C78: ='[8]Classification prog-économique'!$D$64*1000 -> 34924.701 | D78: ='[8]Classification prog-économique'!$G$64*1000 -> 17895.5 | E78: ='[8]Classification prog-économique'!$J$64*1000 -> 0 | F78: =C78+D78+E78 -> 52820.201 | G78: ='[8]Classification prog-économique'!$P$64*1000 -> 0 | H78: ='[8]Classification prog-économique'!$S$64*1000 -> 0 | I78: =G78+H78 -> 0 | J78: =F78+I78 -> 52820.201 | K78: 47008.497 | L78: 19168.25 | M78: 4311.234 | N78: =K78+L78+M78 -> 70487.981 | O78: 4350000 | P78: 0 | Q78: 0 | R78: =O78+P78+Q78 -> 4350000 | S78: =N78+R78 -> 4420488 | T78: 0 | U78: 0 | V78: 0 | W78: =SUM(T78:V78) -> 0 | AA78: =SUM(X78:Z78) -> 0 | AB78: =W78+AA78 -> 0 | AC78: 0 | AD78: 0 | AE78: 0 | AF78: =SUM(AC78:AE78) -> 0 | AJ78: =SUM(AG78:AI78) -> 0 | AK78: =AF78+AJ78 -> 0 | AL78: 0 | AM78: 0 | AN78: 0 | AO78: =SUM(AL78:AN78) -> 0 | AP78: 0 | AQ78: 0 | AR78: 0 | AS78: =SUM(AP78:AR78) -> 0 | AT78: =AO78+AS78 -> 0 | AU78: 0 | AV78: 0 | AW78: 0 | AX78: =AU78+AV78+AW78 -> 0 | AY78: 0 | AZ78: 0 | BA78: 0 | BB78: =AY78+AZ78+BA78 -> 0 | BC78: =AX78+BB78 -> 0 | BD78: 0 | BE78: 0 | BF78: 0 | BG78: =BD78+BE78+BF78 -> 0 | BH78: 0 | BI78: 0 | BJ78: 0 | BK78: =BH78+BI78+BJ78 -> 0 | BL78: =BG78+BK78 -> 0
A79: 072 | B79: Transport aérien | C79: ='[8]Classification prog-économique'!$D$65*1000 -> 43829.537 | D79: ='[8]Classification prog-économique'!$G$65*1000 -> 0 | E79: ='[8]Classification prog-économique'!$J$65*1000 -> 280000 | F79: =C79+D79+E79 -> 323829.54 | G79: ='[8]Classification prog-économique'!$P$65*1000 -> 10552627 | H79: ='[8]Classification prog-économique'!$S$65*1000 -> 0 | I79: =G79+H79 -> 10552627 | J79: =F79+I79 -> 10876457 | K79: 6501.966 | L79: 0 | M79: 280000 | N79: =K79+L79+M79 -> 286501.97 | O79: 7995790.2 | P79: 0 | Q79: 0 | R79: =O79+P79+Q79 -> 7995790.2 | S79: =N79+R79 -> 8282292.2 | T79: 0 | U79: 0 | V79: 0 | W79: =SUM(T79:V79) -> 0 | X79: 0 | Z79: 0 | AA79: =SUM(X79:Z79) -> 0 | AB79: =W79+AA79 -> 0 | AC79: 0 | AD79: 0 | AE79: 0 | AF79: =SUM(AC79:AE79) -> 0 | AG79: 0 | AI79: 0 | AJ79: =SUM(AG79:AI79) -> 0 | AK79: =AF79+AJ79 -> 0 | AL79: 0 | AM79: 0 | AN79: 0 | AO79: =SUM(AL79:AN79) -> 0 | AP79: 0 | AQ79: 0 | AR79: 0 | AS79: =SUM(AP79:AR79) -> 0 | AT79: =AO79+AS79 -> 0 | AU79: 0 | AV79: 0 | AW79: 0 | AX79: =AU79+AV79+AW79 -> 0 | AY79: 0 | AZ79: 0 | BA79: 0 | BB79: =AY79+AZ79+BA79 -> 0 | BC79: =AX79+BB79 -> 0 | BD79: 0 | BE79: 0 | BF79: 0 | BG79: =BD79+BE79+BF79 -> 0 | BH79: 0 | BI79: 0 | BJ79: 0 | BK79: =BH79+BI79+BJ79 -> 0 | BL79: =BG79+BK79 -> 0
A80: MINISTERE DE L'INDUSTRIE ET DU COMMERCE | C80: =C81+C82+C83 -> 1195562.2 | D80: =D81+D82+D83 -> 1090489.3 | E80: =E81+E82+E83 -> 339000 | F80: =C80+D80+E80 -> 2625051.5 | G80: =G81+G82+G83 -> 270401.98 | H80: =H81+H82+H83 -> 0 | I80: =G80+H80 -> 270401.98 | J80: =F80+I80 -> 2895453.4 | K80: =K81+K82+K83 -> 1352486.2 | L80: =L81+L82+L83 -> 1132249.1 | M80: =M81+M82+M83 -> 300000 | N80: =K80+L80+M80 -> 2784735.4 | O80: =O81+O82+O83 -> 126946.24 | P80: =P81+P82+P83 -> 0 | Q80: =Q81+Q82+Q83 -> 0 | R80: =O80+P80+Q80 -> 126946.24 | S80: =N80+R80 -> 2911681.6 | T80: =T81+T82+T83 -> 1105691.8 | U80: =U81+U82+U83 -> 1088243.5 | V80: =V81+V82+V83 -> 860000 | W80: =T80+U80+V80 -> 3053935.3 | X80: =X81+X82+X83 -> 344917.28 | Y80: =Y81+Y82+Y83 -> 0 | Z80: =Z81+Z82+Z83 -> 0 | AA80: =X80+Y80+Z80 -> 344917.28 | AB80: =W80+AA80 -> 3398852.5 | AC80: =AC81+AC82+AC83 -> 1359337 | AD80: =AD81+AD82+AD83 -> 1651906 | AE80: =AE81+AE82+AE83 -> 2860000 | AF80: =AC80+AD80+AE80 -> 5871243 | AG80: =AG81+AG82+AG83 -> 472940 | AH80: =AH81+AH82+AH83 -> 0 | AI80: =AI81+AI82+AI83 -> 0 | AJ80: =AG80+AH80+AI80 -> 472940 | AK80: =AF80+AJ80 -> 6344183 | AL80: =AL81+AL82+AL83 -> 1163223 | AM80: =AM81+AM82+AM83 -> 1651906 | AN80: =AN81+AN82+AN83 -> 4860000 | AO80: =AL80+AM80+AN80 -> 7675129 | AP80: =AP81+AP82+AP83 -> 1252940 | AQ80: =AQ81+AQ82+AQ83 -> 0 | AR80: =AR81+AR82+AR83 -> 0 | AS80: =AP80+AQ80+AR80 -> 1252940 | AT80: =AO80+AS80 -> 8928069 | AU80: =AU81+AU82+AU83 -> 1209374 | AV80: =AV81+AV82+AV83 -> 1651906 | AW80: =AW81+AW82+AW83 -> 4860000 | AX80: =AU80+AV80+AW80 -> 7721280 | AY80: =AY81+AY82+AY83 -> 992940 | AZ80: =AZ81+AZ82+AZ83 -> 0 | BA80: =BA81+BA82+BA83 -> 0 | BB80: =AY80+AZ80+BA80 -> 992940 | BC80: =AX80+BB80 -> 8714220 | BD80: =BD81+BD82+BD83 -> 1251015 | BE80: =BE81+BE82+BE83 -> 1651905 | BF80: =BF81+BF82+BF83 -> 4860000 | BG80: =BD80+BE80+BF80 -> 7762920 | BH80: =BH81+BH82+BH83 -> 472940 | BI80: =BI81+BI82+BI83 -> 0 | BJ80: =BJ81+BJ82+BJ83 -> 0 | BK80: =BH80+BI80+BJ80 -> 472940 | BL80: =BG80+BK80 -> 8235860
A81: 073 | B81: Pilotage et soutien aux services du MIC | C81: ='[8]Classification prog-économique'!$D$67*1000 -> 921482.77 | D81: ='[8]Classification prog-économique'!$G$67*1000 -> 729409.18 | E81: ='[8]Classification prog-économique'!$J$67*1000 -> 0 | F81: =C81+D81+E81 -> 1650892 | G81: ='[8]Classification prog-économique'!$P$67*1000 -> 118774.3 | H81: ='[8]Classification prog-économique'!$S$67*1000 -> 0 | I81: =G81+H81 -> 118774.3 | J81: =F81+I81 -> 1769666.3 | K81: 647201.01 | L81: 766253.24 | M81: 0 | N81: =K81+L81+M81 -> 1413454.2 | O81: 0 | R81: =O81+P81+Q81 -> 0 | S81: =N81+R81 -> 1413454.2 | T81: ='[6]Classification programmatique'!$D$61*1000 -> 537131.05 | U81: ='[6]Classification programmatique'!$G$61*1000 -> 710156.19 | V81: 0 | W81: =SUM(T81:V81) -> 1247287.2 | AA81: =X81+Y81+Z81 -> 0 | AB81: =W81+AA81 -> 1247287.2 | AC81: 740253 | AD81: 1150672 | AE81: 0 | AF81: =SUM(AC81:AE81) -> 1890925 | AJ81: =AG81+AH81+AI81 -> 0 | AK81: =AF81+AJ81 -> 1890925 | AL81: ='[10]TMC Prog-Eco'!$C$62 -> 692669.34 | AM81: ='[10]TMC Prog-Eco'!$D$62 -> 1149673 | AN81: 0 | AO81: =SUM(AL81:AN81) -> 1842342.3 | AS81: =AP81+AQ81+AR81 -> 0 | AT81: =AO81+AS81 -> 1842342.3 | AU81: 719354 | AV81: 1149673 | AX81: =AU81+AV81+AW81 -> 1869027 | AY81: 0 | AZ81: 0 | BA81: 0 | BB81: =AY81+AZ81+BA81 -> 0 | BC81: =AX81+BB81 -> 1869027 | BD81: 743432 | BE81: 1149672 | BG81: =BD81+BE81+BF81 -> 1893104 | BH81: 0 | BI81: 0 | BJ81: 0 | BK81: =BH81+BI81+BJ81 -> 0 | BL81: =BG81+BK81 -> 1893104
A82: 074 | B82: Industrie | C82: ='[8]Classification prog-économique'!$D$68*1000 -> 126324.33 | D82: ='[8]Classification prog-économique'!$G$68*1000 -> 36843.798 | E82: ='[8]Classification prog-économique'!$J$68*1000 -> 339000 | F82: =C82+D82+E82 -> 502168.13 | G82: ='[8]Classification prog-économique'!$P$68*1000 -> 0 | H82: ='[8]Classification prog-économique'!$S$68*1000 -> 0 | I82: =G82+H82 -> 0 | J82: =F82+I82 -> 502168.13 | K82: 152985.33 | L82: 32899.104 | M82: 300000 | N82: =K82+L82+M82 -> 485884.43 | O82: 0 | P82: 0 | Q82: 0 | R82: =O82+P82+Q82 -> 0 | S82: =N82+R82 -> 485884.43 | T82: ='[6]Classification programmatique'!$D$62*1000 -> 128649.02 | U82: ='[6]Classification programmatique'!$G$62*1000 -> 33815.922 | V82: ='[6]Classification programmatique'!$J$62*1000 -> 360000 | W82: =SUM(T82:V82) -> 522464.95 | X82: 0 | Y82: 0 | Z82: 0 | AA82: =X82+Y82+Z82 -> 0 | AB82: =W82+AA82 -> 522464.95 | AC82: 58215 | AD82: 106376 | AE82: 360000 | AF82: =SUM(AC82:AE82) -> 524591 | AG82: 0 | AH82: 0 | AI82: 0 | AJ82: =AG82+AH82+AI82 -> 0 | AK82: =AF82+AJ82 -> 524591 | AL82: ='[10]TMC Prog-Eco'!$C$63 -> 59794.333 | AM82: ='[10]TMC Prog-Eco'!$D$63 -> 106376 | AN82: ='[10]TMC Prog-Eco'!$E$63 -> 360000 | AO82: =SUM(AL82:AN82) -> 526170.33 | AP82: ='[10]TMC Prog-Eco'!$H$63 -> 780000 | AQ82: 0 | AR82: 0 | AS82: =AP82+AQ82+AR82 -> 780000 | AT82: =AO82+AS82 -> 1306170.3 | AU82: 62350 | AV82: 106376 | AW82: 360000 | AX82: =AU82+AV82+AW82 -> 528726 | AY82: 520000 | AZ82: 0 | BA82: 0 | BB82: =AY82+AZ82+BA82 -> 520000 | BC82: =AX82+BB82 -> 1048726 | BD82: 64655 | BE82: 106376 | BF82: 360000 | BG82: =BD82+BE82+BF82 -> 531031 | BH82: 0 | BI82: 0 | BJ82: 0 | BK82: =BH82+BI82+BJ82 -> 0 | BL82: =BG82+BK82 -> 531031
A83: 075 | B83: Commerce | C83: ='[8]Classification prog-économique'!$D$69*1000 -> 147755.08 | D83: ='[8]Classification prog-économique'!$G$69*1000 -> 324236.28 | E83: ='[8]Classification prog-économique'!$J$69*1000 -> 0 | F83: =C83+D83+E83 -> 471991.36 | G83: ='[8]Classification prog-économique'!$P$69*1000 -> 151627.68 | H83: ='[8]Classification prog-économique'!$S$69*1000 -> 0 | I83: =G83+H83 -> 151627.68 | J83: =F83+I83 -> 623619.04 | K83: 552299.87 | L83: 333096.79 | M83: 0 | N83: =K83+L83+M83 -> 885396.67 | O83: 126946.24 | P83: 0 | Q83: 0 | R83: =O83+P83+Q83 -> 126946.24 | S83: =N83+R83 -> 1012342.9 | T83: ='[6]Classification programmatique'!$D$63*1000 -> 439911.68 | U83: ='[6]Classification programmatique'!$G$63*1000 -> 344271.39 | V83: ='[6]Classification programmatique'!$J$63*1000 -> 500000 | W83: =SUM(T83:V83) -> 1284183.1 | X83: ='[6]Classification programmatique'!$P$63*1000 -> 344917.28 | Y83: 0 | Z83: 0 | AA83: =X83+Y83+Z83 -> 344917.28 | AB83: =W83+AA83 -> 1629100.3 | AC83: 560869 | AD83: 394858 | AE83: 2500000 | AF83: =SUM(AC83:AE83) -> 3455727 | AG83: 472940 | AH83: 0 | AI83: 0 | AJ83: =AG83+AH83+AI83 -> 472940 | AK83: =AF83+AJ83 -> 3928667 | AL83: ='[10]TMC Prog-Eco'!$C$64 -> 410759.3 | AM83: ='[10]TMC Prog-Eco'!$D$64 -> 395857 | AN83: ='[10]TMC Prog-Eco'!$E$64 -> 4500000 | AO83: =SUM(AL83:AN83) -> 5306616.3 | AP83: ='[10]TMC Prog-Eco'!$H$64 -> 472940 | AQ83: 0 | AR83: 0 | AS83: =AP83+AQ83+AR83 -> 472940 | AT83: =AO83+AS83 -> 5779556.3 | AU83: 427670 | AV83: 395857 | AW83: 4500000 | AX83: =AU83+AV83+AW83 -> 5323527 | AY83: 472940 | AZ83: 0 | BB83: =AY83+AZ83+BA83 -> 472940 | BC83: =AX83+BB83 -> 5796467 | BD83: 442928 | BE83: 395857 | BF83: 4500000 | BG83: =BD83+BE83+BF83 -> 5338785 | BH83: 472940 | BI83: 0 | BK83: =BH83+BI83+BJ83 -> 472940 | BL83: =BG83+BK83 -> 5811725
A84: MINISTERE DE L'ENERGIE | C84: =C85+C86 -> 1463800 | D84: =D85+D86 -> 1169500 | E84: =E85+E86 -> 180000 | F84: =C84+D84+E84 -> 2813300 | G84: =G85+G86 -> 31169000 | H84: =H85+H86 -> 43187345 | I84: =G84+H84 -> 74356345 | J84: =F84+I84 -> 77169645 | K84: =K85+K86 -> 797909.76 | L84: =L85+L86 -> 498953.95 | M84: =M85+M86 -> 275308 | N84: =K84+L84+M84 -> 1572171.7 | O84: =O85+O86 -> 15202846 | P84: =P85+P86 -> 3209587.1 | Q84: =Q85+Q86 -> 70529998 | R84: =O84+P84+Q84 -> 88942431 | S84: =N84+R84 -> 90514603 | T84: =T85+T86 -> 0 | U84: =U85+U86 -> 0 | V84: =V85+V86 -> 0 | W84: =W85+W86 -> 0 | X84: =X85+X86 -> 0 | Y84: =Y85+Y86 -> 0 | Z84: =Z85+Z86 -> 0 | AA84: =AA85+AA86 -> 0 | ... AT84: =AT85+AT86 -> 0 | AX84: =AU84+AV84+AW84 -> 0 | BB84: =AY84+AZ84+BA84 -> 0 | BC84: =AX84+BB84 -> 0 | BG84: =BD84+BE84+BF84 -> 0 | BK84: =BH84+BI84+BJ84 -> 0 | BL84: =BG84+BK84 -> 0
A85: 078 | B85: Pilotage et soutiens aux services du ME | C85: ='[8]Classification prog-économique'!$D$93*1000 -> 1055800 | D85: ='[8]Classification prog-économique'!$G$93*1000 -> 1132100 | E85: ='[8]Classification prog-économique'!$J$93*1000 -> 0 | F85: =C85+D85+E85 -> 2187900 | G85: ='[8]Classification prog-économique'!$P$93*1000 -> 12714900 | H85: ='[8]Classification prog-économique'!$S$93*1000 -> 0 | I85: =G85+H85 -> 12714900 | J85: =F85+I85 -> 14902800 | K85: ='[3]Classification programmatique'!$D$93*1000 -> 795655.14 | L85: ='[3]Classification programmatique'!$G$93*1000 -> 418453.95 | M85: ='[3]Classification programmatique'!$J$93*1000 -> 185308 | N85: =K85+L85+M85 -> 1399417.1 | O85: ='[3]Classification programmatique'!$P$93*1000 -> 1072521.1 | P85: 0 | Q85: 0 | R85: =O85+P85+Q85 -> 1072521.1 | S85: =N85+R85 -> 2471938.1 | T85: 0 | U85: 0 | V85: 0 | W85: =T85+U85+V85 -> 0 | X85: 0 | Y85: 0 | Z85: 0 | AA85: =X85+Y85+Z85 -> 0 | AB85: =W85+AA85 -> 0 | AC85: 0 | AD85: 0 | AE85: 0 | AF85: =AC85+AD85+AE85 -> 0 | AG85: 0 | AH85: 0 | AI85: 0 | AJ85: =AG85+AH85+AI85 -> 0 | AK85: =AF85+AJ85 -> 0 | AL85: 0 | AM85: 0 | AN85: 0 | AO85: =AL85+AM85+AN85 -> 0 | AP85: 0 | AQ85: 0 | AR85: 0 | AS85: =AP85+AQ85+AR85 -> 0 | AT85: =AO85+AS85 -> 0 | AU85: 0 | AV85: 0 | AW85: 0 | AX85: =AU85+AV85+AW85 -> 0 | AY85: 0 | AZ85: 0 | BA85: 0 | BB85: =AY85+AZ85+BA85 -> 0 | BC85: =AX85+BB85 -> 0 | BD85: 0 | BE85: 0 | BF85: 0 | BG85: =BD85+BE85+BF85 -> 0 | BH85: 0 | BI85: 0 | BJ85: 0 | BK85: =BH85+BI85+BJ85 -> 0 | BL85: =BG85+BK85 -> 0
A86: 079 | B86: Energie | C86: ='[8]Classification prog-économique'!$D$94*1000 -> 408000 | D86: ='[8]Classification prog-économique'!$G$94*1000 -> 37400 | E86: ='[8]Classification prog-économique'!$J$94*1000 -> 180000 | F86: =C86+D86+E86 -> 625400 | G86: ='[11]Classification prog-économique'!$P$94*1000 -> 18454100 | H86: ='[11]Classification prog-économique'!$S$94*1000 -> 43187345 | I86: =G86+H86 -> 61641445 | J86: =F86+I86 -> 62266845 | K86: ='[3]Classification programmatique'!$D$94*1000 -> 2254.617 | L86: ='[3]Classification programmatique'!$G$94*1000 -> 80500 | M86: ='[3]Classification programmatique'!$J$94*1000 -> 90000 | N86: =K86+L86+M86 -> 172754.62 | O86: ='[3]Classification programmatique'!$P$94*1000 -> 14130325 | P86: ='[3]Classification programmatique'!$S$94*1000 -> 3209587.1 | Q86: ='[3]Classification programmatique'!$V$94*1000 -> 70529998 | R86: =O86+P86+Q86 -> 87869910 | S86: =N86+R86 -> 88042665 | T86: 0 | U86: 0 | V86: 0 | W86: =SUM(T86:V86) -> 0 | X86: 0 | Y86: 0 | Z86: 0 | AA86: =X86+Y86+Z86 -> 0 | AB86: =W86+AA86 -> 0 | AC86: 0 | AD86: 0 | AE86: 0 | AF86: =SUM(AC86:AE86) -> 0 | AG86: 0 | AH86: 0 | AI86: 0 | AJ86: =AG86+AH86+AI86 -> 0 | AK86: =AF86+AJ86 -> 0 | AL86: 0 | AM86: 0 | AN86: 0 | AO86: =AL86+AM86+AN86 -> 0 | AP86: 0 | AQ86: 0 | AR86: 0 | AS86: =AP86+AQ86+AR86 -> 0 | AT86: =AO86+AS86 -> 0 | AU86: 0 | AV86: 0 | AW86: 0 | AX86: =AU86+AV86+AW86 -> 0 | AY86: 0 | AZ86: 0 | BA86: 0 | BB86: =AY86+AZ86+BA86 -> 0 | BC86: =AX86+BB86 -> 0 | BD86: 0 | BE86: 0 | BF86: 0 | BG86: =BD86+BE86+BF86 -> 0 | BH86: 0 | BI86: 0 | BJ86: 0 | BK86: =BH86+BI86+BJ86 -> 0 | BL86: =BG86+BK86 -> 0
A87: MINISTERE DU CADRE DE VIE ET DES TRANSPORTS CHARGE DU DEVELOPPEMENT DURABLE | C87: =C88+C89+C90+C91+C92+C93 -> 4367800 | D87: =D88+D89+D90+D91+D92+D93 -> 947400 | E87: =E88+E89+E90+E91+E92+E93 -> 1757200 | F87: =C87+D87+E87 -> 7072400 | G87: =G88+G89+G90+G91+G92+G93 -> 130691600 | H87: =H88+H89+H90+H91+H92+H93 -> 1.0093356e+08 | I87: =G87+H87 -> 2.3162516e+08 | J87: =F87+I87 -> 2.3869756e+08 | K87: =K88+K89+K90+K91+K93 -> 5376782.5 | L87: =L88+L89+L90+L91+L93 -> 978965.31 | M87: =M88+M89+M90+M91+M93 -> 2599750.8 | N87: =K87+L87+M87 -> 8955498.5 | O87: =O88+O89+O90+O91+O93 -> 1.7477908e+08 | P87: =P88+P89+P90+P91+P93 -> 24846549 | Q87: =Q88+Q89+Q90+Q91+Q93 -> 82639464 | R87: =O87+P87+Q87 -> 2.8226509e+08 | S87: =N87+R87 -> 2.9122059e+08 | T87: =T88+T89+T90+T91+T92+T93 -> 6101613.2 | U87: =U88+U89+U90+U91+U92+U93 -> 1838572.9 | V87: =V88+V89+V90+V91+V92+V93 -> 3546293.9 | W87: =W88+W89+W90+W91+W92+W93 -> 11486480 | X87: =X88+X89+X90+X91+X92+X93 -> 3.6820853e+08 | Y87: =Y88+Y89+Y90+Y91+Y92+Y93 -> 6090577 | Z87: =Z88+Z89+Z90+Z91+Z92+Z93 -> 99199585 | AA87: =AA88+AA89+AA90+AA91+AA92+AA93 -> 4.7349869e+08 | AB87: =W87+AA87 -> 4.8498517e+08 | AC87: =AC88+AC89+AC90+AC91+AC92+AC93 -> 7030794 | AD87: =AD88+AD89+AD90+AD91+AD92+AD93 -> 3258476 | AE87: =AE88+AE89+AE90+AE91+AE92+AE93 -> 3830160 | AF87: =AF88+AF89+AF90+AF91+AF92+AF93 -> 14119430 | AG87: =AG88+AG89+AG90+AG91+AG92+AG93 -> 253601023 | AH87: =AH88+AH89+AH90+AH91+AH92+AH93 -> 7453165 | AI87: =AI88+AI89+AI90+AI91+AI92+AI93 -> 84707258 | AJ87: =AJ88+AJ89+AJ90+AJ91+AJ92+AJ93 -> 3.4576145e+08 | AK87: =AF87+AJ87 -> 3.5988088e+08 | AL87: =AL88+AL89+AL90+AL91+AL92+AL93 -> 6446555.8 | AM87: =AM88+AM89+AM90+AM91+AM92+AM93 -> 3998576 | AN87: =AN88+AN89+AN90+AN91+AN92+AN93 -> 5827371 | AO87: =AL87+AM87+AN87 -> 16272503 | AP87: =AP88+AP89+AP90+AP91+AP92+AP93 -> 2.9510024e+08 | AQ87: =AQ88+AQ89+AQ90+AQ91+AQ92+AQ93 -> 1110000 | AR87: =AR88+AR89+AR90+AR91+AR92+AR93 -> 1.4328131e+08 | AS87: =AP87+AQ87+AR87 -> 4.3949156e+08 | AT87: =AO87+AS87 -> 4.5576406e+08 | AU87: =AU88+AU89+AU90+AU91+AU92+AU93 -> 6626194 | AV87: =AV88+AV89+AV90+AV91+AV92+AV93 -> 3998575 | AW87: =AW88+AW89+AW90+AW91+AW92+AW93 -> 5827341 | AX87: =AU87+AV87+AW87 -> 16452110 | AY87: =AY88+AY89+AY90+AY91+AY92+AY93 -> 352168843 | AZ87: =AZ88+AZ89+AZ90+AZ91+AZ92+AZ93 -> 0 | BA87: =BA88+BA89+BA90+BA91+BA92+BA93 -> 204129759 | BB87: =AY87+AZ87+BA87 -> 556298602 | BC87: =AX87+BB87 -> 572750712 | BD87: =BD88+BD89+BD90+BD91+BD92+BD93 -> 6810835 | BE87: =BE88+BE89+BE90+BE91+BE92+BE93 -> 3998575 | BF87: =BF88+BF89+BF90+BF91+BF92+BF93 -> 5827371 | BG87: =BD87+BE87+BF87 -> 16636781 | BH87: =BH88+BH89+BH90+BH91+BH92+BH93 -> 488276640 | BI87: =BI88+BI89+BI90+BI91+BI92+BI93 -> 0 | BJ87: =BJ88+BJ89+BJ90+BJ91+BJ92+BJ93 -> 252340758 | BK87: =BH87+BI87+BJ87 -> 740617398 | BL87: =BG87+BK87 -> 757254179
A88: 114 | B88: Pilotage et soutien aux services du MCVT | C88: ='[8]Classification prog-économique'!$D$75*1000 -> 660200 | D88: ='[8]Classification prog-économique'!$G$75*1000 -> 757800 | E88: ='[8]Classification prog-économique'!$J$75*1000 -> 0 | F88: =C88+D88+E88 -> 1418000 | G88: ='[8]Classification prog-économique'!$P$75*1000 -> 1745000 | H88: ='[8]Classification prog-économique'!$S$75*1000 -> 0 | I88: =G88+H88 -> 1745000 | J88: =F88+I88 -> 3163000 | K88: 1281654.1 | L88: 835765.31 | M88: 0 | N88: =K88+L88+M88 -> 2117419.4 | O88: 1064034.8 | P88: 0 | Q88: 0 | R88: =O88+P88+Q88 -> 1064034.8 | S88: =N88+R88 -> 3181454.2 | T88: ='[6]Classification programmatique'!$D$69*1000 -> 1356998.6 | U88: ='[6]Classification programmatique'!$G$69*1000 -> 1530138.9 | V88: ='[6]Classification programmatique'!$J$69*1000 -> 67888.759 | W88: =T88+U88+V88 -> 2955026.3 | X88: ='[6]Classification programmatique'!$P$69*1000 -> 1478698.8 | Y88: 0 | Z88: 0 | AA88: =SUM(X88:Z88) -> 1478698.8 | AB88: =W88+AA88 -> 4433725.1 | AC88: 1988211 | AD88: 2585664 | AE88: 240204 | AF88: =AC88+AD88+AE88 -> 4814079 | AG88: 4601779 | AH88: 0 | AI88: 0 | AJ88: =SUM(AG88:AI88) -> 4601779 | AK88: =AF88+AJ88 -> 9415858 | AL88: ='[10]TMC Prog-Eco'!$C$90 -> 1766079.9 | AM88: ='[10]TMC Prog-Eco'!$D$90 -> 2994764 | AN88: ='[10]TMC Prog-Eco'!$E$90 -> 173840 | AO88: =AL88+AM88+AN88 -> 4934683.9 | AP88: ='[10]TMC Prog-Eco'!$H$90 -> 5000000 | AQ88: 0 | AR88: 0 | AS88: =SUM(AP88:AR88) -> 5000000 | AT88: =AO88+AS88 -> 9934683.9 | AU88: 1814725 | AV88: 2994763 | AW88: 173840 | AX88: =AU88+AV88+AW88 -> 4983328 | AY88: 2500000 | AZ88: 0 | BA88: 0 | BB88: =AY88+AZ88+BA88 -> 2500000 | BC88: =AX88+BB88 -> 7483328 | BD88: 1864736 | BE88: 2994763 | BF88: 173840 | BG88: =BD88+BE88+BF88 -> 5033339 | BH88: 0 | BI88: 0 | BJ88: 0 | BK88: =BH88+BI88+BJ88 -> 0 | BL88: =BG88+BK88 -> 5033339
A89: 115 | B89: Environnement , forêt et climat | C89: ='[8]Classification prog-économique'!$D$76*1000 -> 141000 | D89: ='[8]Classification prog-économique'!$G$76*1000 -> 10500 | E89: ='[8]Classification prog-économique'!$J$76*1000 -> 182200 | F89: =C89+D89+E89 -> 333700 | G89: ='[8]Classification prog-économique'!$P$76*1000 -> 29446800 | H89: ='[8]Classification prog-économique'!$S$76*1000 -> 40498563 | I89: =G89+H89 -> 69945363 | J89: =F89+I89 -> 70279063 | K89: 103572.17 | L89: 22200 | M89: 1065330 | N89: =K89+L89+M89 -> 1191102.2 | O89: 26128774 | P89: 11300769 | Q89: ='[7]Classification programmatique'!$V$76*1000 -> 10451544 | R89: =O89+P89+Q89 -> 47881087 | S89: =N89+R89 -> 49072189 | T89: ='[6]Classification programmatique'!$D$70*1000 -> 3903880.4 | U89: ='[6]Classification programmatique'!$G$70*1000 -> 117950 | V89: ='[6]Classification programmatique'!$J$70*1000 -> 2176913.5 | W89: =T89+U89+V89 -> 6198743.9 | X89: ='[6]Classification programmatique'!$P$70*1000 -> 31832459 | Y89: ='[6]Classification programmatique'!$S$70*1000 -> 5763434.1 | Z89: ='[6]Classification programmatique'!$V$70*1000 -> 1504770.1 | AA89: =SUM(X89:Z89) -> 39100664 | AB89: =W89+AA89 -> 45299408 | AC89: 4412844 | AD89: 153000 | AE89: 2545656 | AF89: =AC89+AD89+AE89 -> 7111500 | AG89: 29089814 | AH89: 5573169 | AI89: 8647000 | AJ89: =SUM(AG89:AI89) -> 43309983 | AK89: =AF89+AJ89 -> 50421483 | AL89: ='[10]TMC Prog-Eco'!$C$91 -> 4115766.3 | AM89: ='[10]TMC Prog-Eco'!$D$91 -> 445000 | AN89: ='[10]TMC Prog-Eco'!$E$91 -> 2832656 | AO89: =AL89+AM89+AN89 -> 7393422.3 | AP89: ='[10]TMC Prog-Eco'!$H$91 -> 31599649 | AQ89: ='[10]TMC Prog-Eco'!$J$91 -> 500000 | AR89: ='[10]TMC Prog-Eco'!$L$91 -> 2500000 | AS89: =SUM(AP89:AR89) -> 34599649 | AT89: =AO89+AS89 -> 41993071 | AU89: 4230709 | AV89: 445000 | AW89: 2832656 | AX89: =AU89+AV89+AW89 -> 7508365 | AY89: 27508456 | AZ89: 0 | BA89: 0 | BB89: =AY89+AZ89+BA89 -> 27508456 | BC89: =AX89+BB89 -> 35016821 | BD89: 4348836 | BE89: 445000 | BF89: 2832656 | BG89: =BD89+BE89+BF89 -> 7626492 | BH89: 20563495 | BI89: 0 | BJ89: 0 | BK89: =BH89+BI89+BJ89 -> 20563495 | BL89: =BG89+BK89 -> 28189987
A90: 084 | B90: Gestion durable des forêts et des ressources naturelles | C90: ='[8]Classification prog-économique'!$D$77*1000 -> 3364000 | D90: ='[8]Classification prog-économique'!$G$77*1000 -> 148400 | E90: ='[8]Classification prog-économique'!$J$77*1000 -> 829300 | F90: =C90+D90+E90 -> 4341700 | G90: ='[8]Classification prog-économique'!$P$77*1000 -> 1447100 | H90: ='[8]Classification prog-économique'!$S$77*1000 -> 4535429.3 | I90: =G90+H90 -> 5982529.3 | J90: =F90+I90 -> 10324229 | K90: 3790820.4 | L90: 76000 | M90: 900341 | N90: =K90+L90+M90 -> 4767161.4 | O90: 1327771.7 | P90: 12455572 | Q90: 491630.91 | R90: =O90+P90+Q90 -> 14274975 | S90: =N90+R90 -> 19042136 | T90: 0 | U90: 0 | V90: 0 | W90: =T90+U90+V90 -> 0 | X90: 0 | Y90: 0 | Z90: 0 | AA90: =SUM(X90:Z90) -> 0 | AB90: =AA90+W90 -> 0 | AC90: 0 | AD90: 0 | AE90: 0 | AF90: =AC90+AD90+AE90 -> 0 | AG90: 0 | AH90: 0 | AI90: 0 | AJ90: =SUM(AG90:AI90) -> 0 | AK90: =AJ90+AF90 -> 0 | AL90: 0 | AM90: 0 | AN90: 0 | AO90: =AL90+AM90+AN90 -> 0 | AP90: 0 | AQ90: 0 | AR90: 0 | AS90: =SUM(AP90:AR90) -> 0 | AT90: =AS90+AO90 -> 0 | AU90: 0 | AV90: 0 | AW90: 0 | AX90: =AU90+AV90+AW90 -> 0 | AY90: 0 | AZ90: 0 | BA90: 0 | BB90: =AY90+AZ90+BA90 -> 0 | BC90: =AX90+BB90 -> 0 | BD90: 0 | BE90: 0 | BF90: 0 | BG90: =BD90+BE90+BF90 -> 0 | BH90: 0 | BI90: 0 | BJ90: 0 | BK90: =BH90+BI90+BJ90 -> 0 | BL90: =BG90+BK90 -> 0
A91: 088 | B91: Villes et territoires durables | C91: ='[8]Classification prog-économique'!$D$78*1000 -> 147900 | D91: ='[8]Classification prog-économique'!$G$78*1000 -> 25400 | E91: ='[8]Classification prog-économique'!$J$78*1000 -> 715900 | F91: =C91+D91+E91 -> 889200 | G91: ='[8]Classification prog-économique'!$P$78*1000 -> 81382100 | H91: ='[8]Classification prog-économique'!$S$78*1000 -> 48880501 | I91: =G91+H91 -> 1.302626e+08 | J91: =F91+I91 -> 1.311518e+08 | K91: 108960.85 | L91: 24000 | M91: 424267.25 | N91: =K91+L91+M91 -> 557228.09 | O91: ='[7]Classification programmatique'!$P$78*1000 -> 1.1026731e+08 | P91: ='[7]Classification programmatique'!$S$78*1000 -> 1090207.8 | Q91: ='[7]Classification programmatique'!$V$78*1000 -> 71696289 | R91: =O91+P91+Q91 -> 1.830538e+08 | S91: =N91+R91 -> 1.8361103e+08 | T91: ='[6]Classification programmatique'!$D$72*1000 -> 302583.39 | U91: ='[6]Classification programmatique'!$G$72*1000 -> 27600 | V91: ='[6]Classification programmatique'!$J$72*1000 -> 555875 | W91: =T91+U91+V91 -> 886058.39 | X91: ='[6]Classification programmatique'!$P$72*1000 -> 60338013 | Y91: ='[6]Classification programmatique'!$S$72*1000 -> 73692.997 | Z91: ='[6]Classification programmatique'!$V$72*1000 -> 73104908 | AA91: =SUM(X91:Z91) -> 1.3351661e+08 | AB91: =W91+AA91 -> 1.3440267e+08 | AC91: 161877 | AD91: 36600 | AE91: 575875 | AF91: =AC91+AD91+AE91 -> 774352 | AG91: 61515308 | AH91: 0 | AI91: 28470258 | AJ91: =SUM(AG91:AI91) -> 89985566 | AK91: =AF91+AJ91 -> 90759918 | AL91: ='[10]TMC Prog-Eco'!$C$93 -> 134561.89 | AM91: ='[10]TMC Prog-Eco'!$D$93 -> 41600 | AN91: ='[10]TMC Prog-Eco'!$E$93 -> 695875 | AO91: =AL91+AM91+AN91 -> 872036.89 | AP91: ='[10]TMC Prog-Eco'!$H$93 -> 60892649 | AQ91: 0 | AR91: ='[10]TMC Prog-Eco'!$L$93 -> 42485756 | AS91: =SUM(AP91:AR91) -> 1.033784e+08 | AT91: =AO91+AS91 -> 1.0425044e+08 | AU91: 138525 | AV91: 41600 | AW91: 695845 | AX91: =AU91+AV91+AW91 -> 875970 | AY91: 63580306 | AZ91: 0 | BA91: 82043648 | BB91: =AY91+AZ91+BA91 -> 145623954 | BC91: =AX91+BB91 -> 146499924 | BD91: 142599 | BE91: 41600 | BF91: 695875 | BG91: =BD91+BE91+BF91 -> 880074 | BH91: 103991666 | BI91: 0 | BJ91: 62627819 | BK91: =BH91+BI91+BJ91 -> 166619485 | BL91: =BG91+BK91 -> 167499559
A92: 116 | B92: Infrastructures et Transports | F92: =C92+D92+E92 -> 0 | I92: =G92+H92 -> 0 | J92: =F92+I92 -> 0 | N92: =K92+L92+M92 -> 0 | R92: =O92+P92+Q92 -> 0 | S92: =N92+R92 -> 0 | T92: ='[6]Classification programmatique'!$D$71*1000 -> 381774.19 | U92: ='[6]Classification programmatique'!$G$71*1000 -> 140384 | V92: ='[6]Classification programmatique'!$J$71*1000 -> 455866.64 | W92: =T92+U92+V92 -> 978024.83 | X92: ='[6]Classification programmatique'!$P$71*1000 -> 1.4645067e+08 | Y92: ='[6]Classification programmatique'!$S$71*1000 -> 253449.84 | Z92: ='[6]Classification programmatique'!$V$71*1000 -> 22030418 | AA92: =SUM(X92:Z92) -> 1.6873454e+08 | AB92: =W92+AA92 -> 1.6971257e+08 | AC92: 286918 | AD92: 448212 | AE92: 392000 | AF92: =AC92+AD92+AE92 -> 1127130 | AG92: 102842011 | AH92: 1879996 | AI92: 28645000 | AJ92: =SUM(AG92:AI92) -> 133367007 | AK92: =AF92+AJ92 -> 134494137 | AL92: ='[10]TMC Prog-Eco'!$C$92 -> 248805.3 | AM92: ='[10]TMC Prog-Eco'!$D$92 -> 482212 | AN92: ='[10]TMC Prog-Eco'!$E$92 -> 2125000 | AO92: =AL92+AM92+AN92 -> 2856017.3 | AP92: ='[10]TMC Prog-Eco'!$H$92 -> 1.1172189e+08 | AQ92: ='[10]TMC Prog-Eco'!$J$92 -> 610000 | AR92: ='[10]TMC Prog-Eco'!$L$92 -> 46197161 | AS92: =SUM(AP92:AR92) -> 1.5852905e+08 | AT92: =AS92+AO92 -> 1.6138507e+08 | AU92: 255786 | AV92: 482212 | AW92: 2125000 | AX92: =AU92+AV92+AW92 -> 2862998 | AY92: 144578610 | AZ92: 0 | BA92: 110410991 | BB92: =AY92+AZ92+BA92 -> 254989601 | BC92: =AX92+BB92 -> 257852599 | BD92: 262964 | BE92: 482212 | BF92: 2125000 | BG92: =BD92+BE92+BF92 -> 2870176 | BH92: 238972477 | BI92: 0 | BJ92: 175933199 | BK92: =BH92+BI92+BJ92 -> 414905676 | BL92: =BG92+BK92 -> 417775852
A93: 089 | B93: Construction et Habitat | C93: ='[8]Classification prog-économique'!$D$79*1000 -> 54700 | D93: ='[8]Classification prog-économique'!$G$79*1000 -> 5300 | E93: ='[8]Classification prog-économique'!$J$79*1000 -> 29800 | F93: =C93+D93+E93 -> 89800 | G93: ='[8]Classification prog-économique'!$P$79*1000 -> 16670600 | H93: ='[8]Classification prog-économique'!$S$79*1000 -> 7019061.5 | I93: =G93+H93 -> 23689661 | J93: =F93+I93 -> 23779461 | K93: 91774.954 | L93: 21000 | M93: 209812.5 | N93: =K93+L93+M93 -> 322587.45 | O93: 35991190 | P93: 0 | Q93: 0 | R93: =O93+P93+Q93 -> 35991190 | S93: =N93+R93 -> 36313778 | T93: ='[6]Classification programmatique'!$D$73*1000 -> 156376.6 | U93: ='[6]Classification programmatique'!$G$73*1000 -> 22500 | V93: ='[6]Classification programmatique'!$J$73*1000 -> 289750 | W93: =T93+U93+V93 -> 468626.6 | X93: ='[6]Classification programmatique'!$P$73*1000 -> 1.2810869e+08 | Y93: 0 | Z93: ='[6]Classification programmatique'!$V$73*1000 -> 2559488.5 | AA93: =SUM(X93:Z93) -> 1.3066818e+08 | AB93: =W93+AA93 -> 1.311368e+08 | AC93: 180944 | AD93: 35000 | AE93: 76425 | AF93: =AC93+AD93+AE93 -> 292369 | AG93: 55552111 | AH93: 0 | AI93: 18945000 | AJ93: =SUM(AG93:AI93) -> 74497111 | AK93: =AF93+AJ93 -> 74789480 | AL93: ='[10]TMC Prog-Eco'!$C$94 -> 181342.47 | AM93: ='[10]TMC Prog-Eco'!$D$94 -> 35000 | AN93: 0 | AO93: =AL93+AM93+AN93 -> 216342.47 | AP93: ='[10]TMC Prog-Eco'!$H$94 -> 85886057 | AQ93: 0 | AR93: ='[10]TMC Prog-Eco'!$L$94 -> 52098396 | AS93: =SUM(AP93:AR93) -> 1.3798445e+08 | AT93: =AO93+AS93 -> 1.382008e+08 | AU93: 186449 | AV93: 35000 | AW93: 0 | AX93: =AU93+AV93+AW93 -> 221449 | AY93: 114001471 | AZ93: 0 | BA93: 11675120 | BB93: =AY93+AZ93+BA93 -> 125676591 | BC93: =AX93+BB93 -> 125898040 | BD93: 191700 | BE93: 35000 | BF93: 0 | BG93: =BD93+BE93+BF93 -> 226700 | BH93: 124749002 | BI93: 0 | BJ93: 13779740 | BK93: =BH93+BI93+BJ93 -> 138528742 | BL93: =BG93+BK93 -> 138755442
A94: MINISTERE DES SPORTS | C94: =C95+C96+C97+C98 -> 606500 | D94: =D95+D96+D97+D98 -> 1607100 | E94: =E95+E96+E97+E98 -> 5761400 | F94: =C94+D94+E94 -> 7975000 | G94: =G95+G96+G97 -> 25279900 | H94: =H95+H96+H97 -> 0 | I94: =G94+H94 -> 25279900 | J94: =F94+I94 -> 33254900 | K94: =K95+K96+K97 -> 916710.31 | L94: =L95+L96+L97 -> 1728464.7 | M94: =M95+M96+M97 -> 5066550.8 | N94: =K94+L94+M94 -> 7711725.8 | O94: =O95+O96+O97 -> 23512999 | P94: =P95+P96+P97 -> 0 | Q94: =Q95+Q96+Q97 -> 0 | R94: =O94+P94+Q94 -> 23512999 | S94: =N94+R94 -> 31224724 | T94: =T95+T96+T97 -> 797002.75 | U94: =U95+U96+U97 -> 1870553 | V94: =V95+V96+V97 -> 8039613.5 | W94: =T94+U94+V94 -> 10707169 | X94: =X95+X96+X97+X98 -> 32300521 | Y94: =Y95+Y96+Y97+Y98 -> 0 | Z94: =Z95+Z96+Z97+Z98 -> 0 | AA94: =X94+Y94+Z94 -> 32300521 | AB94: =W94+AA94 -> 43007690 | AC94: =AC95+AC96+AC97+AC98 -> 915558 | AD94: =AD95+AD96+AD97+AD98 -> 2575870 | AE94: =AE95+AE96+AE97+AE98 -> 7400455 | AF94: =AC94+AD94+AE94 -> 10891883 | AG94: =AG95+AG96+AG97+AG98 -> 23923409 | AH94: =AH95+AH96+AH97+AH98 -> 0 | AI94: =AI95+AI96+AI97+AI98 -> 0 | AJ94: =AG94+AH94+AI94 -> 23923409 | AK94: =AF94+AJ94 -> 34815292 | AL94: =AL95+AL96+AL97+AL98 -> 826918.74 | AM94: =AM95+AM96+AM97+AM98 -> 2485486 | AN94: =AN95+AN96+AN97+AN98 -> 7490839 | AO94: =AL94+AM94+AN94 -> 10803244 | AP94: =AP95+AP96+AP97+AP98 -> 22846819 | AQ94: =AQ95+AQ96+AQ97+AQ98 -> 0 | AR94: =AR95+AR96+AR97+AR98 -> 0 | AS94: =AP94+AQ94+AR94 -> 22846819 | AT94: =AO94+AS94 -> 33650062 | AU94: =AU95+AU96+AU97+AU98 -> 856117 | AV94: =AV95+AV96+AV97+AV98 -> 2485486 | AW94: =AW95+AW96+AW97+AW98 -> 7490839 | AX94: =AU94+AV94+AW94 -> 10832442 | AY94: =AY95+AY96+AY97+AY98 -> 23307814 | AZ94: =AZ95+AZ96+AZ97+AZ98 -> 0 | BA94: =BA95+BA96+BA97+BA98 -> 0 | BB94: =AY94+AZ94+BA94 -> 23307814 | BC94: =AX94+BB94 -> 34140256 | BD94: =BD95+BD96+BD97+BD98 -> 882629 | BE94: =BE95+BE96+BE97+BE98 -> 2485486 | BF94: =BF95+BF96+BF97+BF98 -> 7490835 | BG94: =BD94+BE94+BF94 -> 10858950 | BH94: =BH95+BH96+BH97+BH98 -> 13081400 | BI94: =BI95+BI96+BI97+BI98 -> 0 | BJ94: =BJ95+BJ96+BJ97+BJ98 -> 0 | BK94: =BH94+BI94+BJ94 -> 13081400 | BL94: =BG94+BK94 -> 23940350
A95: 099 | B95: Pilotage et soutien aux services du Msports | C95: ='[8]Classification prog-économique'!$D$86*1000 -> 432300 | D95: ='[8]Classification prog-économique'!$G$86*1000 -> 850000 | E95: ='[8]Classification prog-économique'!$J$86*1000 -> 227000 | F95: =C95+D95+E95 -> 1509300 | G95: ='[8]Classification prog-économique'!$P$86*1000 -> 0 | H95: ='[8]Classification prog-économique'!$S$86*1000 -> 0 | I95: =G95+H95 -> 0 | J95: =F95+I95 -> 1509300 | K95: 383647.39 | L95: 959399.66 | M95: 150000 | N95: =K95+L95+M95 -> 1493047 | O95: 0 | R95: =O95+P95+Q95 -> 0 | S95: =N95+R95 -> 1493047 | T95: ='[6]Classification programmatique'!$D$80*1000 -> 301950 | U95: ='[6]Classification programmatique'!$G$80*1000 -> 978125.38 | V95: ='[6]Classification programmatique'!$J$80*1000 -> 19500 | W95: =SUM(T95:V95) -> 1299575.4 | X95: 0 | AA95: =X95+Y95+Z95 -> 0 | AB95: =W95+AA95 -> 1299575.4 | AC95: 474397 | AD95: 1458606 | AE95: 304000 | AF95: =SUM(AC95:AE95) -> 2237003 | AG95: 0 | AJ95: =AG95+AH95+AI95 -> 0 | AK95: =AF95+AJ95 -> 2237003 | AL95: ='[10]TMC Prog-Eco'!$C$75 -> 430821.27 | AM95: ='[10]TMC Prog-Eco'!$D$75 -> 1294648 | AN95: ='[10]TMC Prog-Eco'!$E$75 -> 339384 | AO95: =SUM(AL95:AN95) -> 2064853.3 | AP95: 0 | AS95: =AP95+AQ95+AR95 -> 0 | AT95: =AO95+AS95 -> 2064853.3 | AU95: 445278 | AV95: 1294648 | AW95: 339384 | AX95: =AU95+AV95+AW95 -> 2079310 | AY95: 0 | AZ95: 0 | BA95: 0 | BB95: =AY95+AZ95+BA95 -> 0 | BC95: =AX95+BB95 -> 2079310 | BD95: 458404 | BE95: 1294648 | BF95: 339380 | BG95: =BD95+BE95+BF95 -> 2092432 | BH95: 0 | BI95: 0 | BJ95: 0 | BK95: =BH95+BI95+BJ95 -> 0 | BL95: =BG95+BK95 -> 2092432
A96: 091 | B96: Sport | C96: ='[8]Classification prog-économique'!$D$87*1000 -> 169100 | D96: ='[8]Classification prog-économique'!$G$87*1000 -> 690300 | E96: ='[8]Classification prog-économique'!$J$87*1000 -> 4850900 | F96: =C96+D96+E96 -> 5710300 | G96: ='[8]Classification prog-économique'!$P$87*1000 -> 25109900 | H96: 0 | I96: =G96+H96 -> 25109900 | J96: =F96+I96 -> 30820200 | K96: 510588.17 | L96: 715732.06 | M96: 4500050.8 | N96: =K96+L96+M96 -> 5726371 | O96: 23042999 | Q96: 0 | R96: =O96+P96+Q96 -> 23042999 | S96: =N96+R96 -> 28769370 | T96: ='[6]Classification programmatique'!$D$81*1000 -> 462780.56 | U96: ='[6]Classification programmatique'!$G$81*1000 -> 823776.77 | V96: ='[6]Classification programmatique'!$J$81*1000 -> 7969403.5 | W96: =SUM(T96:V96) -> 9255960.8 | X96: ='[6]Classification programmatique'!$P$81*1000 -> 31800521 | Z96: 0 | AA96: =X96+Y96+Z96 -> 31800521 | AB96: =W96+AA96 -> 41056482 | AC96: 398569 | AD96: 966857 | AE96: 4052055 | AF96: =SUM(AC96:AE96) -> 5417481 | AG96: 23423409 | AI96: 0 | AJ96: =AG96+AH96+AI96 -> 23423409 | AK96: =AF96+AJ96 -> 28840890 | AL96: ='[10]TMC Prog-Eco'!$C$76 -> 364895.97 | AM96: ='[10]TMC Prog-Eco'!$D$76 -> 1038493 | AN96: ='[10]TMC Prog-Eco'!$E$76 -> 4107055 | AO96: =SUM(AL96:AN96) -> 5510444 | AP96: ='[10]TMC Prog-Eco'!$H$76 -> 22846819 | AR96: 0 | AS96: =AP96+AQ96+AR96 -> 22846819 | AT96: =AO96+AS96 -> 28357263 | AU96: 378521 | AV96: 1038493 | AW96: 4107055 | AX96: =AU96+AV96+AW96 -> 5524069 | AY96: 23307814 | AZ96: 0 | BA96: 0 | BB96: =AY96+AZ96+BA96 -> 23307814 | BC96: =AX96+BB96 -> 28831883 | BD96: 390892 | BE96: 1038493 | BF96: 4107055 | BG96: =BD96+BE96+BF96 -> 5536440 | BH96: 13081400 | BI96: 0 | BJ96: 0 | BK96: =BH96+BI96+BJ96 -> 13081400 | BL96: =BG96+BK96 -> 18617840
A97: 092 | B97: Jeunesse et Loisirs | C97: ='[8]Classification prog-économique'!$D$88*1000 -> 5100 | D97: ='[8]Classification prog-économique'!$G$88*1000 -> 66800 | E97: ='[8]Classification prog-économique'!$J$88*1000 -> 683500 | F97: =C97+D97+E97 -> 755400 | G97: ='[8]Classification prog-économique'!$P$88*1000 -> 170000 | H97: 0 | I97: =G97+H97 -> 170000 | J97: =F97+I97 -> 925400 | K97: 22474.746 | L97: 53333 | M97: 416500 | N97: =K97+L97+M97 -> 492307.75 | O97: 470000 | P97: 0 | R97: =O97+P97+Q97 -> 470000 | S97: =N97+R97 -> 962307.75 | T97: ='[6]Classification programmatique'!$D$82*1000 -> 32272.196 | U97: ='[6]Classification programmatique'!$G$82*1000 -> 68650.828 | V97: ='[6]Classification programmatique'!$J$82*1000 -> 50710 | W97: =SUM(T97:V97) -> 151633.02 | X97: ='[6]Classification programmatique'!$P$82*1000 -> 500000 | Y97: 0 | AA97: =X97+Y97+Z97 -> 500000 | AB97: =W97+AA97 -> 651633.02 | AC97: 42592 | AD97: 150407 | AE97: 44400 | AF97: =SUM(AC97:AE97) -> 237399 | AG97: 500000 | AH97: 0 | AJ97: =AG97+AH97+AI97 -> 500000 | AK97: =AF97+AJ97 -> 737399 | AL97: ='[10]TMC Prog-Eco'!$C$77 -> 31201.497 | AM97: ='[10]TMC Prog-Eco'!$D$77 -> 152345 | AN97: ='[10]TMC Prog-Eco'!$E$77 -> 44400 | AO97: =SUM(AL97:AN97) -> 227946.5 | AP97: 0 | AQ97: 0 | AS97: =AP97+AQ97+AR97 -> 0 | AT97: =AO97+AS97 -> 227946.5 | AU97: 32318 | AV97: 152345 | AW97: 44400 | AX97: =AU97+AV97+AW97 -> 229063 | AY97: 0 | AZ97: 0 | BA97: 0 | BB97: =AY97+AZ97+BA97 -> 0 | BC97: =AX97+BB97 -> 229063 | BD97: 33333 | BE97: 152345 | BF97: 44400 | BG97: =BD97+BE97+BF97 -> 230078 | BH97: 0 | BI97: 0 | BJ97: 0 | BK97: =BH97+BI97+BJ97 -> 0 | BL97: =BG97+BK97 -> 230078
A98: 117 | B98: Fonds de développement du sport | F98: =C98+D98+E98 -> 0 | I98: =G98+H98 -> 0 | J98: =F98+I98 -> 0 | N98: =K98+L98+M98 -> 0 | R98: =O98+P98+Q98 -> 0 | S98: =N98+R98 -> 0 | T98: 0 | U98: 0 | V98: 0 | W98: =SUM(T98:V98) -> 0 | X98: 0 | Y98: 0 | Z98: 0 | AA98: 0 | AB98: =W98+AA98 -> 0 | AC98: 0 | AD98: 0 | AE98: 3000000 | AF98: =SUM(AC98:AE98) -> 3000000 | AG98: 0 | AH98: 0 | AI98: 0 | AJ98: 0 | AK98: =AF98+AJ98 -> 3000000 | AL98: 0 | AN98: ='[10]TMC Prog-Eco'!$E$106 -> 3000000 | AO98: =SUM(AL98:AN98) -> 3000000 | AT98: =AO98+AS98 -> 3000000 | AU98: 0 | AV98: 0 | AW98: 3000000 | AX98: =AU98+AV98+AW98 -> 3000000 | BB98: =AY98+AZ98+BA98 -> 0 | BC98: =AX98+BB98 -> 3000000 | BD98: 0 | BE98: 0 | BF98: 3000000 | BG98: =BD98+BE98+BF98 -> 3000000 | BK98: =BH98+BI98+BJ98 -> 0 | BL98: =BG98+BK98 -> 3000000
A99: MINISTERE DE LA DEFENSE NATIONALE | C99: =C100+C101 -> 37503896 | D99: =D100+D101 -> 9804652.4 | E99: =E100+E101 -> 486991.24 | F99: =C99+D99+E99 -> 47795539 | G99: =G100+G101 -> 54775908 | H99: =H100+H101+H102 -> 3023050 | I99: =G99+H99 -> 57798958 | J99: =F99+I99 -> 1.055945e+08 | K99: =K100+K101+K102 -> 50492409 | L99: =L100+L101+L102 -> 18817275 | M99: =M100+M101+M102 -> 456000 | N99: =K99+L99+M99 -> 69765684 | O99: =O100+O101+O102 -> 16264238 | P99: =P100+P101+P102 -> 0 | Q99: =Q100+Q101+Q102 -> 4383090 | R99: =O99+P99+Q99 -> 20647328 | S99: =S100+S101+S102 -> 90413011 | T99: =T100+T101+T102 -> 54216588 | U99: =U100+U101+U102 -> 17639213 | V99: =V100+V101+V102 -> 852702.36 | W99: =T99+U99+V99 -> 72708503 | X99: =X100+X101+X102 -> 15977430 | Y99: =Y100+Y101+Y102 -> 0 | Z99: =Z100+Z101+Z102 -> 300700 | AA99: =X99+Y99+Z99 -> 16278130 | AB99: =W99+AA99 -> 88986633 | AC99: =AC100+AC101+AC102 -> 60711122 | AD99: =AD100+AD101+AD102 -> 42369185 | AE99: =AE100+AE101+AE102 -> 1313200 | AF99: =AC99+AD99+AE99 -> 104393507 | AG99: =AG100+AG101+AG102 -> 21737228 | AH99: =AH100+AH101+AH102 -> 0 | AI99: =AI100+AI101+AI102 -> 0 | AJ99: =SUM(AG99:AI99) -> 21737228 | AK99: =AF99+AJ99 -> 126130735 | AL99: =AL100+AL101+AL102 -> 63276098 | AM99: =AM100+AM101+AM102 -> 20669184 | AN99: =AN100+AN101+AN102 -> 1313199.5 | AO99: =AL99+AM99+AN99 -> 85258482 | AP99: =AP100+AP101+AP102 -> 19374581 | AQ99: =AQ100+AQ101+AQ102 -> 0 | AR99: =AR100+AR101+AR102 -> 0 | AS99: =AP99+AQ99+AR99 -> 19374581 | AT99: =AO99+AS99 -> 1.0463306e+08 | AU99: =AU100+AU101+AU102 -> 66432931 | AV99: =AV100+AV101+AV102 -> 20669184 | AW99: =AW100+AW101+AW102 -> 1313200 | AX99: =AU99+AV99+AW99 -> 88415315 | AY99: =AY100+AY101+AY102 -> 18931745 | AZ99: =AZ100+AZ101+AZ102 -> 0 | BA99: =BA100+BA101+BA102 -> 0 | BB99: =AY99+AZ99+BA99 -> 18931745 | BC99: =AX99+BB99 -> 107347060 | BD99: =BD100+BD101+BD102 -> 68931850 | BE99: =BE100+BE101+BE102 -> 20669183 | BF99: =BF100+BF101+BF102 -> 1313200 | BG99: =BD99+BE99+BF99 -> 90914233 | BH99: =BH100+BH101+BH102 -> 21013737 | BI99: =BI100+BI101+BI102 -> 0 | BJ99: =BJ100+BJ101+BJ102 -> 0 | BK99: =BH99+BI99+BJ99 -> 21013737 | BL99: =BG99+BK99 -> 111927970
A100: 048 | B100: Pilotage et soutien aux services du MDN | C100: ='[8]Classification prog-économique'!$D$90*1000 -> 81092.476 | D100: ='[8]Classification prog-économique'!$G$90*1000 -> 5436327 | E100: ='[8]Classification prog-économique'!$J$90*1000 -> 269991.24 | F100: =C100+D100+E100 -> 5787410.7 | G100: ='[8]Classification prog-économique'!$P$90*1000 -> 226760.97 | H100: ='[8]Classification prog-économique'!$S$90 -> 0 | I100: =G100+H100 -> 226760.97 | J100: =F100+I100 -> 6014171.7 | K100: 227512.88 | L100: 1277024 | M100: 130000 | N100: =K100+L100+M100 -> 1634536.8 | O100: 16264238 | R100: =O100+P100+Q100 -> 16264238 | S100: =N100+R100 -> 17898774 | T100: ='[6]Classification programmatique'!$D$84*1000 -> 232301.75 | U100: ='[6]Classification programmatique'!$G$84*1000 -> 1475985.6 | V100: ='[6]Classification programmatique'!$J$84*1000 -> 412702.36 | W100: =T100+U100+V100 -> 2120989.7 | X100: ='[6]Classification programmatique'!$P$84*1000 -> 15977430 | AA100: =X100+Y100+Z100 -> 15977430 | AB100: =W100+AA100 -> 18098419 | AC100: 500000 | AD100: 1603849 | AE100: 241668 | AF100: =AC100+AD100+AE100 -> 2345517 | AG100: 21737228 | AJ100: =AG100+AH100+AI100 -> 21737228 | AK100: =AF100+AJ100 -> 24082745 | AL100: ='[10]TMC Prog-Eco'!$C$79 -> 500000 | AM100: ='[10]TMC Prog-Eco'!$D$79 -> 1853848.5 | AN100: ='[10]TMC Prog-Eco'!$E$79 -> 241667.5 | AO100: =AL100+AM100+AN100 -> 2595516 | AP100: ='[10]TMC Prog-Eco'!$H$79 -> 19374581 | AS100: =AP100+AQ100+AR100 -> 19374581 | AT100: =AO100+AS100 -> 21970097 | AU100: 500000 | AV100: 1853848 | AW100: 241668 | AX100: =AU100+AV100+AW100 -> 2595516 | AY100: 18931745 | BB100: =AY100+AZ100+BA100 -> 18931745 | BC100: =AX100+BB100 -> 21527261 | BD100: 500000 | BE100: 1853847 | BF100: 241668 | BG100: =BD100+BE100+BF100 -> 2595515 | BH100: 21013737 | BK100: =BH100+BI100+BJ100 -> 21013737 | BL100: =BG100+BK100 -> 23609252
A101: 049 | B101: Protection du territoire national et participation aux opérations militaires | C101: ='[8]Classification prog-économique'!$D$91*1000 -> 37422803 | D101: ='[8]Classification prog-économique'!$G$91*1000 -> 4368325.4 | E101: ='[8]Classification prog-économique'!$J$91*1000 -> 217000 | F101: =C101+D101+E101 -> 42008129 | G101: ='[8]Classification prog-économique'!$P$91*1000 -> 54549147 | H101: 0 | I101: =G101+H101 -> 54549147 | J101: =F101+I101 -> 96557276 | K101: 50264896 | L101: 17540251 | M101: 326000 | N101: =K101+L101+M101 -> 68131147 | O101: 0 | P101: 0 | Q101: 0 | R101: =O101+P101+Q101 -> 0 | S101: =N101+R101 -> 68131147 | T101: ='[6]Classification programmatique'!$D$85*1000 -> 53984286 | U101: ='[6]Classification programmatique'!$G$85*1000 -> 16163227 | V101: ='[6]Classification programmatique'!$J$85*1000 -> 440000 | W101: =T101+U101+V101 -> 70587514 | X101: 0 | Y101: 0 | Z101: 0 | AA101: =X101+Y101+Z101 -> 0 | AB101: =W101+AA101 -> 70587514 | AC101: 59211122 | AD101: 33765336 | AE101: 1071532 | AF101: =AC101+AD101+AE101 -> 94047990 | AG101: 0 | AH101: 0 | AI101: 0 | AJ101: =AG101+AH101+AI101 -> 0 | AK101: =AF101+AJ101 -> 94047990 | AL101: ='[10]TMC Prog-Eco'!$C$80 -> 62776098 | AM101: ='[10]TMC Prog-Eco'!$D$80 -> 18815336 | AN101: ='[10]TMC Prog-Eco'!$E$80 -> 1071532 | AO101: =AL101+AM101+AN101 -> 82662966 | AP101: 0 | AQ101: 0 | AR101: 0 | AS101: =AP101+AQ101+AR101 -> 0 | AT101: =AO101+AS101 -> 82662966 | AU101: 65932931 | AV101: 18815336 | AW101: 1071532 | AX101: =AU101+AV101+AW101 -> 85819799 | AY101: 0 | AZ101: 0 | BA101: 0 | BB101: =AY101+AZ101+BA101 -> 0 | BC101: =AX101+BB101 -> 85819799 | BD101: 68431850 | BE101: 18815336 | BF101: 1071532 | BG101: =BD101+BE101+BF101 -> 88318718 | BH101: 0 | BI101: 0 | BJ101: 0 | BK101: =BH101+BI101+BJ101 -> 0 | BL101: =BG101+BK101 -> 88318718
...

Sheet Classif Fonctionnelle
G4: 2022 | N4: 2023 | U4: 2024 | AB4: 2025 | AI4: 2026 | AP4: 2027 | AX4: 2028
A6: N° | B6: FONCTIONS | G6: DEPENSES ORDINAIRES | J6: DEPENSES EN CAPITAL | L6: TOTAL FONCTION | M6: Poids | N6: DEPENSES ORDINAIRES | Q6: DEPENSES EN CAPITAL | S6: TOTAL FONCTION | T6: Poids | U6: DEPENSES ORDINAIRES | X6: DEPENSES EN CAPITAL | Z6: TOTAL FONCTION | AA6: Poids | AB6: DEPENSES ORDINAIRES | AE6: DEPENSES EN CAPITAL | AG6: TOTAL FONCTION | AH6: Poids | AI6: DEPENSES ORDINAIRES | AL6: DEPENSES EN CAPITAL | AN6: TOTAL FONCTION | AO6: Poids | AP6: DEPENSES ORDINAIRES | AS6: DEPENSES EN CAPITAL | AU6: TOTAL FONCTION | AV6: Poids | AW6: DEPENSES ORDINAIRES | AZ6: DEPENSES EN CAPITAL | BB6: TOTAL FONCTION | BC6: Poids | BD6: Observations
G7: DEPENSES DE PERSONNEL | H7: ACHATS DE BIENS ET SERVICES | I7: AUTRES TRANSFERTS COURANTS | J7: FINANCEMENT INTERIEUR | K7: FINANCEMENT EXTERIEUR | N7: DEPENSES DE PERSONNEL | O7: ACHATS DE BIENS ET SERVICES | P7: AUTRES TRANSFERTS COURANTS | Q7: FINANCEMENT INTERIEUR | R7: FINANCEMENT EXTERIEUR | U7: DEPENSES DE PERSONNEL | V7: DEPENSES D'ACQUISITION DE BIENS ET SERVICES | W7: AUTRES TRANSFERTS COURANTS | X7: FINANCEMENT INTERIEUR | Y7: FINANCEMENT EXTERIEUR | AB7: DEPENSES DE PERSONNEL | AC7: ACHATS DE BIENS ET SERVICES | AD7: AUTRES TRANSFERTS COURANTS | AE7: FINANCEMENT INTERIEUR | AF7: FINANCEMENT EXTERIEUR | AI7: DEPENSES DE PERSONNEL | AJ7: ACHATS DE BIENS ET SERVICES | AK7: AUTRES TRANSFERTS COURANTS | AL7: FINANCEMENT INTERIEUR | AM7: FINANCEMENT EXTERIEUR | AP7: DEPENSES DE PERSONNEL | AQ7: ACHATS DE BIENS ET SERVICES | AR7: AUTRES TRANSFERTS COURANTS | AS7: FINANCEMENT INTERIEUR | AT7: FINANCEMENT EXTERIEUR | AW7: DEPENSES DE PERSONNEL | AX7: ACHATS DE BIENS ET SERVICES | AY7: AUTRES TRANSFERTS COURANTS | AZ7: FINANCEMENT INTERIEUR | BA7: FINANCEMENT EXTERIEUR
A8: 01 | B8: Services Généraux des Administrations publiques | G8: ='[11]Classification fonct-économique'!$D$4*1000 -> 86302826 | H8: ='[11]Classification fonct-économique'!$G$4*1000 -> 72680267 | I8: ='[11]Classification fonct-économique'!$J$4*1000 -> 3.0126668e+08 | J8: ='[11]Classification fonct-économique'!$M$4*1000 -> 25994533 | K8: =('[11]Classification fonct-économique'!$P$4+'[11]Classification fonct-économique'!$S$4)*1000 -> 14541245 | L8: ='[11]Classification fonct-économique'!$V$4*1000 -> 6.7945065e+08 | M8: =L8/L19*100 -> 30.297981 | N8: ='Classif Prog-Admin-Eco'!K7+'Classif Prog-Admin-Eco'!K16+'Classif Prog-Admin-Eco'!K40+'Classif Prog-Admin-Eco'!K44+'Classif Prog-Admin-Eco'!K126+'Classif Prog-Admin-Eco'!K127+'Classif Prog-Admin-Eco'!K128+'Classif Prog-Admin-Eco'!K129+'Classif Prog-Admin-Eco'!K130+'Classif Prog-Admin-Eco'!K131+'Classif Prog-Admin-Eco'!K132+'Classif Prog-Admin-Eco'!K133+'Classif Prog-Admin-Eco'!K134+'Classif Prog-Admin-Eco'!K135+'Classif Prog-Admin-Eco'!K136+'Classif Prog-Admin-Eco'!K138 -> 72991013 | O8: ='Classif Prog-Admin-Eco'!L7+'Classif Prog-Admin-Eco'!L16+'Classif Prog-Admin-Eco'!L40+'Classif Prog-Admin-Eco'!L44+'Classif Prog-Admin-Eco'!L126+'Classif Prog-Admin-Eco'!L127+'Classif Prog-Admin-Eco'!L128+'Classif Prog-Admin-Eco'!L129+'Classif Prog-Admin-Eco'!L130+'Classif Prog-Admin-Eco'!L131+'Classif Prog-Admin-Eco'!L132+'Classif Prog-Admin-Eco'!L133+'Classif Prog-Admin-Eco'!L134+'Classif Prog-Admin-Eco'!L135+'Classif Prog-Admin-Eco'!L136+'Classif Prog-Admin-Eco'!L137+'Classif Prog-Admin-Eco'!L138 -> 42778869 | P8: ='[7]Regroupement par fonction'!$J$4*1000 -> 3.5043894e+08 | Q8: ='[7]Regroupement par fonction'!$M$4*1000 -> 28878270 | R8: =('[7]Regroupement par fonction'!$P$4+'[7]Regroupement par fonction'!$S$4)*1000 -> 12684375 | S8: ='[7]Regroupement par fonction'!$V$4*1000 -> 5.0777146e+08 | T8: =S8/$AG$19 -> 0.18274896 | U8: ='[6]Regroupement par fonction'!$D$4*1000 -> 43228799 | V8: ='[6]Regroupement par fonction'!$G$4*1000 -> 32795285 | W8: ='[6]Regroupement par fonction'!$J$4*1000 -> 56030625 | X8: ='[6]Regroupement par fonction'!$M$4*1000 -> 22876364 | Y8: =('[6]Regroupement par fonction'!$P$4+'[6]Regroupement par fonction'!$S$4)*1000 -> 21719993 | Z8: =U8+V8+W8+X8+Y8+'Classif Prog-Admin-Eco'!W139 -> 1.7665107e+08 | AA8: =Z8/$AG$19 -> 0.063577419 | AB8: ='Classif Prog-Admin-Eco'!AC7+'Classif Prog-Admin-Eco'!AC16+'Classif Prog-Admin-Eco'!AC40+'Classif Prog-Admin-Eco'!AC44+'Classif Prog-Admin-Eco'!AC126+'Classif Prog-Admin-Eco'!AC127+'Classif Prog-Admin-Eco'!AC128+'Classif Prog-Admin-Eco'!AC129+'Classif Prog-Admin-Eco'!AC130+'Classif Prog-Admin-Eco'!AC131+'Classif Prog-Admin-Eco'!AC132+'Classif Prog-Admin-Eco'!AC133+'Classif Prog-Admin-Eco'!AC134+'Classif Prog-Admin-Eco'!AC135+'Classif Prog-Admin-Eco'!AC136+'Classif Prog-Admin-Eco'!AC138 -> 121579086 | AC8: ='Classif Prog-Admin-Eco'!AD7+'Classif Prog-Admin-Eco'!AD16+'Classif Prog-Admin-Eco'!AD40+'Classif Prog-Admin-Eco'!AD44+'Classif Prog-Admin-Eco'!AD126+'Classif Prog-Admin-Eco'!AD127+'Classif Prog-Admin-Eco'!AD128+'Classif Prog-Admin-Eco'!AD129+'Classif Prog-Admin-Eco'!AD130+'Classif Prog-Admin-Eco'!AD131+'Classif Prog-Admin-Eco'!AD132+'Classif Prog-Admin-Eco'!AD133+'Classif Prog-Admin-Eco'!AD134+'Classif Prog-Admin-Eco'!AD135+'Classif Prog-Admin-Eco'!AD136+'Classif Prog-Admin-Eco'!AD138 -> 56799811 | AD8: ='Classif Prog-Admin-Eco'!AE7+'Classif Prog-Admin-Eco'!AE16+'Classif Prog-Admin-Eco'!AE40+'Classif Prog-Admin-Eco'!AE44+'Classif Prog-Admin-Eco'!AE126+'Classif Prog-Admin-Eco'!AE127+'Classif Prog-Admin-Eco'!AE128+'Classif Prog-Admin-Eco'!AE129+'Classif Prog-Admin-Eco'!AE130+'Classif Prog-Admin-Eco'!AE131+'Classif Prog-Admin-Eco'!AE132+'Classif Prog-Admin-Eco'!AE133+'Classif Prog-Admin-Eco'!AE134+'Classif Prog-Admin-Eco'!AE135+'Classif Prog-Admin-Eco'!AE136+'Classif Prog-Admin-Eco'!AE137+'Classif Prog-Admin-Eco'!AE138 -> 358801607 | AE8: ='Classif Prog-Admin-Eco'!AG7+'Classif Prog-Admin-Eco'!AG16+'Classif Prog-Admin-Eco'!AG40+'Classif Prog-Admin-Eco'!AG44+'Classif Prog-Admin-Eco'!AG126+'Classif Prog-Admin-Eco'!AG136 -> 26627232 | AF8: ='Classif Prog-Admin-Eco'!AH40+'Classif Prog-Admin-Eco'!AH125+'Classif Prog-Admin-Eco'!AI125 -> 22667587 | AG8: =AB8+AC8+AD8+AE8+AF8+'Classif Prog-Admin-Eco'!AF139 -> 587120523 | AH8: =AG8/$AN$19 -> 0.19154816 | AI8: ='Classif Prog-Admin-Eco'!AL7+'Classif Prog-Admin-Eco'!AL16+'Classif Prog-Admin-Eco'!AL40+'Classif Prog-Admin-Eco'!AL44+'Classif Prog-Admin-Eco'!AL125 -> 1.4310733e+08 | AJ8: ='Classif Prog-Admin-Eco'!AM7+'Classif Prog-Admin-Eco'!AM16+'Classif Prog-Admin-Eco'!AM40+'Classif Prog-Admin-Eco'!AM44+'Classif Prog-Admin-Eco'!AM125 -> 78872673 | AK8: ='Classif Prog-Admin-Eco'!AN7+'Classif Prog-Admin-Eco'!AN16+'Classif Prog-Admin-Eco'!AN40+'Classif Prog-Admin-Eco'!AN44+'Classif Prog-Admin-Eco'!AN125 -> 3.6598844e+08 | AL8: ='Classif Prog-Admin-Eco'!AP7+'Classif Prog-Admin-Eco'!AP16+'Classif Prog-Admin-Eco'!AP40+'Classif Prog-Admin-Eco'!AP44+'Classif Prog-Admin-Eco'!AP126+'Classif Prog-Admin-Eco'!AP136 -> 37774753 | AM8: ='Classif Prog-Admin-Eco'!AQ125+'Classif Prog-Admin-Eco'!AR125 -> 6032868 | AN8: =AI8+AJ8+AK8+AL8+AM8+'Classif Prog-Admin-Eco'!AT139 -> 6.3247656e+08 | AO8: =AN8/AN19 -> 0.20634557 | AP8: ='Classif Prog-Admin-Eco'!AU7+'Classif Prog-Admin-Eco'!AU16+'Classif Prog-Admin-Eco'!AU40+'Classif Prog-Admin-Eco'!AU44+'Classif Prog-Admin-Eco'!AU125 -> 203842094 | AQ8: ='Classif Prog-Admin-Eco'!AV7+'Classif Prog-Admin-Eco'!AV16+'Classif Prog-Admin-Eco'!AV40+'Classif Prog-Admin-Eco'!AV44+'Classif Prog-Admin-Eco'!AV125 -> 134758862 | AR8: ='Classif Prog-Admin-Eco'!AW7+'Classif Prog-Admin-Eco'!AW16+'Classif Prog-Admin-Eco'!AW40+'Classif Prog-Admin-Eco'!AW44+'Classif Prog-Admin-Eco'!AW125 -> 434366318 | AS8: ='Classif Prog-Admin-Eco'!AY7+'Classif Prog-Admin-Eco'!AY16+'Classif Prog-Admin-Eco'!AY40+'Classif Prog-Admin-Eco'!AY44+'Classif Prog-Admin-Eco'!AY125 -> 45388346 | AT8: ='Classif Prog-Admin-Eco'!AZ125+'Classif Prog-Admin-Eco'!BA125 -> 310000 | AU8: =SUM(AP8:AT8)+'Classif Prog-Admin-Eco'!BC139 -> 819366120 | AV8: =AU8/$AU$19 -> 0.24048099 | AW8: ='Classif Prog-Admin-Eco'!BD7+'Classif Prog-Admin-Eco'!BD16+'Classif Prog-Admin-Eco'!BD40+'Classif Prog-Admin-Eco'!BD44+'Classif Prog-Admin-Eco'!BD125 -> 245272030 | AX8: ='Classif Prog-Admin-Eco'!BE7+'Classif Prog-Admin-Eco'!BE16+'Classif Prog-Admin-Eco'!BE40+'Classif Prog-Admin-Eco'!BE44+'Classif Prog-Admin-Eco'!BE125 -> 208675385 | AY8: ='Classif Prog-Admin-Eco'!BF7+'Classif Prog-Admin-Eco'!BF16+'Classif Prog-Admin-Eco'!BF40+'Classif Prog-Admin-Eco'!BF44+'Classif Prog-Admin-Eco'!BF125 -> 511586318 | AZ8: ='Classif Prog-Admin-Eco'!BH7+'Classif Prog-Admin-Eco'!BH16+'Classif Prog-Admin-Eco'!BH40+'Classif Prog-Admin-Eco'!BH44+'Classif Prog-Admin-Eco'!BH125 -> 55126023 | BA8: ='Classif Prog-Admin-Eco'!BI125+'Classif Prog-Admin-Eco'!BJ125 -> 0 | BB8: =SUM(AW8:BA8)+'Classif Prog-Admin-Eco'!BL139 -> 1021360256 | BC8: =BB8/$BB$19 -> 0.27123397 | BD8: MDC, MAEC, MDGL, MTFP, AN, CC, CS, CES, HAC, HCJ, MR, CENA, CBDH, APDP, PR, Dépenses d'intervention publique accidentelle et imprévisible, Cour des Comptes et Dotations pour les crédits destinés à couvrir les défauts de remboursement ou les appels en garanties intervenues sur les comptes d'avances, de prêts, d'aval et de garanties
A9: 02 | B9: Defense | G9: ='[11]Classification fonct-économique'!$D$12*1000 -> 37503896 | H9: ='[11]Classification fonct-économique'!$G$12*1000 -> 9804652.4 | I9: ='[11]Classification fonct-économique'!$J$12*1000 -> 486991.24 | J9: ='[11]Classification fonct-économique'!$M$12*1000 -> 54775908 | K9: ='Classif Prog-Admin-Eco'!H102 -> 3023050 | L9: ='[11]Classification fonct-économique'!$V$12*1000 -> 1.055945e+08 | M9: =L9/L19*100 -> 4.708657 | N9: ='[7]Regroupement par fonction'!$D$5*1000 -> 50492409 | O9: ='[7]Regroupement par fonction'!$G$5*1000 -> 18817275 | P9: ='[7]Regroupement par fonction'!$J$5*1000 -> 456000 | Q9: ='[7]Regroupement par fonction'!$M$5*1000 -> 16264238 | R9: =('[7]Regroupement par fonction'!$P$5+'[7]Regroupement par fonction'!$S$5)*1000 -> 4383090 | S9: ='[7]Regroupement par fonction'!$V$5*1000 -> 90413011 | T9: =S9/$AG$19 -> 0.032540001 | U9: ='[6]Regroupement par fonction'!$D$5*1000 -> 54216588 | V9: ='[6]Regroupement par fonction'!$G$5*1000 -> 17639213 | W9: ='[6]Regroupement par fonction'!$J$5*1000 -> 852702.36 | X9: ='[6]Regroupement par fonction'!$M$5*1000 -> 15977430 | Y9: ='[6]Regroupement par fonction'!$S$5*1000 -> 300700 | Z9: =U9+V9+W9+X9+Y9 -> 88986633 | AA9: =Z9/$AG$19 -> 0.032026642 | AB9: ='Classif Prog-Admin-Eco'!AC99 -> 60711122 | AC9: ='Classif Prog-Admin-Eco'!AD99 -> 42369185 | AD9: ='Classif Prog-Admin-Eco'!AE99 -> 1313200 | AE9: ='Classif Prog-Admin-Eco'!AG99 -> 21737228 | AF9: ='Classif Prog-Admin-Eco'!AI99 -> 0 | AG9: =AB9+AC9+AD9+AE9+AF9 -> 126130735 | AH9: =AG9/$AN$19 -> 0.041150171 | AI9: ='Classif Prog-Admin-Eco'!AL99 -> 63276098 | AJ9: ='Classif Prog-Admin-Eco'!AM99 -> 20669184 | AK9: ='Classif Prog-Admin-Eco'!AN99 -> 1313199.5 | AL9: ='Classif Prog-Admin-Eco'!AP99 -> 19374581 | AM9: ='Classif Prog-Admin-Eco'!AR99 -> 0 | AN9: =AI9+AJ9+AK9+AL9+AM9 -> 1.0463306e+08 | AO9: =AN9/AN19 -> 0.034136553 | AP9: ='Classif Prog-Admin-Eco'!AU99 -> 66432931 | AQ9: ='Classif Prog-Admin-Eco'!AV99 -> 20669184 | AR9: ='Classif Prog-Admin-Eco'!AW99 -> 1313200 | AS9: ='Classif Prog-Admin-Eco'!AY99 -> 18931745 | AT9: ='Classif Prog-Admin-Eco'!BA99 -> 0 | AU9: =AP9+AQ9+AR9+AS9+AT9 -> 107347060 | AV9: =AU9/$AU$19 -> 0.031505974 | AW9: ='Classif Prog-Admin-Eco'!BD99 -> 68931850 | AX9: ='Classif Prog-Admin-Eco'!BE99 -> 20669183 | AY9: ='Classif Prog-Admin-Eco'!BF99 -> 1313200 | AZ9: ='Classif Prog-Admin-Eco'!BH99 -> 21013737 | BA9: ='Classif Prog-Admin-Eco'!BJ99 -> 0 | BB9: =AW9+AX9+AY9+AZ9+BA9 -> 111927970 | BC9: =BB9/$BB$19 -> 0.02972376 | BD9: MDN, Compte OME
A10: 03 | B10: Ordre et Sécurité Publique | G10: ='[11]Classification fonct-économique'!$D$10*1000 -> 43725970 | H10: ='[11]Classification fonct-économique'!$G$10*1000+'Classif Prog-Admin-Eco'!D27 -> 11773862 | I10: ='[11]Classification fonct-économique'!$J$10*1000 -> 11533858 | J10: ='[11]Classification fonct-économique'!$M$10*1000 -> 7145248.2 | K10: =('[11]Classification fonct-économique'!$P$10+'[11]Classification fonct-économique'!$S$10)*1000 -> 0 | L10: ='[11]Classification fonct-économique'!$V$10*1000 -> 74178937 | M10: =L10/L19*100 -> 3.3077782 | N10: ='Classif Prog-Admin-Eco'!K10+'Classif Prog-Admin-Eco'!K29 -> 55488371 | O10: ='[7]Regroupement par fonction'!$G$6*1000 -> 9503559.8 | P10: ='[7]Regroupement par fonction'!$J$6*1000 -> 11712790 | Q10: ='[7]Regroupement par fonction'!$M$6*1000 -> 11176116 | R10: =('[7]Regroupement par fonction'!$P$6+'[7]Regroupement par fonction'!$S$6)*1000 -> 0 | S10: ='[7]Regroupement par fonction'!$V$6*1000 -> 87880837 | T10: =S10/$AG$19 -> 0.031628661 | U10: ='[6]Regroupement par fonction'!$D$6*1000 -> 63396627 | V10: ='[6]Regroupement par fonction'!$G$6*1000 -> 9418578.9 | W10: ='[6]Regroupement par fonction'!$J$6*1000 -> 10887981 | X10: ='[6]Regroupement par fonction'!$M$6*1000 -> 17069675 | Y10: ='[6]Regroupement par fonction'!$P$6*1000 -> 0 | Z10: =U10+V10+W10+X10+Y10 -> 1.0077286e+08 | AA10: =Z10/$AG$19 -> 0.036268552 | AB10: ='Classif Prog-Admin-Eco'!AC10+'Classif Prog-Admin-Eco'!AC29 -> 68542405 | AC10: ='Classif Prog-Admin-Eco'!AD10+'Classif Prog-Admin-Eco'!AD29 -> 12483095 | AD10: ='Classif Prog-Admin-Eco'!AE10+'Classif Prog-Admin-Eco'!AE29 -> 12652090 | AE10: ='Classif Prog-Admin-Eco'!AG10+'Classif Prog-Admin-Eco'!AG29 -> 19820000 | AF10: ='Classif Prog-Admin-Eco'!AH10+'Classif Prog-Admin-Eco'!AH29 -> 0 | AG10: =AB10+AC10+AD10+AE10+AF10 -> 113497590 | AH10: =AG10/$AN$19 -> 0.037028606 | AI10: ='Classif Prog-Admin-Eco'!AL10+'Classif Prog-Admin-Eco'!AL29 -> 72720878 | AJ10: ='Classif Prog-Admin-Eco'!AM10+'Classif Prog-Admin-Eco'!AM29 -> 13396438 | AK10: ='Classif Prog-Admin-Eco'!AN10+'Classif Prog-Admin-Eco'!AN29 -> 14158747 | AL10: ='Classif Prog-Admin-Eco'!AP10+'Classif Prog-Admin-Eco'!AP29 -> 22877098 | AM10: ='Classif Prog-Admin-Eco'!AR29 -> 10739415 | AN10: =AI10+AJ10+AK10+AL10+AM10 -> 1.3389258e+08 | AO10: =AN10/AN19 -> 0.043682473 | AP10: ='Classif Prog-Admin-Eco'!AU10+'Classif Prog-Admin-Eco'!AU29 -> 77873727 | AQ10: ='Classif Prog-Admin-Eco'!AV10+'Classif Prog-Admin-Eco'!AV29 -> 13396438 | AR10: ='Classif Prog-Admin-Eco'!AW10+'Classif Prog-Admin-Eco'!AW29 -> 14158747 | AS10: ='Classif Prog-Admin-Eco'!AY10+'Classif Prog-Admin-Eco'!AY29 -> 24790647 | AT10: ='Classif Prog-Admin-Eco'!BA29 -> 14319220 | AU10: =AP10+AQ10+AR10+AS10+AT10 -> 144538779 | AV10: =AU10/$AU$19 -> 0.042421609 | AW10: ='Classif Prog-Admin-Eco'!BD10+'Classif Prog-Admin-Eco'!BD29 -> 81304678 | AX10: ='Classif Prog-Admin-Eco'!BE10+'Classif Prog-Admin-Eco'!BE29 -> 13396437 | AY10: ='Classif Prog-Admin-Eco'!BF10+'Classif Prog-Admin-Eco'!BF29 -> 14158747 | AZ10: ='Classif Prog-Admin-Eco'!BH10+'Classif Prog-Admin-Eco'!BH29 -> 28350000 | BA10: ='Classif Prog-Admin-Eco'!BJ10+'Classif Prog-Admin-Eco'!BJ29 -> 10739415 | BB10: =AW10+AX10+AY10+AZ10+BA10 -> 147949277 | BC10: =BB10/$BB$19 -> 0.039289633 | BD10: MJL, MISP
A11: 04 | B11: Affaires économiques | G11: ='[11]Classification fonct-économique'!$D$5*1000 -> 24565704 | H11: 14624528 | I11: 31211353 | J11: ='[11]Classification fonct-économique'!$M$5*1000 -> 2.1407928e+08 | K11: =('[11]Classification fonct-économique'!$P$5+'[11]Classification fonct-économique'!$S$5)*1000 -> 1.3080697e+08 | L11: ='[11]Classification fonct-économique'!$V$5*1000 -> 4.152878e+08 | M11: =L11/L19*100 -> 18.518463 | N11: ='[7]Regroupement par fonction'!$D$7*1000 -> 34572783 | O11: ='[7]Regroupement par fonction'!$G$7*1000 -> 17174712 | P11: ='[7]Regroupement par fonction'!$J$7*1000 -> 40004017 | Q11: ='[7]Regroupement par fonction'!$M$7*1000 -> 1.9847074e+08 | R11: =('[7]Regroupement par fonction'!$P$7+'[7]Regroupement par fonction'!$S$7)*1000 -> 2.0968185e+08 | S11: =N11+O11+P11+Q11+R11+'Classif Prog-Admin-Eco'!S140 -> 6.9013241e+08 | T11: =S11/$AG$19 -> 0.24838139 | U11: ='[6]Regroupement par fonction'!$D$7*1000 -> 63089027 | V11: ='[6]Regroupement par fonction'!$G$7*1000 -> 24751275 | W11: ='[6]Regroupement par fonction'!$J$7*1000 -> 3.5560606e+08 | X11: ='[6]Regroupement par fonction'!$M$7*1000 -> 1.8265156e+08 | Y11: =('[6]Regroupement par fonction'!$P$7+'[6]Regroupement par fonction'!$S$7)*1000 -> 1.3796075e+08 | Z11: =U11+V11+W11+X11+Y11+'Classif Prog-Admin-Eco'!W140 -> 9.9625867e+08 | AA11: =Z11/$AG$19 -> 0.35855744 | AB11: ='Classif Prog-Admin-Eco'!AC21+'Classif Prog-Admin-Eco'!AC22+'Classif Prog-Admin-Eco'!AC23+'Classif Prog-Admin-Eco'!AC24+'Classif Prog-Admin-Eco'!AC25+'Classif Prog-Admin-Eco'!AC35+'Classif Prog-Admin-Eco'!AC67+'Classif Prog-Admin-Eco'!AC80+'Classif Prog-Admin-Eco'!AC92+'Classif Prog-Admin-Eco'!AC107+'Classif Prog-Admin-Eco'!AC114 -> 36609711 | AC11: ='Classif Prog-Admin-Eco'!AD21+'Classif Prog-Admin-Eco'!AD22+'Classif Prog-Admin-Eco'!AD23+'Classif Prog-Admin-Eco'!AD24+'Classif Prog-Admin-Eco'!AD25+'Classif Prog-Admin-Eco'!AD35+'Classif Prog-Admin-Eco'!AD67+'Classif Prog-Admin-Eco'!AD80+'Classif Prog-Admin-Eco'!AD92+'Classif Prog-Admin-Eco'!AD107+'Classif Prog-Admin-Eco'!AD114 -> 28142921 | AD11: ='Classif Prog-Admin-Eco'!AE21+'Classif Prog-Admin-Eco'!AE22+'Classif Prog-Admin-Eco'!AE23+'Classif Prog-Admin-Eco'!AE24+'Classif Prog-Admin-Eco'!AE25+'Classif Prog-Admin-Eco'!AE35+'Classif Prog-Admin-Eco'!AE67+'Classif Prog-Admin-Eco'!AE80+'Classif Prog-Admin-Eco'!AE92+'Classif Prog-Admin-Eco'!AE107+'Classif Prog-Admin-Eco'!AE114+'Classif Prog-Admin-Eco'!AE28 -> 73944312 | AE11: ='Classif Prog-Admin-Eco'!AG20+'Classif Prog-Admin-Eco'!AG35+'Classif Prog-Admin-Eco'!AG67+'Classif Prog-Admin-Eco'!AG80+'Classif Prog-Admin-Eco'!AG92+'Classif Prog-Admin-Eco'!AG107+'Classif Prog-Admin-Eco'!AG114 -> 176470312 | AF11: ='Classif Prog-Admin-Eco'!AH20+'Classif Prog-Admin-Eco'!AI20+'Classif Prog-Admin-Eco'!AH35+'Classif Prog-Admin-Eco'!AI35+'Classif Prog-Admin-Eco'!AI67+'Classif Prog-Admin-Eco'!AH92+'Classif Prog-Admin-Eco'!AI92+'Classif Prog-Admin-Eco'!AH107+'Classif Prog-Admin-Eco'!AI107+'Classif Prog-Admin-Eco'!AH114+'Classif Prog-Admin-Eco'!AI114 -> 1.916009e+08 | AG11: =AB11+AC11+AD11+AE11+AF11+'Classif Prog-Admin-Eco'!AF140 -> 7.4512295e+08 | AH11: =AG11/$AN$19 -> 0.24309647 | AI11: ='Classif Prog-Admin-Eco'!AL21+'Classif Prog-Admin-Eco'!AL22+'Classif Prog-Admin-Eco'!AL23+'Classif Prog-Admin-Eco'!AL24+'Classif Prog-Admin-Eco'!AL25+'Classif Prog-Admin-Eco'!AL35+'Classif Prog-Admin-Eco'!AL67+'Classif Prog-Admin-Eco'!AL80+'Classif Prog-Admin-Eco'!AL92+'Classif Prog-Admin-Eco'!AL107+'Classif Prog-Admin-Eco'!AL114 -> 33105865 | AJ11: ='Classif Prog-Admin-Eco'!AM21+'Classif Prog-Admin-Eco'!AM22+'Classif Prog-Admin-Eco'!AM23+'Classif Prog-Admin-Eco'!AM24+'Classif Prog-Admin-Eco'!AM25+'Classif Prog-Admin-Eco'!AM35+'Classif Prog-Admin-Eco'!AM67+'Classif Prog-Admin-Eco'!AM80+'Classif Prog-Admin-Eco'!AM92+'Classif Prog-Admin-Eco'!AM107+'Classif Prog-Admin-Eco'!AM114 -> 27815186 | AK11: ='Classif Prog-Admin-Eco'!AN21+'Classif Prog-Admin-Eco'!AN22+'Classif Prog-Admin-Eco'!AN23+'Classif Prog-Admin-Eco'!AN25+'Classif Prog-Admin-Eco'!AN28+'Classif Prog-Admin-Eco'!AN35+'Classif Prog-Admin-Eco'!AN67+'Classif Prog-Admin-Eco'!AN80+'Classif Prog-Admin-Eco'!AN92+'Classif Prog-Admin-Eco'!AN107+'Classif Prog-Admin-Eco'!AN114+'Classif Prog-Admin-Eco'!AN27 -> 1.0778615e+08 | AL11: ='Classif Prog-Admin-Eco'!AP20+'Classif Prog-Admin-Eco'!AP35+'Classif Prog-Admin-Eco'!AP67+'Classif Prog-Admin-Eco'!AP80+'Classif Prog-Admin-Eco'!AP92+'Classif Prog-Admin-Eco'!AP114 -> 2.0217308e+08 | AM11: ='Classif Prog-Admin-Eco'!AQ20+'Classif Prog-Admin-Eco'!AR20+'Classif Prog-Admin-Eco'!AQ35+'Classif Prog-Admin-Eco'!AR35+'Classif Prog-Admin-Eco'!AR67+'Classif Prog-Admin-Eco'!AQ92+'Classif Prog-Admin-Eco'!AR92+'Classif Prog-Admin-Eco'!AQ107+'Classif Prog-Admin-Eco'!AR107+'Classif Prog-Admin-Eco'!AQ114+'Classif Prog-Admin-Eco'!AR114 -> 1.4776723e+08 | AN11: =AI11+AJ11+AK11+AL11+AM11+'Classif Prog-Admin-Eco'!AT140 -> 7.8524701e+08 | AO11: =AN11/AN19 -> 0.25618695 | AP11: ='Classif Prog-Admin-Eco'!AU21+'Classif Prog-Admin-Eco'!AU22+'Classif Prog-Admin-Eco'!AU23+'Classif Prog-Admin-Eco'!AU24+'Classif Prog-Admin-Eco'!AU25+'Classif Prog-Admin-Eco'!AU35+'Classif Prog-Admin-Eco'!AU67+'Classif Prog-Admin-Eco'!AU80+'Classif Prog-Admin-Eco'!AU92+'Classif Prog-Admin-Eco'!AU107+'Classif Prog-Admin-Eco'!AU114 -> 34332519 | AQ11: ='Classif Prog-Admin-Eco'!AV21+'Classif Prog-Admin-Eco'!AV22+'Classif Prog-Admin-Eco'!AV23+'Classif Prog-Admin-Eco'!AV24+'Classif Prog-Admin-Eco'!AV25+'Classif Prog-Admin-Eco'!AV35+'Classif Prog-Admin-Eco'!AV67+'Classif Prog-Admin-Eco'!AV80+'Classif Prog-Admin-Eco'!AV92+'Classif Prog-Admin-Eco'!AV107+'Classif Prog-Admin-Eco'!AV114 -> 27815186 | AR11: ='Classif Prog-Admin-Eco'!AW22+'Classif Prog-Admin-Eco'!AW23+'Classif Prog-Admin-Eco'!AW25+'Classif Prog-Admin-Eco'!AW28+'Classif Prog-Admin-Eco'!AW35+'Classif Prog-Admin-Eco'!AW67+'Classif Prog-Admin-Eco'!AW80+'Classif Prog-Admin-Eco'!AW92+'Classif Prog-Admin-Eco'!AW107+'Classif Prog-Admin-Eco'!AW114+'Classif Prog-Admin-Eco'!AW27 -> 107786146 | AS11: ='Classif Prog-Admin-Eco'!AY20+'Classif Prog-Admin-Eco'!AY35+'Classif Prog-Admin-Eco'!AY67+'Classif Prog-Admin-Eco'!AY80+'Classif Prog-Admin-Eco'!AY92+'Classif Prog-Admin-Eco'!AY114 -> 238538675 | AT11: ='Classif Prog-Admin-Eco'!AZ20+'Classif Prog-Admin-Eco'!BA20+'Classif Prog-Admin-Eco'!AZ35+'Classif Prog-Admin-Eco'!BA35+'Classif Prog-Admin-Eco'!BA67+'Classif Prog-Admin-Eco'!AZ80+'Classif Prog-Admin-Eco'!AZ92+'Classif Prog-Admin-Eco'!BA92+'Classif Prog-Admin-Eco'!AZ107+'Classif Prog-Admin-Eco'!BA107+'Classif Prog-Admin-Eco'!AZ114+'Classif Prog-Admin-Eco'!BA114 -> 186362191 | AU11: =AP11+AQ11+AR11+AS11+AT11+'Classif Prog-Admin-Eco'!BC140 -> 893034217 | AV11: =AU11/$AU$19 -> 0.26210231 | AW11: ='Classif Prog-Admin-Eco'!BD21+'Classif Prog-Admin-Eco'!BD22+'Classif Prog-Admin-Eco'!BD23+'Classif Prog-Admin-Eco'!BD24+'Classif Prog-Admin-Eco'!BD25+'Classif Prog-Admin-Eco'!BD35+'Classif Prog-Admin-Eco'!BD67+'Classif Prog-Admin-Eco'!BD80+'Classif Prog-Admin-Eco'!BD92+'Classif Prog-Admin-Eco'!BD107+'Classif Prog-Admin-Eco'!BD114 -> 35676621 | AX11: ='Classif Prog-Admin-Eco'!BE21+'Classif Prog-Admin-Eco'!BE22+'Classif Prog-Admin-Eco'!BE23+'Classif Prog-Admin-Eco'!BE24+'Classif Prog-Admin-Eco'!BE25+'Classif Prog-Admin-Eco'!BE35+'Classif Prog-Admin-Eco'!BE67+'Classif Prog-Admin-Eco'!BE80+'Classif Prog-Admin-Eco'!BE92+'Classif Prog-Admin-Eco'!BE107+'Classif Prog-Admin-Eco'!BE114 -> 27815173 | AY11: ='Classif Prog-Admin-Eco'!BF22+'Classif Prog-Admin-Eco'!BF23+'Classif Prog-Admin-Eco'!BF25+'Classif Prog-Admin-Eco'!BF28+'Classif Prog-Admin-Eco'!BF35+'Classif Prog-Admin-Eco'!BF67+'Classif Prog-Admin-Eco'!BF80+'Classif Prog-Admin-Eco'!BF92+'Classif Prog-Admin-Eco'!BF107+'Classif Prog-Admin-Eco'!BF114+'Classif Prog-Admin-Eco'!BF27 -> 107786141 | AZ11: ='Classif Prog-Admin-Eco'!BH20+'Classif Prog-Admin-Eco'!BH35+'Classif Prog-Admin-Eco'!BH67+'Classif Prog-Admin-Eco'!BH80+'Classif Prog-Admin-Eco'!BH92+'Classif Prog-Admin-Eco'!BH114 -> 346834702 | BA11: ='Classif Prog-Admin-Eco'!BI20+'Classif Prog-Admin-Eco'!BJ20+'Classif Prog-Admin-Eco'!BI35+'Classif Prog-Admin-Eco'!BJ35+'Classif Prog-Admin-Eco'!BJ67+'Classif Prog-Admin-Eco'!BI80+'Classif Prog-Admin-Eco'!BI92+'Classif Prog-Admin-Eco'!BJ92+'Classif Prog-Admin-Eco'!BI107+'Classif Prog-Admin-Eco'!BJ107+'Classif Prog-Admin-Eco'!BI114+'Classif Prog-Admin-Eco'!BJ114 -> 236097998 | BB11: =AW11+AX11+AY11+AZ11+BA11+'Classif Prog-Admin-Eco'!BL140 -> 1078910135 | BC11: =BB11/$BB$19 -> 0.286517 | BD11: MEF, MAEP, MIT, MCVT (Infrastructure et transport) MIC, MPMEPE, MEEM (Energie), MND et Charge financière de la dette
